Workbook

Sheet Summary
A1: General Government Finance Statistics
A2: Expenditure by Functions of Government (COFOG - Classification of Functions of Government) - OECD/UN
A5: 1. | B5: Expenditure by Functions of Government - Yearly Data
A6: 1.1. | B6: Expenditure by Functions of Government by level of Government - General Government - Brazil - Yearly - R$ Million
A7: 1.2. | B7: Expenditure by Functions of Government - Central Government - Brazil - Yearly - R$ Million
A8: 1.3. | B8: Expenditure by Functions of Government - State Governments - Brazil - Yearly - R$ Million
A9: 1.4. | B9: Expenditure by Functions of Government - Municipalities - Brazil - Yearly - R$ Million
A10: 1.5. | B10: Expenditure by Functions of Government - General Government - Brazil - Yearly - R$ Million
A11: 1.1.a | B11: Expenditure by Functions of Government by level of Government - General Government - Brazil - Yearly - % GDP
A12: 1.2.a | B12: Expenditure by Functions of Government - Central Government - Brazil - Yearly - % GDP
A13: 1.3.a | B13: Expenditure by Functions of Government - State Governments - Brazil - Yearly - % GDP
A14: 1.4.a | B14: Expenditure by Functions of Government - Municipalities - Brazil - Yearly - % GDP
A15: 1.5.a | B15: Expenditure by Functions of Government - General Government - Brazil - Yearly - % GDP
A16: 1.1.b | B16: Expenditure by Functions of Government by level of government - General Government - Brazil - Yearly - R$ Million - Constant Values - IPCA
... A34: 2.4.b | B34: Expenditure by Functions of Government - Cross-classification of expenditure by function and economic classifications - General Government - Brazil - Yearly - R$ Million - Current Values - IPCA
A36: Metadata

Sheet 1.1
A1: Table 1.1. Expenditure by Functions of Government1/ by level of Government - General Government - Brazil - Yearly
A2: R$ Million - Current Values
A5: General Government | C5: 2010 | K5: 2011 | S5: 2012 | AA5: 2013 | AI5: 2014 | AQ5: 2015 | AY5: 2016 | BG5: 2017 | BO5: 2018 | BW5: 2019 | CE5: 2020 | CM5: 2021 | CU5: 2022 | DC5: 2023 | DK5: 2024
C6: Central Government | G6: State governments 5/ | H6: Municipalities 6/ | I6: Consolidation Column 4/ | J6: General Government 7/ | K6: Central Government | O6: State governments 5/ | P6: Municipalities 6/ | Q6: Consolidation Column 4/ | R6: General Government 7/ | S6: Central Government | W6: State governments 5/ | X6: Municipalities 6/ | Y6: Consolidation Column 4/ | Z6: General Government 7/ | AA6: Central Government | AE6: State governments 5/ | AF6: Municipalities 6/ | AG6: Consolidation Column 4/ | AH6: General Government 7/ | AI6: Central Government | AM6: State governments 5/ | AN6: Municipalities 6/ | AO6: Consolidation Column 4/ | AP6: General Government 7/ | AQ6: Central Government | AU6: State governments 5/ | AV6: Municipalities 6/ | AW6: Consolidation Column 4/ | AX6: General Government 7/ | AY6: Central Government | BC6: State governments 5/ | BD6: Municipalities 6/ | BE6: Consolidation Column 4/ | BF6: General Government 7/ | BG6: Central Government | BK6: State governments 5/ | BL6: Municipalities 6/ | BM6: Consolidation Column 4/ | BN6: General Government 7/ | BO6: Central Government | BS6: State governments 5/ | BT6: Municipalities 6/ | BU6: Consolidation Column 4/ | BV6: General Government 7/ | BW6: Central Government | CA6: State governments 5/ | CB6: Municipalities 6/ | CC6: Consolidation Column 4/ | CD6: General Government 7/ | CE6: Central Government | CI6: State governments 5/ | CJ6: Municipalities 6/ | CK6: Consolidation Column 4/ | CL6: General Government 7/ | CM6: Central Government | CQ6: State governments 5/ | CR6: Municipalities 6/ | CS6: Consolidation Column 4/ | CT6: General Government 7/ | CU6: Central Government | CY6: State governments 5/ | CZ6: Municipalities 6/ | DA6: Consolidation Column 4/ | DB6: General Government 7/ | DC6: Central Government | DG6: State governments 5/ | DH6: Municipalities 6/ | DI6: Consolidation Column 4/ | DJ6: General Government 7/ | DK6: Central Government | DO6: State governments 5/ | DP6: Municipalities 6/ | DQ6: Consolidation Column 4/ | DR6: General Government 7/
C7: Budgetary 2/ | D7: Extrabudgetary 3/ | E7: Consolidation Column 4/ | F7: Central Government | K7: Budgetary 2/ | L7: Extrabudgetary 3/ | M7: Consolidation Column 4/ | N7: Central Government | S7: Budgetary 2/ | T7: Extrabudgetary 3/ | U7: Consolidation Column 4/ | V7: Central Government | AA7: Budgetary 2/ | AB7: Extrabudgetary 3/ | AC7: Consolidation Column 4/ | AD7: Central Government | AI7: Budgetary 2/ | AJ7: Extrabudgetary 3/ | AK7: Consolidation Column 4/ | AL7: Central Government | AQ7: Budgetary 2/ | AR7: Extrabudgetary 3/ | AS7: Consolidation Column 4/ | AT7: Central Government | AY7: Budgetary 2/ | AZ7: Extrabudgetary 3/ | BA7: Consolidation Column 4/ | BB7: Central Government | BG7: Budgetary 2/ | BH7: Extrabudgetary 3/ | BI7: Consolidation Column 4/ | BJ7: Central Government | BO7: Budgetary 2/ | BP7: Extrabudgetary 3/ | BQ7: Consolidation Column 4/ | BR7: Central Government | BW7: Budgetary 2/ | BX7: Extrabudgetary 3/ | BY7: Consolidation Column 4/ | BZ7: Central Government | CE7: Budgetary 2/ | CF7: Extrabudgetary 3/ | CG7: Consolidation Column 4/ | CH7: Central Government | CM7: Budgetary 2/ | CN7: Extrabudgetary 3/ | CO7: Consolidation Column 4/ | CP7: Central Government | CU7: Budgetary 2/ | CV7: Extrabudgetary 3/ | CW7: Consolidation Column 4/ | CX7: Central Government | DC7: Budgetary 2/ | DD7: Extrabudgetary 3/ | DE7: Consolidation Column 4/ | DF7: Central Government | DK7: Budgetary 2/ | DL7: Extrabudgetary 3/ | DM7: Consolidation Column 4/ | DN7: Central Government
A8: 7 | B8: Expenditure8/ | C8: 1103219.3 | D8: 0 | E8: 0 | F8: 1103219.3 | G8: 518938 | H8: 314125.31 | I8: -400756.11 | J8: 1535526.5 | K8: 1257124.6 | L8: 0 | M8: 0 | N8: 1257124.6 | O8: 541108.83 | P8: 352266.6 | Q8: -427638.63 | R8: 1722861.4 | S8: 1359120.4 | T8: 0 | U8: 0 | V8: 1359120.4 | W8: 608922.48 | X8: 403845.02 | Y8: -479229.77 | Z8: 1892658.2 | AA8: 1508757.4 | AB8: 0 | AC8: 0 | AD8: 1508757.4 | AE8: 683376.52 | AF8: 423939.56 | AG8: -495147.64 | AH8: 2120925.8 | AI8: 1700229.2 | AJ8: 0 | AK8: 0 | AL8: 1700229.2 | AM8: 745869.38 | AN8: 484741.46 | AO8: -536826 | AP8: 2394014 | AQ8: 2029683.8 | AR8: 0 | AS8: 0 | AT8: 2029683.8 | AU8: 802903.98 | AV8: 521581.35 | AW8: -584664.11 | AX8: 2769505 | AY8: 2084158.9 | AZ8: 0 | BA8: 0 | BB8: 2084158.9 | BC8: 830799.09 | BD8: 552541.07 | BE8: -614772 | BF8: 2852727.1 | BG8: 2113662 | BH8: 0 | BI8: 0 | BJ8: 2113662 | BK8: 845274.2 | BL8: 548335.35 | BM8: -590080.52 | BN8: 2917191 | BO8: 2246409.2 | BP8: 0 | BQ8: 0 | BR8: 2246409.2 | BS8: 896794.19 | BT8: 603508.5 | BU8: -652236.18 | BV8: 3094475.7 | BW8: 2281853.9 | BX8: 0 | BY8: 0 | BZ8: 2281853.9 | CA8: 922449.34 | CB8: 659645.03 | CC8: -683453.7 | CD8: 3180494.5 | CE8: 2635975.1 | CF8: 0 | CG8: 0 | CH8: 2635975.1 | CI8: 947273.06 | CJ8: 719919.47 | CK8: -789175.83 | CL8: 3513991.8 | CM8: 2629674.2 | CN8: 0 | CO8: 0 | CP8: 2629674.2 | CQ8: 1084912.7 | CR8: 772728.42 | CS8: -849024.54 | CT8: 3638290.8 | CU8: 3166261 | CV8: 0 | CW8: 0 | CX8: 3166261 | CY8: 1369766.2 | CZ8: 973459.84 | DA8: -1130338.5 | DB8: 4379148.6 | DC8: 3529839.6 | DD8: 0 | DE8: 0 | DF8: 3529839.6 | DG8: 1461197.4 | DH8: 1123666.4 | DI8: -1156351.4 | DJ8: 4958352.1 | DK8: 3786078.5 | DL8: 0 | DM8: 0 | DN8: 3786078.5 | DO8: 1581726.9 | DP8: 1303959.8 | DQ8: -1294244.6 | DR8: 5377520.6
A9: 701 | B9: General public services | C9: 437299.75 | D9: 0 | E9: 0 | F9: 437299.75 | G9: 179154.65 | H9: 56014.281 | I9: -277946.62 | J9: 394522.07 | K9: 521007.89 | L9: 0 | M9: 0 | N9: 521007.89 | O9: 174149.59 | P9: 60808.287 | Q9: -295125.35 | R9: 460840.42 | S9: 532859.45 | T9: 0 | U9: 0 | V9: 532859.45 | W9: 201278.41 | X9: 67796.923 | Y9: -325996.91 | Z9: 475937.87 | AA9: 580677.52 | AB9: 0 | AC9: 0 | AD9: 580677.52 | AE9: 210590.66 | AF9: 71838.066 | AG9: -343079.2 | AH9: 520027.04 | AI9: 661984.76 | AJ9: 0 | AK9: 0 | AL9: 661984.76 | AM9: 220398.46 | AN9: 78338.195 | AO9: -366802.47 | AP9: 593918.94 | AQ9: 947641.82 | AR9: 0 | AS9: 0 | AT9: 947641.82 | AU9: 261226.57 | AV9: 88535.134 | AW9: -412152.67 | AX9: 885250.86 | AY9: 882584.58 | AZ9: 0 | BA9: 0 | BB9: 882584.58 | BC9: 246024.26 | BD9: 85669.401 | BE9: -416831.8 | BF9: 797446.44 | BG9: 856599.17 | BH9: 0 | BI9: 0 | BJ9: 856599.17 | BK9: 226092.85 | BL9: 80612.94 | BM9: -398184.65 | BN9: 765120.31 | BO9: 920163.71 | BP9: 0 | BQ9: 0 | BR9: 920163.71 | BS9: 240991.82 | BT9: 88519.021 | BU9: -443450.16 | BV9: 806224.39 | BW9: 862724.12 | BX9: 0 | BY9: 0 | BZ9: 862724.12 | CA9: 242043.81 | CB9: 101447.59 | CC9: -469857.62 | CD9: 736357.89 | CE9: 848969.92 | CF9: 0 | CG9: 0 | CH9: 848969.92 | CI9: 224612.73 | CJ9: 108011.71 | CK9: -525543.59 | CL9: 656050.76 | CM9: 1025436.4 | CN9: 0 | CO9: 0 | CP9: 1025436.4 | CQ9: 327117.04 | CR9: 117463.83 | CS9: -578505.87 | CT9: 891511.38 | CU9: 1367226.8 | CV9: 0 | CW9: 0 | CX9: 1367226.8 | CY9: 396897.51 | CZ9: 142888.13 | DA9: -792969.74 | DB9: 1114042.7 | DC9: 1453400.4 | DD9: 0 | DE9: 0 | DF9: 1453400.4 | DG9: 408878.31 | DH9: 155158.31 | DI9: -775419.2 | DJ9: 1242017.8 | DK9: 1554396.1 | DL9: 0 | DM9: 0 | DN9: 1554396.1 | DO9: 400209.34 | DP9: 176416.3 | DQ9: -829442.11 | DR9: 1301579.6
A10: 7011 | B10: Executive and legislative organs, financial and fiscal affairs, external affairs | C10: 26795.118 | D10: 0 | E10: 0 | F10: 26795.118 | G10: 36371.417 | H10: 17092.262 | I10: -1737.236 | J10: 78521.562 | K10: 29323.63 | L10: 0 | M10: 0 | N10: 29323.63 | O10: 35244.287 | P10: 19373.534 | Q10: -1133.4504 | R10: 82808.001 | S10: 28546.015 | T10: 0 | U10: 0 | V10: 28546.015 | W10: 45124.399 | X10: 21695.789 | Y10: -1829.3563 | Z10: 93536.846 | AA10: 29203.177 | AB10: 0 | AC10: 0 | AD10: 29203.177 | AE10: 47219.364 | AF10: 24630.412 | AG10: -1652.4206 | AH10: 99400.532 | AI10: 29457.997 | AJ10: 0 | AK10: 0 | AL10: 29457.997 | AM10: 50309.679 | AN10: 27534.317 | AO10: -1934.5249 | AP10: 105367.47 | AQ10: 35486.403 | AR10: 0 | AS10: 0 | AT10: 35486.403 | AU10: 51205.134 | AV10: 30007.419 | AW10: -1654.339 | AX10: 115044.62 | AY10: 39144.802 | AZ10: 0 | BA10: 0 | BB10: 39144.802 | BC10: 46633.785 | BD10: 32882.715 | BE10: -1082.6261 | BF10: 117578.68 | BG10: 39146.357 | BH10: 0 | BI10: 0 | BJ10: 39146.357 | BK10: 46523.207 | BL10: 33467.715 | BM10: -779.89097 | BN10: 118357.39 | BO10: 43253.37 | BP10: 0 | BQ10: 0 | BR10: 43253.37 | BS10: 46603.28 | BT10: 36101.028 | BU10: -720.27343 | BV10: 125237.4 | BW10: 45621.668 | BX10: 0 | BY10: 0 | BZ10: 45621.668 | CA10: 49110.103 | CB10: 39153.726 | CC10: -539.97121 | CD10: 133345.53 | CE10: 52198.359 | CF10: 0 | CG10: 0 | CH10: 52198.359 | CI10: 44862.859 | CJ10: 42500.348 | CK10: -319.55632 | CL10: 139242.01 | CM10: 50724.876 | CN10: 0 | CO10: 0 | CP10: 50724.876 | CQ10: 101803.44 | CR10: 46906.616 | CS10: -1694.2108 | CT10: 197740.72 | CU10: 66450.865 | CV10: 0 | CW10: 0 | CX10: 66450.865 | CY10: 104551.48 | CZ10: 55081.052 | DA10: -26219.236 | DB10: 199864.16 | DC10: 93869.849 | DD10: 0 | DE10: 0 | DF10: 93869.849 | DG10: 90264.601 | DH10: 61221.992 | DI10: -1318.2997 | DJ10: 244038.14 | DK10: 45216.562 | DL10: 0 | DM10: 0 | DN10: 45216.562 | DO10: 95206.663 | DP10: 70983.526 | DQ10: -5212.1892 | DR10: 206194.56
A11: 7012 | B11: Foreign economic aid | C11: 169.90967 | D11: 0 | E11: 0 | F11: 169.90967 | G11: 0 | H11: 6.6024427 | I11: 0 | J11: 176.51211 | K11: 122.17979 | L11: 0 | M11: 0 | N11: 122.17979 | O11: 0 | P11: 5.543318 | Q11: 0 | R11: 127.72311 | S11: 23.590135 | T11: 0 | U11: 0 | V11: 23.590135 | W11: 0 | X11: 5.9816596 | Y11: 0 | Z11: 29.571794 | AA11: 30.502239 | AB11: 0 | AC11: 0 | AD11: 30.502239 | AE11: 0 | AF11: 5.8549789 | AG11: 0 | AH11: 36.357217 | AI11: 0.02 | AJ11: 0 | AK11: 0 | AL11: 0.02 | AM11: 0 | AN11: 5.7578281 | AO11: 0 | AP11: 5.7778281 | AQ11: 0 | AR11: 0 | AS11: 0 | AT11: 0 | AU11: 0 | AV11: 6.5669601 | AW11: 0 | AX11: 6.5669601 | AY11: 0 | AZ11: 0 | BA11: 0 | BB11: 0 | BC11: 0 | BD11: 6.8670001 | BE11: 0 | BF11: 6.8670001 | BG11: 0 | BH11: 0 | BI11: 0 | BJ11: 0 | BK11: 0 | BL11: 2.1776774 | BM11: 0 | BN11: 2.1776774 | BO11: 0 | BP11: 0 | BQ11: 0 | BR11: 0 | BS11: 0 | BT11: 1.3520534 | BU11: 0 | BV11: 1.3520534 | BW11: 0 | BX11: 0 | BY11: 0 | BZ11: 0 | CA11: 0 | CB11: 0 | CC11: 0 | CD11: 0 | CE11: 0 | CF11: 0 | CG11: 0 | CH11: 0 | CI11: 0 | CJ11: 0 | CK11: 0 | CL11: 0 | CM11: 0 | CN11: 0 | CO11: 0 | CP11: 0 | CQ11: 0 | CR11: 0 | CS11: 0 | CT11: 0 | CU11: 0 | CV11: 0 | CW11: 0 | CX11: 0 | CY11: 0 | CZ11: 0 | DA11: 0 | DB11: 0 | DC11: 0 | DD11: 0 | DE11: 0 | DF11: 0 | DG11: 0 | DH11: 0 | DI11: 0 | DJ11: 0 | DK11: 0 | DL11: 0 | DM11: 0 | DN11: 0 | DO11: 0 | DP11: 0 | DQ11: 0 | DR11: 0
A12: 7013 | B12: General services | C12: 3028.9431 | D12: 0 | E12: 0 | F12: 3028.9431 | G12: 4298.1947 | H12: 27565.824 | I12: -177.34265 | J12: 34715.619 | K12: 1896.6422 | L12: 0 | M12: 0 | N12: 1896.6422 | O12: 4176.4456 | P12: 31942.47 | Q12: -126.39925 | R12: 37889.159 | S12: 1873.3399 | T12: 0 | U12: 0 | V12: 1873.3399 | W12: 4754.9646 | X12: 34856.594 | Y12: -149.75222 | Z12: 41335.147 | AA12: 1968.5178 | AB12: 0 | AC12: 0 | AD12: 1968.5178 | AE12: 5641.2059 | AF12: 35859.54 | AG12: -166.16828 | AH12: 43303.095 | AI12: 1869.6495 | AJ12: 0 | AK12: 0 | AL12: 1869.6495 | AM12: 5831.1695 | AN12: 39394.346 | AO12: -441.33638 | AP12: 46653.828 | AQ12: 1939.5213 | AR12: 0 | AS12: 0 | AT12: 1939.5213 | AU12: 5085.3343 | AV12: 40623.979 | AW12: -222.92015 | AX12: 47425.915 | AY12: 1919.8377 | AZ12: 0 | BA12: 0 | BB12: 1919.8377 | BC12: 2686.8082 | BD12: 42511.636 | BE12: -149.35763 | BF12: 46968.924 | BG12: 2327.5216 | BH12: 0 | BI12: 0 | BJ12: 2327.5216 | BK12: 2898.7359 | BL12: 41194.688 | BM12: -217.24442 | BN12: 46203.701 | BO12: 2462.0912 | BP12: 0 | BQ12: 0 | BR12: 2462.0912 | BS12: 3073.7258 | BT12: 46247.184 | BU12: -135.72005 | BV12: 51647.281 | BW12: 2029.8726 | BX12: 0 | BY12: 0 | BZ12: 2029.8726 | CA12: 3193.9855 | CB12: 56294.206 | CC12: -115.10135 | CD12: 61402.963 | CE12: 1973.625 | CF12: 0 | CG12: 0 | CH12: 1973.625 | CI12: 3257.7528 | CJ12: 59188.957 | CK12: -144.98983 | CL12: 64275.345 | CM12: 1946.1261 | CN12: 0 | CO12: 0 | CP12: 1946.1261 | CQ12: 4165.9378 | CR12: 63659.012 | CS12: -157.4309 | CT12: 69613.646 | CU12: 3501.2325 | CV12: 0 | CW12: 0 | CX12: 3501.2325 | CY12: 4752.4236 | CZ12: 76710.163 | DA12: -168.0348 | DB12: 84795.784 | DC12: 5087.3917 | DD12: 0 | DE12: 0 | DF12: 5087.3917 | DG12: 5802.9097 | DH12: 82600.991 | DI12: -171.75716 | DJ12: 93319.535 | DK12: 4295.3195 | DL12: 0 | DM12: 0 | DN12: 4295.3195 | DO12: 5591.7324 | DP12: 92148.953 | DQ12: -181.82545 | DR12: 101854.18
A13: 7014 | B13: Basic research | C13: 1171.3929 | D13: 0 | E13: 0 | F13: 1171.3929 | G13: 0 | H13: 61.898612 | I13: -124.30284 | J13: 1108.9886 | K13: 1109.0174 | L13: 0 | M13: 0 | N13: 1109.0174 | O13: 0 | P13: 22.887774 | Q13: -42.564568 | R13: 1089.3406 | S13: 1448.8417 | T13: 0 | U13: 0 | V13: 1448.8417 | W13: 0 | X13: 83.089266 | Y13: -49.364018 | Z13: 1482.567 | AA13: 1333.1602 | AB13: 0 | AC13: 0 | AD13: 1333.1602 | AE13: 0 | AF13: 35.737935 | AG13: -67.73373 | AH13: 1301.1644 | AI13: 1861.2716 | AJ13: 0 | AK13: 0 | AL13: 1861.2716 | AM13: 0 | AN13: 107.69216 | AO13: -60.90585 | AP13: 1908.0579 | AQ13: 1615.712 | AR13: 0 | AS13: 0 | AT13: 1615.712 | AU13: 0 | AV13: 136.84838 | AW13: -53.44566 | AX13: 1699.1147 | AY13: 1657.7894 | AZ13: 0 | BA13: 0 | BB13: 1657.7894 | BC13: 0 | BD13: 73.472727 | BE13: -51.773986 | BF13: 1679.4882 | BG13: 1403.0867 | BH13: 0 | BI13: 0 | BJ13: 1403.0867 | BK13: 0 | BL13: 88.11192 | BM13: -20.219813 | BN13: 1470.9788 | BO13: 1299.5288 | BP13: 0 | BQ13: 0 | BR13: 1299.5288 | BS13: 0 | BT13: 124.11136 | BU13: -22.013569 | BV13: 1401.6266 | BW13: 1399.1162 | BX13: 0 | BY13: 0 | BZ13: 1399.1162 | CA13: 0 | CB13: 190.64564 | CC13: -17.731387 | CD13: 1572.0305 | CE13: 1165.8217 | CF13: 0 | CG13: 0 | CH13: 1165.8217 | CI13: 0 | CJ13: 210.72229 | CK13: -16.003752 | CL13: 1360.5403 | CM13: 1439.754 | CN13: 0 | CO13: 0 | CP13: 1439.754 | CQ13: 0 | CR13: 233.54043 | CS13: -15.15759 | CT13: 1658.1369 | CU13: 2351.5415 | CV13: 0 | CW13: 0 | CX13: 2351.5415 | CY13: 0 | CZ13: 639.80016 | DA13: -44.267344 | DB13: 2947.0743 | DC13: 2928.6869 | DD13: 0 | DE13: 0 | DF13: 2928.6869 | DG13: 0 | DH13: 794.20099 | DI13: -44.592639 | DJ13: 3678.2953 | DK13: 3584.1175 | DL13: 0 | DM13: 0 | DN13: 3584.1175 | DO13: 0 | DP13: 993.26461 | DQ13: -30.944616 | DR13: 4546.4375
A14: 7015 | B14: R&D General public services | C14: 29.704478 | D14: 0 | E14: 0 | F14: 29.704478 | G14: 61.73213 | H14: 0 | I14: -0.22445403 | J14: 91.212154 | K14: 23.718236 | L14: 0 | M14: 0 | N14: 23.718236 | O14: 66.250949 | P14: 0 | Q14: -0.25422392 | R14: 89.714961 | S14: 27.823264 | T14: 0 | U14: 0 | V14: 27.823264 | W14: 78.922027 | X14: 0 | Y14: -0.27409621 | Z14: 106.4712 | AA14: 45.994136 | AB14: 0 | AC14: 0 | AD14: 45.994136 | AE14: 89.512557 | AF14: 0 | AG14: -5.2802615 | AH14: 130.22643 | AI14: 38.356021 | AJ14: 0 | AK14: 0 | AL14: 38.356021 | AM14: 95.052201 | AN14: 0.081929446 | AO14: -0.18812694 | AP14: 133.30202 | AQ14: 50.599927 | AR14: 0 | AS14: 0 | AT14: 50.599927 | AU14: 82.95838 | AV14: 0.16006468 | AW14: -0.081966942 | AX14: 133.63641 | AY14: 33.367128 | AZ14: 0 | BA14: 0 | BB14: 33.367128 | BC14: 8.6004351 | BD14: 0.12906698 | BE14: -0.3660482 | BF14: 41.730582 | BG14: 35.494065 | BH14: 0 | BI14: 0 | BJ14: 35.494065 | BK14: 4.387839 | BL14: 0.084343178 | BM14: -0.36221598 | BN14: 39.604032 | BO14: 32.319793 | BP14: 0 | BQ14: 0 | BR14: 32.319793 | BS14: 5.0941451 | BT14: 0.14700155 | BU14: -0.2519115 | BV14: 37.309029 | BW14: 25.834328 | BX14: 0 | BY14: 0 | BZ14: 25.834328 | CA14: 5.3654208 | CB14: 0.1033932 | CC14: -0.15865433 | CD14: 31.144487 | CE14: 21.923033 | CF14: 0 | CG14: 0 | CH14: 21.923033 | CI14: 14.975954 | CJ14: 0.13875125 | CK14: -0.1063964 | CL14: 36.931342 | CM14: 22.759681 | CN14: 0 | CO14: 0 | CP14: 22.759681 | CQ14: 76.536591 | CR14: 0.15293223 | CS14: 0 | CT14: 99.449205 | CU14: 23.458403 | CV14: 0 | CW14: 0 | CX14: 23.458403 | CY14: 10.554973 | CZ14: 0.45042413 | DA14: 0 | DB14: 34.4638 | DC14: 31.426383 | DD14: 0 | DE14: 0 | DF14: 31.426383 | DG14: 12.474732 | DH14: 0.62212727 | DI14: -0.018152149 | DJ14: 44.50509 | DK14: 36.339652 | DL14: 0 | DM14: 0 | DN14: 36.339652 | DO14: 19.35648 | DP14: 0.78747773 | DQ14: -0.00049698747 | DR14: 56.483113
A15: 7016 | B15: General public services not elsewhere classified | C15: 4545.4899 | D15: 0 | E15: 0 | F15: 4545.4899 | G15: 0 | H15: 304.74586 | I15: -162.61371 | J15: 4687.6221 | K15: 4142.7808 | L15: 0 | M15: 0 | N15: 4142.7808 | O15: 0 | P15: 190.56595 | Q15: -99.070923 | R15: 4234.2758 | S15: 4833.5032 | T15: 0 | U15: 0 | V15: 4833.5032 | W15: 0 | X15: 345.39393 | Y15: -92.922229 | Z15: 5085.9749 | AA15: 4403.4842 | AB15: 0 | AC15: 0 | AD15: 4403.4842 | AE15: 0 | AF15: 510.48472 | AG15: -207.02863 | AH15: 4706.9403 | AI15: 5299.3945 | AJ15: 0 | AK15: 0 | AL15: 5299.3945 | AM15: 0 | AN15: 530.07847 | AO15: -191.29616 | AP15: 5638.1768 | AQ15: 5587.5708 | AR15: 0 | AS15: 0 | AT15: 5587.5708 | AU15: 0 | AV15: 659.61545 | AW15: -263.0962 | AX15: 5984.09 | AY15: 6751.2541 | AZ15: 0 | BA15: 0 | BB15: 6751.2541 | BC15: 7.4285733e-06 | BD15: 752.99353 | BE15: -319.29995 | BF15: 7184.9477 | BG15: 6255.1753 | BH15: 0 | BI15: 0 | BJ15: 6255.1753 | BK15: 5.3991417e-05 | BL15: 685.49654 | BM15: -281.21054 | BN15: 6659.4614 | BO15: 9035.2407 | BP15: 0 | BQ15: 0 | BR15: 9035.2407 | BS15: 5.1457844e-05 | BT15: 693.39756 | BU15: -219.61224 | BV15: 9509.0261 | BW15: 7109.9761 | BX15: 0 | BY15: 0 | BZ15: 7109.9761 | CA15: 6.1337875e-05 | CB15: 945.03511 | CC15: -207.91894 | CD15: 7847.0923 | CE15: 9536.9486 | CF15: 0 | CG15: 0 | CH15: 9536.9486 | CI15: 0 | CJ15: 1097.0124 | CK15: -267.88401 | CL15: 10366.077 | CM15: 7262.3522 | CN15: 0 | CO15: 0 | CP15: 7262.3522 | CQ15: 0 | CR15: 1228.6092 | CS15: -269.49027 | CT15: 8221.4712 | CU15: 14514.1 | CV15: 0 | CW15: 0 | CX15: 14514.1 | CY15: 0 | CZ15: 1464.9906 | DA15: -251.22049 | DB15: 15727.871 | DC15: 9234.115 | DD15: 0 | DE15: 0 | DF15: 9234.115 | DG15: 0 | DH15: 1626.5317 | DI15: -289.42369 | DJ15: 10571.223 | DK15: 15405.783 | DL15: 0 | DM15: 0 | DN15: 15405.783 | DO15: 0 | DP15: 1861.5901 | DQ15: -330.83567 | DR15: 16936.537
A16: 7017 | B16: Public debt transactions4/ | C16: 273807.33 | D16: 0 | E16: 0 | F16: 273807.33 | G16: 61401.311 | H16: 10982.949 | I16: -70971.04 | J16: 275220.55 | K16: 332233.36 | L16: 0 | M16: 0 | N16: 332233.36 | O16: 48604.1 | P16: 9273.2862 | Q16: -55508.535 | R16: 334602.21 | S16: 331572.55 | T16: 0 | U16: 0 | V16: 331572.55 | W16: 56992.84 | X16: 10809.659 | Y16: -65013.756 | Z16: 334361.3 | AA16: 366255.61 | AB16: 0 | AC16: 0 | AD16: 366255.61 | AE16: 54110.984 | AF16: 10796.036 | AG16: -60013.906 | AH16: 371148.73 | AI16: 426152.3 | AJ16: 0 | AK16: 0 | AL16: 426152.3 | AM16: 53003.253 | AN16: 10765.438 | AO16: -55708.665 | AP16: 434212.33 | AQ16: 700466.92 | AR16: 0 | AS16: 0 | AT16: 700466.92 | AU16: 89632.037 | AV16: 17100.437 | AW16: -92242.477 | AX16: 714956.92 | AY16: 606953.2 | AZ16: 0 | BA16: 0 | BB16: 606953.2 | BC16: 80342.761 | BD16: 9441.5877 | BE16: -72751.75 | BF16: 623985.8 | BG16: 576824.51 | BH16: 0 | BI16: 0 | BJ16: 576824.51 | BK16: 54313.136 | BL16: 5174.6013 | BM16: -43925.249 | BN16: 592387 | BO16: 603109.17 | BP16: 0 | BQ16: 0 | BR16: 603109.17 | BS16: 60738.703 | BT16: 5351.7259 | BU16: -50809.21 | BV16: 618390.39 | BW16: 517545.24 | BX16: 0 | BY16: 0 | BZ16: 517545.24 | CA16: 49107.515 | CB16: 4858.8584 | CC16: -39352.481 | CD16: 532159.13 | CE16: 430625.76 | CF16: 0 | CG16: 0 | CH16: 430625.76 | CI16: 36344.869 | CJ16: 5006.1788 | CK16: -31206.949 | CL16: 440769.86 | CM16: 601818 | CN16: 0 | CO16: 0 | CP16: 601818 | CQ16: 36972.956 | CR16: 5427.4149 | CS16: -30040.42 | CT16: 614177.95 | CU16: 784583.52 | CV16: 0 | CW16: 0 | CX16: 784583.52 | CY16: 94390.743 | CZ16: 8980.1072 | DA16: -77280.99 | DB16: 810673.38 | DC16: 856763.91 | DD16: 0 | DE16: 0 | DF16: 856763.91 | DG16: 116137.7 | DH16: 8904.9363 | DI16: -91440.41 | DJ16: 890366.13 | DK16: 937681.49 | DL16: 0 | DM16: 0 | DN16: 937681.49 | DO16: 102521.89 | DP16: 10409.302 | DQ16: -78621.259 | DR16: 971991.43
A17: 7018 | B17: Transfers of general character between levels of government | C17: 127751.86 | D17: 0 | E17: 0 | F17: 127751.86 | G17: 77021.993 | H17: 0 | I17: -204773.86 | J17: 0 | K17: 152156.56 | L17: 0 | M17: 0 | N17: 152156.56 | O17: 86058.509 | P17: 0 | Q17: -238215.07 | R17: 0 | S17: 164533.78 | T17: 0 | U17: 0 | V17: 164533.78 | W17: 94327.285 | X17: 0.41634225 | Y17: -258861.48 | Z17: 0 | AA17: 177437.07 | AB17: 0 | AC17: 0 | AD17: 177437.07 | AE17: 103529.6 | AF17: 0 | AG17: -280966.67 | AH17: 0 | AI17: 197305.77 | AJ17: 0 | AK17: 0 | AL17: 197305.77 | AM17: 111159.3 | AN17: 0.48340317 | AO17: -308465.56 | AP17: 0 | AQ17: 202495.1 | AR17: 0 | AS17: 0 | AT17: 202495.1 | AU17: 115221.11 | AV17: 0.10716459 | AW17: -317716.31 | AX17: 0 | AY17: 226124.32 | AZ17: 0 | BA17: 0 | BB17: 226124.32 | BC17: 116352.31 | BD17: 0 | BE17: -342476.63 | BF17: 0 | BG17: 230607.02 | BH17: 0 | BI17: 0 | BJ17: 230607.02 | BK17: 122353.39 | BL17: 0.065188343 | BM17: -352960.47 | BN17: 0 | BO17: 260971.99 | BP17: 0 | BQ17: 0 | BR17: 260971.99 | BS17: 130571.02 | BT17: 0.075570489 | BU17: -391543.08 | BV17: 0 | BW17: 288992.41 | BX17: 0 | BY17: 0 | BZ17: 288992.41 | CA17: 140626.84 | CB17: 5.0161554 | CC17: -429624.26 | CD17: 0 | CE17: 353447.48 | CF17: 0 | CG17: 0 | CH17: 353447.48 | CI17: 140132.27 | CJ17: 8.3553414 | CK17: -493588.1 | CL17: 0 | CM17: 362222.5 | CN17: 0 | CO17: 0 | CP17: 362222.5 | CQ17: 184098.17 | CR17: 8.4854262 | CS17: -546329.16 | CT17: 0 | CU17: 495802.11 | CV17: 0 | CW17: 0 | CX17: 495802.11 | CY17: 193192.31 | CZ17: 11.565955 | DA17: -689005.99 | DB17: 0 | DC17: 485485.04 | DD17: 0 | DE17: 0 | DF17: 485485.04 | DG17: 196660.62 | DH17: 9.0404263 | DI17: -682154.7 | DJ17: 0 | DK17: 548176.49 | DL17: 0 | DM17: 0 | DN17: 548176.49 | DO17: 196869.69 | DP17: 18.874811 | DQ17: -745065.05 | DR17: 0
A18: 702 | B18: Defense | C18: 29179.35 | D18: 0 | E18: 0 | F18: 29179.35 | G18: 1249.5682 | H18: 723.93257 | I18: -2046.408 | J18: 29106.443 | K18: 28317.628 | L18: 0 | M18: 0 | N18: 28317.628 | O18: 1069.3274 | P18: 922.00101 | Q18: -842.47296 | R18: 29466.483 | S18: 31604.038 | T18: 0 | U18: 0 | V18: 31604.038 | W18: 1278.2528 | X18: 944.51089 | Y18: -869.99734 | Z18: 32956.804 | AA18: 37277.482 | AB18: 0 | AC18: 0 | AD18: 37277.482 | AE18: 1476.4389 | AF18: 953.08131 | AG18: -1654.5067 | AH18: 38052.496 | AI18: 38894.195 | AJ18: 0 | AK18: 0 | AL18: 38894.195 | AM18: 1859.3157 | AN18: 891.68703 | AO18: -613.36727 | AP18: 41031.83 | AQ18: 37743.91 | AR18: 0 | AS18: 0 | AT18: 37743.91 | AU18: 1621.5165 | AV18: 833.33885 | AW18: -486.36242 | AX18: 39712.403 | AY18: 38969.15 | AZ18: 0 | BA18: 0 | BB18: 38969.15 | BC18: 1334.8321 | BD18: 883.75926 | BE18: -467.02275 | BF18: 40720.719 | BG18: 42424.388 | BH18: 0 | BI18: 0 | BJ18: 42424.388 | BK18: 1432.3439 | BL18: 843.92242 | BM18: -488.60165 | BN18: 44212.053 | BO18: 44975.944 | BP18: 0 | BQ18: 0 | BR18: 44975.944 | BS18: 1522.2695 | BT18: 813.81146 | BU18: -556.2342 | BV18: 46755.791 | BW18: 45752.698 | BX18: 0 | BY18: 0 | BZ18: 45752.698 | CA18: 1458.6441 | CB18: 1064.7652 | CC18: -400.76708 | CD18: 47875.341 | CE18: 49672.516 | CF18: 0 | CG18: 0 | CH18: 49672.516 | CI18: 1152.3247 | CJ18: 1157.6654 | CK18: -632.51728 | CL18: 51349.989 | CM18: 49277.048 | CN18: 0 | CO18: 0 | CP18: 49277.048 | CQ18: 1529.4422 | CR18: 1218.45 | CS18: -434.96415 | CT18: 51589.976 | CU18: 51583.76 | CV18: 0 | CW18: 0 | CX18: 51583.76 | CY18: 2404.2857 | CZ18: 1542.4977 | DA18: -719.93844 | DB18: 54810.605 | DC18: 52325.963 | DD18: 0 | DE18: 0 | DF18: 52325.963 | DG18: 2461.0687 | DH18: 2017.4606 | DI18: -1013.0379 | DJ18: 55791.454 | DK18: 55845.269 | DL18: 0 | DM18: 0 | DN18: 55845.269 | DO18: 3661.3098 | DP18: 2826.0044 | DQ18: -2935.716 | DR18: 59396.867
A19: 7021 | B19: Military defense | C19: 25322.417 | D19: 0 | E19: 0 | F19: 25322.417 | G19: 0 | H19: 16.644528 | I19: -3.5259709 | J19: 25335.536 | K19: 25844.58 | L19: 0 | M19: 0 | N19: 25844.58 | O19: 0 | P19: 24.812607 | Q19: 0 | R19: 25869.393 | S19: 28481.212 | T19: 0 | U19: 0 | V19: 28481.212 | W19: 0 | X19: 20.242594 | Y19: 0 | Z19: 28501.455 | AA19: 32062.1 | AB19: 0 | AC19: 0 | AD19: 32062.1 | AE19: 0 | AF19: 15.396411 | AG19: 0 | AH19: 32077.497 | AI19: 34777.791 | AJ19: 0 | AK19: 0 | AL19: 34777.791 | AM19: 0 | AN19: 18.854453 | AO19: -1.8565718 | AP19: 34794.789 | AQ19: 34923.769 | AR19: 0 | AS19: 0 | AT19: 34923.769 | AU19: 0 | AV19: 21.284479 | AW19: -2.4064829 | AX19: 34942.647 | AY19: 36129.954 | AZ19: 0 | BA19: 0 | BB19: 36129.954 | BC19: 0 | BD19: 19.168657 | BE19: -3.1969106 | BF19: 36145.926 | BG19: 39471.932 | BH19: 0 | BI19: 0 | BJ19: 39471.932 | BK19: 0 | BL19: 19.009381 | BM19: -2.8450095 | BN19: 39488.097 | BO19: 42281.23 | BP19: 0 | BQ19: 0 | BR19: 42281.23 | BS19: 0 | BT19: 28.148425 | BU19: -1.9988671 | BV19: 42307.379 | BW19: 43194.998 | BX19: 0 | BY19: 0 | BZ19: 43194.998 | CA19: 0 | CB19: 20.840287 | CC19: -1.3834912 | CD19: 43214.455 | CE19: 47238.079 | CF19: 0 | CG19: 0 | CH19: 47238.079 | CI19: 0 | CJ19: 20.627129 | CK19: -1.5442993 | CL19: 47257.161 | CM19: 47200.225 | CN19: 0 | CO19: 0 | CP19: 47200.225 | CQ19: 0 | CR19: 23.044473 | CS19: -7.5763889 | CT19: 47215.693 | CU19: 49126.892 | CV19: 0 | CW19: 0 | CX19: 49126.892 | CY19: 0 | CZ19: 28.86983 | DA19: -1.5954916 | DB19: 49154.166 | DC19: 49669.914 | DD19: 0 | DE19: 0 | DF19: 49669.914 | DG19: 0 | DH19: 40.426064 | DI19: -3.4747208 | DJ19: 49706.865 | DK19: 51466.258 | DL19: 0 | DM19: 0 | DN19: 51466.258 | DO19: 0 | DP19: 38.064391 | DQ19: -2.3431374 | DR19: 51501.979
... A87: 7109 | B87: Social protection not elsewhere classified | C87: 14624.471 | D87: 0 | E87: 0 | F87: 14624.471 | G87: 891.13682 | H87: 6571.6142 | I87: -251.40149 | J87: 21835.82 | K87: 14679.022 | L87: 0 | M87: 0 | N87: 14679.022 | O87: 1014.1589 | P87: 8089.7656 | Q87: -266.13276 | R87: 23516.814 | S87: 14821.363 | T87: 0 | U87: 0 | V87: 14821.363 | W87: 1152.1592 | X87: 8515.5357 | Y87: -383.08881 | Z87: 24105.969 | AA87: 15978.628 | AB87: 0 | AC87: 0 | AD87: 15978.628 | AE87: 1379.102 | AF87: 9127.0874 | AG87: -405.95793 | AH87: 26078.86 | AI87: 17862.492 | AJ87: 0 | AK87: 0 | AL87: 17862.492 | AM87: 1536.1978 | AN87: 10759.697 | AO87: -431.63231 | AP87: 29726.755 | AQ87: 18971.678 | AR87: 0 | AS87: 0 | AT87: 18971.678 | AU87: 1487.7794 | AV87: 11783.264 | AW87: -412.00134 | AX87: 31830.72 | AY87: 21405.723 | AZ87: 0 | BA87: 0 | BB87: 21405.723 | BC87: 1367.6743 | BD87: 12143.096 | BE87: -539.05311 | BF87: 34377.44 | BG87: 23140.519 | BH87: 0 | BI87: 0 | BJ87: 23140.519 | BK87: 1272.2589 | BL87: 11837.551 | BM87: -564.45643 | BN87: 35685.873 | BO87: 24884.575 | BP87: 0 | BQ87: 0 | BR87: 24884.575 | BS87: 1322.6344 | BT87: 13604.637 | BU87: -489.36427 | BV87: 39322.482 | BW87: 27125.926 | BX87: 0 | BY87: 0 | BZ87: 27125.926 | CA87: 1258.6938 | CB87: 14126.457 | CC87: -430.28927 | CD87: 42080.787 | CE87: 27854.886 | CF87: 0 | CG87: 0 | CH87: 27854.886 | CI87: 2604.6644 | CJ87: 16967.236 | CK87: -841.74724 | CL87: 46585.039 | CM87: 33382 | CN87: 0 | CO87: 0 | CP87: 33382 | CQ87: 1597.0392 | CR87: 18970.876 | CS87: -664.81638 | CT87: 53285.099 | CU87: 39032.845 | CV87: 0 | CW87: 0 | CX87: 39032.845 | CY87: 2857.5218 | CZ87: 23501.659 | DA87: -3582.6778 | DB87: 61809.347 | DC87: 30889.86 | DD87: 0 | DE87: 0 | DF87: 30889.86 | DG87: 2494.5419 | DH87: 26197.883 | DI87: -2276.3374 | DJ87: 57305.948 | DK87: 38838.493 | DL87: 0 | DM87: 0 | DN87: 38838.493 | DO87: 3851.1921 | DP87: 29827.554 | DQ87: -1621.4745 | DR87: 70895.765
A88: Source: STN, SOF, IBGE e BCB
A89: Note: data subject to change
A90: 1/ The compilation of expenditure follows the COFOG - Classification of Functions of Government, developed by the OECD/ONU.
A91: 2/ Source: Integrated Financial Management System (SIAFI). Composed of all the units that integrate the Fiscal and Social Security Budget, except the Central Bank of Brazil.
A92: 3/ In accordance with the most recent methodological revision, the Extrabudgetary Central Government sector no longer includes any classified institutional units. For further information, see the Methodological Note – Methodological Revision of the General Government Fiscal Statistics, available at: https://thot-arquivos.tesouro.gov.br/publicacao-anexo/22725
A93: 4/ Internal transactions that should be eliminated in the consolidation process to avoid double counting.
A94: 5/ Source: Accounting Balances Matrix, Siconfi (System of Financial and Accounting Information of the Brazilian Public Sector), RREO (Summarized Statement of Budgetary Execution) and Transparency Portals.
A95: 6/ Source: Accounting Balances Matrix, Siconfi (System of Financial and Accounting Information of the Brazilian Public Sector), RREO (Summarized Statement of Budgetary Execution) and Transparency Portals. For municipalities that did not report data, extrapolation techniques were used in order to increase coverage.
A96: 7/ The consolidated General Government result excludes grants and interest transactions between government units.
A97: 8/ Expenditure compiled on a accrual basis.
A98: 9/ Source: Central Bank of Brazil
A99: 10/ Pre-primary and primary education corresponds to the first 5 years of elementary school.

Sheet 1.2
A1: Table 1.2. Expenditure by Functions of Government1/ - Central Government - Brazil - Yearly
A2: R$ Million - Current Values
A4: Central Government 2/ | C4: 2010 | D4: 2011 | E4: 2012 | F4: 2013 | G4: 2014 | H4: 2015 | I4: 2016 | J4: 2017 | K4: 2018 | L4: 2019 | M4: 2020 | N4: 2021 | O4: 2022 | P4: 2023 | Q4: 2024
A5: 7 | B5: Expenditure3/ | C5: 1103219.3 | D5: 1257124.6 | E5: 1359120.4 | F5: 1508757.4 | G5: 1700229.2 | H5: 2029683.8 | I5: 2084158.9 | J5: 2113662 | K5: 2246409.2 | L5: 2281853.9 | M5: 2635975.1 | N5: 2629674.2 | O5: 3166261 | P5: 3529839.6 | Q5: 3786078.5
A6: 701 | B6: General public services | C6: 437299.75 | D6: 521007.89 | E6: 532859.45 | F6: 580677.52 | G6: 661984.76 | H6: 947641.82 | I6: 882584.58 | J6: 856599.17 | K6: 920163.71 | L6: 862724.12 | M6: 848969.92 | N6: 1025436.4 | O6: 1367226.8 | P6: 1453400.4 | Q6: 1554396.1
A7: 7011 | B7: Executive and legislative organs, financial and fiscal affairs, external affairs | C7: 26795.118 | D7: 29323.63 | E7: 28546.015 | F7: 29203.177 | G7: 29457.997 | H7: 35486.403 | I7: 39144.802 | J7: 39146.357 | K7: 43253.37 | L7: 45621.668 | M7: 52198.359 | N7: 50724.876 | O7: 66450.865 | P7: 93869.849 | Q7: 45216.562
A8: 7012 | B8: Foreign economic aid | C8: 169.90967 | D8: 122.17979 | E8: 23.590135 | F8: 30.502239 | G8: 0.02 | H8: 0 | I8: 0 | J8: 0 | K8: 0 | L8: 0 | M8: 0 | N8: 0 | O8: 0 | P8: 0 | Q8: 0
A9: 7013 | B9: General services | C9: 3028.9431 | D9: 1896.6422 | E9: 1873.3399 | F9: 1968.5178 | G9: 1869.6495 | H9: 1939.5213 | I9: 1919.8377 | J9: 2327.5216 | K9: 2462.0912 | L9: 2029.8726 | M9: 1973.625 | N9: 1946.1261 | O9: 3501.2325 | P9: 5087.3917 | Q9: 4295.3195
A10: 7014 | B10: Basic research | C10: 1171.3929 | D10: 1109.0174 | E10: 1448.8417 | F10: 1333.1602 | G10: 1861.2716 | H10: 1615.712 | I10: 1657.7894 | J10: 1403.0867 | K10: 1299.5288 | L10: 1399.1162 | M10: 1165.8217 | N10: 1439.754 | O10: 2351.5415 | P10: 2928.6869 | Q10: 3584.1175
A11: 7015 | B11: R&D General public services | C11: 29.704478 | D11: 23.718236 | E11: 27.823264 | F11: 45.994136 | G11: 38.356021 | H11: 50.599927 | I11: 33.367128 | J11: 35.494065 | K11: 32.319793 | L11: 25.834328 | M11: 21.923033 | N11: 22.759681 | O11: 23.458403 | P11: 31.426383 | Q11: 36.339652
A12: 7016 | B12: General public services not elsewhere classified | C12: 4545.4899 | D12: 4142.7808 | E12: 4833.5032 | F12: 4403.4842 | G12: 5299.3945 | H12: 5587.5708 | I12: 6751.2541 | J12: 6255.1753 | K12: 9035.2407 | L12: 7109.9761 | M12: 9536.9486 | N12: 7262.3522 | O12: 14514.1 | P12: 9234.115 | Q12: 15405.783
A13: 7017 | B13: Public debt transactions4/ | C13: 273807.33 | D13: 332233.36 | E13: 331572.55 | F13: 366255.61 | G13: 426152.3 | H13: 700466.92 | I13: 606953.2 | J13: 576824.51 | K13: 603109.17 | L13: 517545.24 | M13: 430625.76 | N13: 601818 | O13: 784583.52 | P13: 856763.91 | Q13: 937681.49
A14: 7018 | B14: Transfers of general character between levels of government | C14: 127751.86 | D14: 152156.56 | E14: 164533.78 | F14: 177437.07 | G14: 197305.77 | H14: 202495.1 | I14: 226124.32 | J14: 230607.02 | K14: 260971.99 | L14: 288992.41 | M14: 353447.48 | N14: 362222.5 | O14: 495802.11 | P14: 485485.04 | Q14: 548176.49
A15: 702 | B15: Defense | C15: 29179.35 | D15: 28317.628 | E15: 31604.038 | F15: 37277.482 | G15: 38894.195 | H15: 37743.91 | I15: 38969.15 | J15: 42424.388 | K15: 44975.944 | L15: 45752.698 | M15: 49672.516 | N15: 49277.048 | O15: 51583.76 | P15: 52325.963 | Q15: 55845.269
A16: 7021 | B16: Military defense | C16: 25322.417 | D16: 25844.58 | E16: 28481.212 | F16: 32062.1 | G16: 34777.791 | H16: 34923.769 | I16: 36129.954 | J16: 39471.932 | K16: 42281.23 | L16: 43194.998 | M16: 47238.079 | N16: 47200.225 | O16: 49126.892 | P16: 49669.914 | Q16: 51466.258
... A84: 7109 | B84: Social protection not elsewhere classified | C84: 14624.471 | D84: 14679.022 | E84: 14821.363 | F84: 15978.628 | G84: 17862.492 | H84: 18971.678 | I84: 21405.723 | J84: 23140.519 | K84: 24884.575 | L84: 27125.926 | M84: 27854.886 | N84: 33382 | O84: 39032.845 | P84: 30889.86 | Q84: 38838.493
A85: Source: STN, SOF, IBGE e BCB
A86: Note: data subject to change
A87: 1/ The compilation of expenditure follows the COFOG - Classification of Functions of Government, developed by the OECD/ONU.
A88: 2/ Source: Integrated Financial Management System (SIAFI).
A89: 3/ Expenditure compiled on a accrual basis.
A90: 4/ Source: Central Bank of Brazil
A91: 5/ Pre-primary and primary education corresponds to the first 5 years of elementary school.

Sheet 1.3
A1: Table 1.3. Expenditure by Functions of Government1/ - State Governments - Brazil - Yearly
A2: R$ Million - Current Values
A4: State Governments 2/ | C4: 2010 | D4: 2011 | E4: 2012 | F4: 2013 | G4: 2014 | H4: 2015 | I4: 2016 | J4: 2017 | K4: 2018 | L4: 2019 | M4: 2020 | N4: 2021 | O4: 2022 | P4: 2023 | Q4: 2024
A5: 7 | B5: Expenditure3/ | C5: 518938 | D5: 541108.83 | E5: 608922.48 | F5: 683376.52 | G5: 745869.38 | H5: 802903.98 | I5: 830799.09 | J5: 845274.2 | K5: 896794.19 | L5: 922449.34 | M5: 947273.06 | N5: 1084912.7 | O5: 1369766.2 | P5: 1461197.4 | Q5: 1581726.9
A6: 701 | B6: General public services | C6: 179154.65 | D6: 174149.59 | E6: 201278.41 | F6: 210590.66 | G6: 220398.46 | H6: 261226.57 | I6: 246024.26 | J6: 226092.85 | K6: 240991.82 | L6: 242043.81 | M6: 224612.73 | N6: 327117.04 | O6: 396897.51 | P6: 408878.31 | Q6: 400209.34
A7: 7011 | B7: Executive and legislative organs, financial and fiscal affairs, external affairs | C7: 36371.417 | D7: 35244.287 | E7: 45124.399 | F7: 47219.364 | G7: 50309.679 | H7: 51205.134 | I7: 46633.785 | J7: 46523.207 | K7: 46603.28 | L7: 49110.103 | M7: 44862.859 | N7: 101803.44 | O7: 104551.48 | P7: 90264.601 | Q7: 95206.663
A8: 7012 | B8: Foreign economic aid | C8: 0 | D8: 0 | E8: 0 | F8: 0 | G8: 0 | H8: 0 | I8: 0 | J8: 0 | K8: 0 | L8: 0 | M8: 0 | N8: 0 | O8: 0 | P8: 0 | Q8: 0
A9: 7013 | B9: General services | C9: 4298.1947 | D9: 4176.4456 | E9: 4754.9646 | F9: 5641.2059 | G9: 5831.1695 | H9: 5085.3343 | I9: 2686.8082 | J9: 2898.7359 | K9: 3073.7258 | L9: 3193.9855 | M9: 3257.7528 | N9: 4165.9378 | O9: 4752.4236 | P9: 5802.9097 | Q9: 5591.7324
A10: 7014 | B10: Basic research | C10: 0 | D10: 0 | E10: 0 | F10: 0 | G10: 0 | H10: 0 | I10: 0 | J10: 0 | K10: 0 | L10: 0 | M10: 0 | N10: 0 | O10: 0 | P10: 0 | Q10: 0
A11: 7015 | B11: R&D General public services | C11: 61.73213 | D11: 66.250949 | E11: 78.922027 | F11: 89.512557 | G11: 95.052201 | H11: 82.95838 | I11: 8.6004351 | J11: 4.387839 | K11: 5.0941451 | L11: 5.3654208 | M11: 14.975954 | N11: 76.536591 | O11: 10.554973 | P11: 12.474732 | Q11: 19.35648
A12: 7016 | B12: General public services not elsewhere classified | C12: 0 | D12: 0 | E12: 0 | F12: 0 | G12: 0 | H12: 0 | I12: 7.4285733e-06 | J12: 5.3991417e-05 | K12: 5.1457844e-05 | L12: 6.1337875e-05 | M12: 0 | N12: 0 | O12: 0 | P12: 0 | Q12: 0
A13: 7017 | B13: Public debt transactions4/ | C13: 61401.311 | D13: 48604.1 | E13: 56992.84 | F13: 54110.984 | G13: 53003.253 | H13: 89632.037 | I13: 80342.761 | J13: 54313.136 | K13: 60738.703 | L13: 49107.515 | M13: 36344.869 | N13: 36972.956 | O13: 94390.743 | P13: 116137.7 | Q13: 102521.89
A14: 7018 | B14: Transfers of general character between levels of government | C14: 77021.993 | D14: 86058.509 | E14: 94327.285 | F14: 103529.6 | G14: 111159.3 | H14: 115221.11 | I14: 116352.31 | J14: 122353.39 | K14: 130571.02 | L14: 140626.84 | M14: 140132.27 | N14: 184098.17 | O14: 193192.31 | P14: 196660.62 | Q14: 196869.69
A15: 702 | B15: Defense | C15: 1249.5682 | D15: 1069.3274 | E15: 1278.2528 | F15: 1476.4389 | G15: 1859.3157 | H15: 1621.5165 | I15: 1334.8321 | J15: 1432.3439 | K15: 1522.2695 | L15: 1458.6441 | M15: 1152.3247 | N15: 1529.4422 | O15: 2404.2857 | P15: 2461.0687 | Q15: 3661.3098
A16: 7021 | B16: Military defense | C16: 0 | D16: 0 | E16: 0 | F16: 0 | G16: 0 | H16: 0 | I16: 0 | J16: 0 | K16: 0 | L16: 0 | M16: 0 | N16: 0 | O16: 0 | P16: 0 | Q16: 0
... A84: 7109 | B84: Social protection not elsewhere classified | C84: 891.13682 | D84: 1014.1589 | E84: 1152.1592 | F84: 1379.102 | G84: 1536.1978 | H84: 1487.7794 | I84: 1367.6743 | J84: 1272.2589 | K84: 1322.6344 | L84: 1258.6938 | M84: 2604.6644 | N84: 1597.0392 | O84: 2857.5218 | P84: 2494.5419 | Q84: 3851.1921
A85: Source: STN, SOF, IBGE e BCB
A86: Note: data subject to change
A87: 1/ The compilation of expenditure follows the COFOG - Classification of Functions of Government, developed by the OECD/ONU.
A88: 2/ Source: Accounting Balances Matrix, Siconfi (System of Financial and Accounting Information of the Brazilian Public Sector), RREO (Summarized Statement of Budgetary Execution) and Transparency Portals.
A89: 3/ Expenditure compiled on a accrual basis.
A90: 4/ Source: Central Bank of Brazil
A91: 5/ Pre-primary and primary education corresponds to the first 5 years of elementary school.

Sheet 1.4
A1: Table 1.4. Expenditure by Functions of Government1/ - Municipalities - Brazil - Yearly
A2: R$ Million - Current Values
A4: Municipalities 2/ | C4: 2010 | D4: 2011 | E4: 2012 | F4: 2013 | G4: 2014 | H4: 2015 | I4: 2016 | J4: 2017 | K4: 2018 | L4: 2019 | M4: 2020 | N4: 2021 | O4: 2022 | P4: 2023 | Q4: 2024
A5: 7 | B5: Expenditure3/ | C5: 314125.31 | D5: 352266.6 | E5: 403845.02 | F5: 423939.56 | G5: 484741.46 | H5: 521581.35 | I5: 552541.07 | J5: 548335.35 | K5: 603508.5 | L5: 659645.03 | M5: 719919.47 | N5: 772728.42 | O5: 973459.84 | P5: 1123666.4 | Q5: 1303959.8
A6: 701 | B6: General public services | C6: 56014.281 | D6: 60808.287 | E6: 67796.923 | F6: 71838.066 | G6: 78338.195 | H6: 88535.134 | I6: 85669.401 | J6: 80612.94 | K6: 88519.021 | L6: 101447.59 | M6: 108011.71 | N6: 117463.83 | O6: 142888.13 | P6: 155158.31 | Q6: 176416.3
A7: 7011 | B7: Executive and legislative organs, financial and fiscal affairs, external affairs | C7: 17092.262 | D7: 19373.534 | E7: 21695.789 | F7: 24630.412 | G7: 27534.317 | H7: 30007.419 | I7: 32882.715 | J7: 33467.715 | K7: 36101.028 | L7: 39153.726 | M7: 42500.348 | N7: 46906.616 | O7: 55081.052 | P7: 61221.992 | Q7: 70983.526
A8: 7012 | B8: Foreign economic aid | C8: 6.6024427 | D8: 5.543318 | E8: 5.9816596 | F8: 5.8549789 | G8: 5.7578281 | H8: 6.5669601 | I8: 6.8670001 | J8: 2.1776774 | K8: 1.3520534 | L8: 0 | M8: 0 | N8: 0 | O8: 0 | P8: 0 | Q8: 0
A9: 7013 | B9: General services | C9: 27565.824 | D9: 31942.47 | E9: 34856.594 | F9: 35859.54 | G9: 39394.346 | H9: 40623.979 | I9: 42511.636 | J9: 41194.688 | K9: 46247.184 | L9: 56294.206 | M9: 59188.957 | N9: 63659.012 | O9: 76710.163 | P9: 82600.991 | Q9: 92148.953
A10: 7014 | B10: Basic research | C10: 61.898612 | D10: 22.887774 | E10: 83.089266 | F10: 35.737935 | G10: 107.69216 | H10: 136.84838 | I10: 73.472727 | J10: 88.11192 | K10: 124.11136 | L10: 190.64564 | M10: 210.72229 | N10: 233.54043 | O10: 639.80016 | P10: 794.20099 | Q10: 993.26461
A11: 7015 | B11: R&D General public services | C11: 0 | D11: 0 | E11: 0 | F11: 0 | G11: 0.081929446 | H11: 0.16006468 | I11: 0.12906698 | J11: 0.084343178 | K11: 0.14700155 | L11: 0.1033932 | M11: 0.13875125 | N11: 0.15293223 | O11: 0.45042413 | P11: 0.62212727 | Q11: 0.78747773
A12: 7016 | B12: General public services not elsewhere classified | C12: 304.74586 | D12: 190.56595 | E12: 345.39393 | F12: 510.48472 | G12: 530.07847 | H12: 659.61545 | I12: 752.99353 | J12: 685.49654 | K12: 693.39756 | L12: 945.03511 | M12: 1097.0124 | N12: 1228.6092 | O12: 1464.9906 | P12: 1626.5317 | Q12: 1861.5901
A13: 7017 | B13: Public debt transactions4/ | C13: 10982.949 | D13: 9273.2862 | E13: 10809.659 | F13: 10796.036 | G13: 10765.438 | H13: 17100.437 | I13: 9441.5877 | J13: 5174.6013 | K13: 5351.7259 | L13: 4858.8584 | M13: 5006.1788 | N13: 5427.4149 | O13: 8980.1072 | P13: 8904.9363 | Q13: 10409.302
A14: 7018 | B14: Transfers of general character between levels of government | C14: 0 | D14: 0 | E14: 0.41634225 | F14: 0 | G14: 0.48340317 | H14: 0.10716459 | I14: 0 | J14: 0.065188343 | K14: 0.075570489 | L14: 5.0161554 | M14: 8.3553414 | N14: 8.4854262 | O14: 11.565955 | P14: 9.0404263 | Q14: 18.874811
A15: 702 | B15: Defense | C15: 723.93257 | D15: 922.00101 | E15: 944.51089 | F15: 953.08131 | G15: 891.68703 | H15: 833.33885 | I15: 883.75926 | J15: 843.92242 | K15: 813.81146 | L15: 1064.7652 | M15: 1157.6654 | N15: 1218.45 | O15: 1542.4977 | P15: 2017.4606 | Q15: 2826.0044
A16: 7021 | B16: Military defense | C16: 16.644528 | D16: 24.812607 | E16: 20.242594 | F16: 15.396411 | G16: 18.854453 | H16: 21.284479 | I16: 19.168657 | J16: 19.009381 | K16: 28.148425 | L16: 20.840287 | M16: 20.627129 | N16: 23.044473 | O16: 28.86983 | P16: 40.426064 | Q16: 38.064391
... A84: 7109 | B84: Social protection not elsewhere classified | C84: 6571.6142 | D84: 8089.7656 | E84: 8515.5357 | F84: 9127.0874 | G84: 10759.697 | H84: 11783.264 | I84: 12143.096 | J84: 11837.551 | K84: 13604.637 | L84: 14126.457 | M84: 16967.236 | N84: 18970.876 | O84: 23501.659 | P84: 26197.883 | Q84: 29827.554
A85: Source: STN, SOF, IBGE e BCB
A86: Note: data subject to change
A87: 1/ The compilation of expenditure follows the COFOG - Classification of Functions of Government, developed by the OECD/ONU.
A88: 2/ Source: Accounting Balances Matrix, Siconfi (System of Financial and Accounting Information of the Brazilian Public Sector), RREO (Summarized Statement of Budgetary Execution) and Transparency Portals. For municipalities that did not report data, extrapolation techniques were used in order to increase coverage.
A89: 3/ Expenditure compiled on a accrual basis.
A90: 4/ Source: Central Bank of Brazil
A91: 5/ Pre-primary and primary education corresponds to the first 5 years of elementary school.

Sheet 1.5
A1: Table 1.5. Expenditure by Functions of Government1/ - General Government - Brazil - Yearly
A2: R$ Million - Current Values
A4: General Government 2/ | C4: 2010 | D4: 2011 | E4: 2012 | F4: 2013 | G4: 2014 | H4: 2015 | I4: 2016 | J4: 2017 | K4: 2018 | L4: 2019 | M4: 2020 | N4: 2021 | O4: 2022 | P4: 2023 | Q4: 2024
A5: 7 | B5: Expenditure3/ | C5: 1535526.5 | D5: 1722861.4 | E5: 1892658.2 | F5: 2120925.8 | G5: 2394014 | H5: 2769505 | I5: 2852727.1 | J5: 2917191 | K5: 3094475.7 | L5: 3180494.5 | M5: 3513991.8 | N5: 3638290.8 | O5: 4379148.6 | P5: 4958352.1 | Q5: 5377520.6
A6: 701 | B6: General public services | C6: 394522.07 | D6: 460840.42 | E6: 475937.87 | F6: 520027.04 | G6: 593918.94 | H6: 885250.86 | I6: 797446.44 | J6: 765120.31 | K6: 806224.39 | L6: 736357.89 | M6: 656050.76 | N6: 891511.38 | O6: 1114042.7 | P6: 1242017.8 | Q6: 1301579.6
A7: 7011 | B7: Executive and legislative organs, financial and fiscal affairs, external affairs | C7: 78521.562 | D7: 82808.001 | E7: 93536.846 | F7: 99400.532 | G7: 105367.47 | H7: 115044.62 | I7: 117578.68 | J7: 118357.39 | K7: 125237.4 | L7: 133345.53 | M7: 139242.01 | N7: 197740.72 | O7: 199864.16 | P7: 244038.14 | Q7: 206194.56
A8: 7012 | B8: Foreign economic aid | C8: 176.51211 | D8: 127.72311 | E8: 29.571794 | F8: 36.357217 | G8: 5.7778281 | H8: 6.5669601 | I8: 6.8670001 | J8: 2.1776774 | K8: 1.3520534 | L8: 0 | M8: 0 | N8: 0 | O8: 0 | P8: 0 | Q8: 0
A9: 7013 | B9: General services | C9: 34715.619 | D9: 37889.159 | E9: 41335.147 | F9: 43303.095 | G9: 46653.828 | H9: 47425.915 | I9: 46968.924 | J9: 46203.701 | K9: 51647.281 | L9: 61402.963 | M9: 64275.345 | N9: 69613.646 | O9: 84795.784 | P9: 93319.535 | Q9: 101854.18
A10: 7014 | B10: Basic research | C10: 1108.9886 | D10: 1089.3406 | E10: 1482.567 | F10: 1301.1644 | G10: 1908.0579 | H10: 1699.1147 | I10: 1679.4882 | J10: 1470.9788 | K10: 1401.6266 | L10: 1572.0305 | M10: 1360.5403 | N10: 1658.1369 | O10: 2947.0743 | P10: 3678.2953 | Q10: 4546.4375
A11: 7015 | B11: R&D General public services | C11: 91.212154 | D11: 89.714961 | E11: 106.4712 | F11: 130.22643 | G11: 133.30202 | H11: 133.63641 | I11: 41.730582 | J11: 39.604032 | K11: 37.309029 | L11: 31.144487 | M11: 36.931342 | N11: 99.449205 | O11: 34.4638 | P11: 44.50509 | Q11: 56.483113
A12: 7016 | B12: General public services not elsewhere classified | C12: 4687.6221 | D12: 4234.2758 | E12: 5085.9749 | F12: 4706.9403 | G12: 5638.1768 | H12: 5984.09 | I12: 7184.9477 | J12: 6659.4614 | K12: 9509.0261 | L12: 7847.0923 | M12: 10366.077 | N12: 8221.4712 | O12: 15727.871 | P12: 10571.223 | Q12: 16936.537
A13: 7017 | B13: Public debt transactions4/ | C13: 275220.55 | D13: 334602.21 | E13: 334361.3 | F13: 371148.73 | G13: 434212.33 | H13: 714956.92 | I13: 623985.8 | J13: 592387 | K13: 618390.39 | L13: 532159.13 | M13: 440769.86 | N13: 614177.95 | O13: 810673.38 | P13: 890366.13 | Q13: 971991.43
A14: 7018 | B14: Transfers of general character between levels of government | C14: 0 | D14: 0 | E14: 0 | F14: 0 | G14: 0 | H14: 0 | I14: 0 | J14: 0 | K14: 0 | L14: 0 | M14: 0 | N14: 0 | O14: 0 | P14: 0 | Q14: 0
A15: 702 | B15: Defense | C15: 29106.443 | D15: 29466.483 | E15: 32956.804 | F15: 38052.496 | G15: 41031.83 | H15: 39712.403 | I15: 40720.719 | J15: 44212.053 | K15: 46755.791 | L15: 47875.341 | M15: 51349.989 | N15: 51589.976 | O15: 54810.605 | P15: 55791.454 | Q15: 59396.867
A16: 7021 | B16: Military defense | C16: 25335.536 | D16: 25869.393 | E16: 28501.455 | F16: 32077.497 | G16: 34794.789 | H16: 34942.647 | I16: 36145.926 | J16: 39488.097 | K16: 42307.379 | L16: 43214.455 | M16: 47257.161 | N16: 47215.693 | O16: 49154.166 | P16: 49706.865 | Q16: 51501.979
... A84: 7109 | B84: Social protection not elsewhere classified | C84: 21835.82 | D84: 23516.814 | E84: 24105.969 | F84: 26078.86 | G84: 29726.755 | H84: 31830.72 | I84: 34377.44 | J84: 35685.873 | K84: 39322.482 | L84: 42080.787 | M84: 46585.039 | N84: 53285.099 | O84: 61809.347 | P84: 57305.948 | Q84: 70895.765
A85: Source: STN, SOF, IBGE e BCB
A86: Note: data subject to change
A87: 1/ The compilation of expenditure follows the COFOG - Classification of Functions of Government, developed by the OECD/ONU.
A88: 2/ General Government is composed of central government (budgetary and extrabudgetary), state governments and municipalities.
A89: 3/ Expenditure compiled on a accrual basis.
A90: 4/ Source: Central Bank of Brazil
A91: 5/ Pre-primary and primary education corresponds to the first 5 years of elementary school.

Sheet 1.1.a
A1: Table 1.1.a. Expenditure by Functions of Government1/ by level of Government - General Government - Brazil - Yearly
A2: % GDP
A5: General Government | C5: 2010 | K5: 2011 | S5: 2012 | AA5: 2013 | AI5: 2014 | AQ5: 2015 | AY5: 2016 | BG5: 2017 | BO5: 2018 | BW5: 2019 | CE5: 2020 | CM5: 2021 | CU5: 2022 | DC5: 2023 | DK5: 2024
C6: Central Government | G6: State governments 5/ | H6: Municipalities 6/ | I6: Consolidation Column 4/ | J6: General Government 7/ | K6: Central Government | O6: State governments 5/ | P6: Municipalities 6/ | Q6: Consolidation Column 4/ | R6: General Government 7/ | S6: Central Government | W6: State governments 5/ | X6: Municipalities 6/ | Y6: Consolidation Column 4/ | Z6: General Government 7/ | AA6: Central Government | AE6: State governments 5/ | AF6: Municipalities 6/ | AG6: Consolidation Column 4/ | AH6: General Government 7/ | AI6: Central Government | AM6: State governments 5/ | AN6: Municipalities 6/ | AO6: Consolidation Column 4/ | AP6: General Government 7/ | AQ6: Central Government | AU6: State governments 5/ | AV6: Municipalities 6/ | AW6: Consolidation Column 4/ | AX6: General Government 7/ | AY6: Central Government | BC6: State governments 5/ | BD6: Municipalities 6/ | BE6: Consolidation Column 4/ | BF6: General Government 7/ | BG6: Central Government | BK6: State governments 5/ | BL6: Municipalities 6/ | BM6: Consolidation Column 4/ | BN6: General Government 7/ | BO6: Central Government | BS6: State governments 5/ | BT6: Municipalities 6/ | BU6: Consolidation Column 4/ | BV6: General Government 7/ | BW6: Central Government | CA6: State governments 5/ | CB6: Municipalities 6/ | CC6: Consolidation Column 4/ | CD6: General Government 7/ | CE6: Central Government | CI6: State governments 5/ | CJ6: Municipalities 6/ | CK6: Consolidation Column 4/ | CL6: General Government 7/ | CM6: Central Government | CQ6: State governments 5/ | CR6: Municipalities 6/ | CS6: Consolidation Column 4/ | CT6: General Government 7/ | CU6: Central Government | CY6: State governments 5/ | CZ6: Municipalities 6/ | DA6: Consolidation Column 4/ | DB6: General Government 7/ | DC6: Central Government | DG6: State governments 5/ | DH6: Municipalities 6/ | DI6: Consolidation Column 4/ | DJ6: General Government 7/ | DK6: Central Government | DO6: State governments 5/ | DP6: Municipalities 6/ | DQ6: Consolidation Column 4/ | DR6: General Government 7/
C7: Budgetary 2/ | D7: Extrabudgetary 3/ | E7: Consolidation Column 4/ | F7: Central Government | K7: Budgetary 2/ | L7: Extrabudgetary 3/ | M7: Consolidation Column 4/ | N7: Central Government | S7: Budgetary 2/ | T7: Extrabudgetary 3/ | U7: Consolidation Column 4/ | V7: Central Government | AA7: Budgetary 2/ | AB7: Extrabudgetary 3/ | AC7: Consolidation Column 4/ | AD7: Central Government | AI7: Budgetary 2/ | AJ7: Extrabudgetary 3/ | AK7: Consolidation Column 4/ | AL7: Central Government | AQ7: Budgetary 2/ | AR7: Extrabudgetary 3/ | AS7: Consolidation Column 4/ | AT7: Central Government | AY7: Budgetary 2/ | AZ7: Extrabudgetary 3/ | BA7: Consolidation Column 4/ | BB7: Central Government | BG7: Budgetary 2/ | BH7: Extrabudgetary 3/ | BI7: Consolidation Column 4/ | BJ7: Central Government | BO7: Budgetary 2/ | BP7: Extrabudgetary 3/ | BQ7: Consolidation Column 4/ | BR7: Central Government | BW7: Budgetary 2/ | BX7: Extrabudgetary 3/ | BY7: Consolidation Column 4/ | BZ7: Central Government | CE7: Budgetary 2/ | CF7: Extrabudgetary 3/ | CG7: Consolidation Column 4/ | CH7: Central Government | CM7: Budgetary 2/ | CN7: Extrabudgetary 3/ | CO7: Consolidation Column 4/ | CP7: Central Government | CU7: Budgetary 2/ | CV7: Extrabudgetary 3/ | CW7: Consolidation Column 4/ | CX7: Central Government | DC7: Budgetary 2/ | DD7: Extrabudgetary 3/ | DE7: Consolidation Column 4/ | DF7: Central Government | DK7: Budgetary 2/ | DL7: Extrabudgetary 3/ | DM7: Consolidation Column 4/ | DN7: Central Government
A8: 7 | B8: Expenditure8/ | C8: 0.28390704 | D8: 0 | E8: 0 | F8: 0.28390704 | G8: 0.13354566 | H8: 0.080838312 | I8: -0.10313224 | J8: 0.39515877 | K8: 0.28725203 | L8: 0 | M8: 0 | N8: 0.28725203 | O8: 0.12364296 | P8: 0.080492654 | Q8: -0.097715107 | R8: 0.39367254 | S8: 0.28228207 | T8: 0 | U8: 0 | V8: 0.28228207 | W8: 0.12646995 | X8: 0.083876458 | Y8: -0.09953347 | Z8: 0.39309502 | AA8: 0.28298297 | AB8: 0 | AC8: 0 | AD8: 0.28298297 | AE8: 0.1281743 | AF8: 0.079514226 | AG8: -0.092870035 | AH8: 0.39780146 | AI8: 0.29421059 | AJ8: 0 | AK8: 0 | AL8: 0.29421059 | AM8: 0.12906652 | AN8: 0.083880499 | AO8: -0.092893297 | AP8: 0.41426432 | AQ8: 0.33851833 | AR8: 0 | AS8: 0 | AT8: 0.33851833 | AU8: 0.13391136 | AV8: 0.086991308 | AW8: -0.097512489 | AX8: 0.46190851 | AY8: 0.33243738 | AZ8: 0 | BA8: 0 | BB8: 0.33243738 | BC8: 0.13251804 | BD8: 0.088134019 | BE8: -0.09806027 | BF8: 0.45502917 | BG8: 0.32095797 | BH8: 0 | BI8: 0 | BJ8: 0.32095797 | BK8: 0.12835425 | BL8: 0.083264308 | BM8: -0.089603279 | BN8: 0.44297324 | BO8: 0.32072586 | BP8: 0 | BQ8: 0 | BR8: 0.32072586 | BS8: 0.12803771 | BT8: 0.086164528 | BU8: -0.093121509 | BV8: 0.44180659 | BW8: 0.30881221 | BX8: 0 | BY8: 0 | BZ8: 0.30881221 | CA8: 0.12483868 | CB8: 0.089272341 | CC8: -0.092494462 | CD8: 0.43042876 | CE8: 0.34640141 | CF8: 0 | CG8: 0 | CH8: 0.34640141 | CI8: 0.124484 | CJ8: 0.09460678 | CK8: -0.10370797 | CL8: 0.46178422 | CM8: 0.29179236 | CN8: 0 | CO8: 0 | CP8: 0.29179236 | CQ8: 0.12038345 | CR8: 0.085743036 | CS8: -0.094208961 | CT8: 0.40370989 | CU8: 0.31412327 | CV8: 0 | CW8: 0 | CX8: 0.31412327 | CY8: 0.13589386 | CZ8: 0.096576495 | DA8: -0.11214035 | DB8: 0.43445328 | DC8: 0.32255583 | DD8: 0 | DE8: 0 | DF8: 0.32255583 | DG8: 0.13352384 | DH8: 0.10268034 | DI8: -0.10566709 | DJ8: 0.45309293 | DK8: 0.32236458 | DL8: 0 | DM8: 0 | DN8: 0.32236458 | DO8: 0.13467569 | DP8: 0.11102528 | DQ8: -0.11019809 | DR8: 0.45786747
A9: 701 | B9: General public services | C9: 0.11253653 | D9: 0 | E9: 0 | F9: 0.11253653 | G9: 0.046104401 | H9: 0.014414948 | I9: -0.071527936 | J9: 0.10152795 | K9: 0.11904991 | L9: 0 | M9: 0 | N9: 0.11904991 | O9: 0.039793051 | P9: 0.013894648 | Q9: -0.06743592 | R9: 0.10530169 | S9: 0.11067207 | T9: 0 | U9: 0 | V9: 0.11067207 | W9: 0.041804453 | X9: 0.01408106 | Y9: -0.06770782 | Z9: 0.098849761 | AA9: 0.10891204 | AB9: 0 | AC9: 0 | AD9: 0.10891204 | AE9: 0.039498446 | AF9: 0.013473968 | AG9: -0.064348035 | AH9: 0.097536423 | AI9: 0.11455099 | AJ9: 0 | AK9: 0 | AL9: 0.11455099 | AM9: 0.038138129 | AN9: 0.013555776 | AO9: -0.063472133 | AP9: 0.10277276 | AQ9: 0.15805128 | AR9: 0 | AS9: 0 | AT9: 0.15805128 | AU9: 0.043568354 | AV9: 0.014766224 | AW9: -0.068740379 | AX9: 0.14764548 | AY9: 0.14077818 | AZ9: 0 | BA9: 0 | BB9: 0.14077818 | BC9: 0.039242525 | BD9: 0.013664846 | BE9: -0.066487477 | BF9: 0.12719807 | BG9: 0.13007394 | BH9: 0 | BI9: 0 | BJ9: 0.13007394 | BK9: 0.034332028 | BL9: 0.012241014 | BM9: -0.060464037 | BN9: 0.11618294 | BO9: 0.13137424 | BP9: 0 | BQ9: 0 | BR9: 0.13137424 | BS9: 0.034407048 | BT9: 0.012638098 | BU9: -0.063312569 | BV9: 0.11510682 | BW9: 0.11675583 | BX9: 0 | BY9: 0 | BZ9: 0.11675583 | CA9: 0.032756735 | CB9: 0.013729299 | CC9: -0.06358767 | CD9: 0.099654194 | CE9: 0.11156569 | CF9: 0 | CG9: 0 | CH9: 0.11156569 | CI9: 0.029517033 | CJ9: 0.014194144 | CK9: -0.069063262 | CL9: 0.086213602 | CM9: 0.11378387 | CN9: 0 | CO9: 0 | CP9: 0.11378387 | CQ9: 0.036297369 | CR9: 0.013033953 | CS9: -0.064191828 | CT9: 0.098923361 | CU9: 0.13564193 | CV9: 0 | CW9: 0 | CX9: 0.13564193 | CY9: 0.039376016 | CZ9: 0.014175864 | DA9: -0.078670156 | DB9: 0.11052366 | DC9: 0.13281135 | DD9: 0 | DE9: 0 | DF9: 0.13281135 | DG9: 0.037363194 | DH9: 0.014178327 | DI9: -0.070857606 | DJ9: 0.11349527 | DK9: 0.13234861 | DL9: 0 | DM9: 0 | DN9: 0.13234861 | DO9: 0.03407571 | DP9: 0.015020916 | DQ9: -0.070622613 | DR9: 0.11082263
A10: 7011 | B10: Executive and legislative organs, financial and fiscal affairs, external affairs | C10: 0.006895567 | D10: 0 | E10: 0 | F10: 0.006895567 | G10: 0.0093599715 | H10: 0.0043985937 | I10: -0.00044706752 | J10: 0.020207065 | K10: 0.0067004274 | L10: 0 | M10: 0 | N10: 0.0067004274 | O10: 0.0080532932 | P10: 0.004426838 | Q10: -0.00025899256 | R10: 0.018921566 | S10: 0.0059288552 | T10: 0 | U10: 0 | V10: 0.0059288552 | W10: 0.0093720972 | X10: 0.0045060997 | Y10: -0.00037994755 | Z10: 0.019427105 | AA10: 0.0054773562 | AB10: 0 | AC10: 0 | AD10: 0.0054773562 | AE10: 0.0088564776 | AF10: 0.0046196873 | AG10: -0.00030992849 | AH10: 0.018643593 | AI10: 0.0050974626 | AJ10: 0 | AK10: 0 | AL10: 0.0050974626 | AM10: 0.0087056737 | AN10: 0.0047645858 | AO10: -0.00033475352 | AP10: 0.018232969 | AQ10: 0.0059185564 | AR10: 0 | AS10: 0 | AT10: 0.0059185564 | AU10: 0.0085401857 | AV10: 0.0050047507 | AW10: -0.00027591691 | AX10: 0.019187576 | AY10: 0.0062438593 | AZ10: 0 | BA10: 0 | BB10: 0.0062438593 | BC10: 0.0074384025 | BD10: 0.0052450144 | BE10: -0.00017268615 | BF10: 0.01875459 | BG10: 0.0059443446 | BH10: 0 | BI10: 0 | BJ10: 0.0059443446 | BK10: 0.0070645137 | BL10: 0.0050820472 | BM10: -0.00011842585 | BN10: 0.01797248 | BO10: 0.0061753997 | BP10: 0 | BQ10: 0 | BR10: 0.0061753997 | BS10: 0.0066536753 | BT10: 0.0051542406 | BU10: -0.00010283537 | BV10: 0.01788048 | BW10: 0.0061741588 | BX10: 0 | BY10: 0 | BZ10: 0.0061741588 | CA10: 0.0066462623 | CB10: 0.0052988268 | CC10: -7.3076415e-05 | CD10: 0.018046172 | CE10: 0.0068595432 | CF10: 0 | CG10: 0 | CH10: 0.0068595432 | CI10: 0.005895563 | CJ10: 0.0055850984 | CK10: -4.1993857e-05 | CL10: 0.018298211 | CM10: 0.0056285038 | CN10: 0 | CO10: 0 | CP10: 0.0056285038 | CQ10: 0.011296253 | CR10: 0.0052048244 | CS10: -0.00018799202 | CT10: 0.02194159 | CU10: 0.0065925592 | CV10: 0 | CW10: 0 | CX10: 0.0065925592 | CY10: 0.010372503 | CZ10: 0.0054645653 | DA10: -0.0026011982 | DB10: 0.019828429 | DC10: 0.0085778025 | DD10: 0 | DE10: 0 | DF10: 0.0085778025 | DG10: 0.0082483559 | DH10: 0.0055944498 | DI10: -0.00012046588 | DJ10: 0.022300142 | DK10: 0.0038499513 | DL10: 0 | DM10: 0 | DN10: 0.0038499513 | DO10: 0.0081063443 | DP10: 0.0060438722 | DQ10: -0.00044379037 | DR10: 0.017556377
A11: 7012 | B11: Foreign economic aid | C11: 4.372526e-05 | D11: 0 | E11: 0 | F11: 4.372526e-05 | G11: 0 | H11: 1.6991e-06 | I11: 0 | J11: 4.542436e-05 | K11: 2.7917991e-05 | L11: 0 | M11: 0 | N11: 2.7917991e-05 | O11: 0 | P11: 1.266644e-06 | Q11: 0 | R11: 2.9184635e-05 | S11: 4.8995453e-06 | T11: 0 | U11: 0 | V11: 4.8995453e-06 | W11: 0 | X11: 1.2423588e-06 | Y11: 0 | Z11: 6.1419042e-06 | AA11: 5.7210087e-06 | AB11: 0 | AC11: 0 | AD11: 5.7210087e-06 | AE11: 0 | AF11: 1.0981615e-06 | AG11: 0 | AH11: 6.8191702e-06 | AI11: 3.4608345e-09 | AJ11: 0 | AK11: 0 | AL11: 3.4608345e-09 | AM11: 0 | AN11: 9.9634452e-07 | AO11: 0 | AP11: 9.9980535e-07 | AQ11: 0 | AR11: 0 | AS11: 0 | AT11: 0 | AU11: 0 | AV11: 1.0952624e-06 | AW11: 0 | AX11: 1.0952624e-06 | AY11: 0 | AZ11: 0 | BA11: 0 | BB11: 0 | BC11: 0 | BD11: 1.0953327e-06 | BE11: 0 | BF11: 1.0953327e-06 | BG11: 0 | BH11: 0 | BI11: 0 | BJ11: 0 | BK11: 0 | BL11: 3.3067867e-07 | BM11: 0 | BN11: 3.3067867e-07 | BO11: 0 | BP11: 0 | BQ11: 0 | BR11: 0 | BS11: 0 | BT11: 1.9303629e-07 | BU11: 0 | BV11: 1.9303629e-07 | BW11: 0 | BX11: 0 | BY11: 0 | BZ11: 0 | CA11: 0 | CB11: 0 | CC11: 0 | CD11: 0 | CE11: 0 | CF11: 0 | CG11: 0 | CH11: 0 | CI11: 0 | CJ11: 0 | CK11: 0 | CL11: 0 | CM11: 0 | CN11: 0 | CO11: 0 | CP11: 0 | CQ11: 0 | CR11: 0 | CS11: 0 | CT11: 0 | CU11: 0 | CV11: 0 | CW11: 0 | CX11: 0 | CY11: 0 | CZ11: 0 | DA11: 0 | DB11: 0 | DC11: 0 | DD11: 0 | DE11: 0 | DF11: 0 | DG11: 0 | DH11: 0 | DI11: 0 | DJ11: 0 | DK11: 0 | DL11: 0 | DM11: 0 | DN11: 0 | DO11: 0 | DP11: 0 | DQ11: 0 | DR11: 0
A12: 7013 | B12: General services | C12: 0.0007794808 | D12: 0 | E12: 0 | F12: 0.0007794808 | G12: 0.0011061153 | H12: 0.0070939035 | I12: -4.5638094e-05 | J12: 0.0089338615 | K12: 0.00043338132 | L12: 0 | M12: 0 | N12: 0.00043338132 | O12: 0.00095431469 | P12: 0.0072988304 | Q12: -2.8882134e-05 | R12: 0.0086576443 | S12: 0.00038908271 | T12: 0 | U12: 0 | V12: 0.00038908271 | W12: 0.0009875808 | X12: 0.0072395289 | Y12: -3.1102739e-05 | Z12: 0.0085850897 | AA12: 0.00036921577 | AB12: 0 | AC12: 0 | AD12: 0.00036921577 | AE12: 0.0010580662 | AF12: 0.0067258257 | AG12: -3.1166571e-05 | AH12: 0.0081219411 | AI12: 0.00032352738 | AJ12: 0 | AK12: 0 | AL12: 0.00032352738 | AM12: 0.0010090356 | AN12: 0.0068168655 | AO12: -7.6369608e-05 | AP12: 0.0080730589 | AQ12: 0.00032348069 | AR12: 0 | AS12: 0 | AT12: 0.00032348069 | AU12: 0.00084815127 | AV12: 0.0067754207 | AW12: -3.7179464e-05 | AX12: 0.0079098732 | AY12: 0.00030622703 | AZ12: 0 | BA12: 0 | BB12: 0.00030622703 | BC12: 0.00042856398 | BD12: 0.0067808919 | BE12: -2.3823547e-05 | BF12: 0.0074918594 | BG12: 0.0003534324 | BH12: 0 | BI12: 0 | BJ12: 0.0003534324 | BK12: 0.00044017085 | BL12: 0.0062553821 | BM12: -3.2988401e-05 | BN12: 0.007015997 | BO12: 0.00035151936 | BP12: 0 | BQ12: 0 | BR12: 0.00035151936 | BS12: 0.00043884408 | BT12: 0.0066028346 | BU12: -1.9377116e-05 | BV12: 0.0073738209 | BW12: 0.0002747106 | BX12: 0 | BY12: 0 | BZ12: 0.0002747106 | CA12: 0.00043225455 | CB12: 0.0076185151 | CC12: -1.5577116e-05 | CD12: 0.0083099032 | CE12: 0.00025935999 | CF12: 0 | CG12: 0 | CH12: 0.00025935999 | CI12: 0.00042811108 | CJ12: 0.0077781986 | CK12: -1.9053549e-05 | CL12: 0.0084466161 | CM12: 0.0002159449 | CN12: 0 | CO12: 0 | CP12: 0.0002159449 | CQ12: 0.00046225834 | CR12: 0.0070636939 | CS12: -1.7468755e-05 | CT12: 0.0077244284 | CU12: 0.00034735563 | CV12: 0 | CW12: 0 | CX12: 0.00034735563 | CY12: 0.00047148572 | CZ12: 0.0076103793 | DA12: -1.6670654e-05 | DB12: 0.00841255 | DC12: 0.00046488454 | DD12: 0 | DE12: 0 | DF12: 0.00046488454 | DG12: 0.00053026839 | DH12: 0.0075480571 | DI12: -1.5695125e-05 | DJ12: 0.0085275149 | DK12: 0.00036572376 | DL12: 0 | DM12: 0 | DN12: 0.00036572376 | DO12: 0.00047610646 | DP12: 0.0078459965 | DQ12: -1.5481477e-05 | DR12: 0.0086723452
A13: 7014 | B13: Basic research | C13: 0.0003014511 | D13: 0 | E13: 0 | F13: 0.0003014511 | G13: 0 | H13: 1.5929246e-05 | I13: -3.1988609e-05 | J13: 0.00028539174 | K13: 0.00025340965 | L13: 0 | M13: 0 | N13: 0.00025340965 | O13: 0 | P13: 5.2298391e-06 | Q13: -9.7259719e-06 | R13: 0.00024891352 | S13: 0.00030091671 | T13: 0 | U13: 0 | V13: 0.00030091671 | W13: 0 | X13: 1.7257198e-05 | Y13: -1.0252644e-05 | Z13: 0.00030792127 | AA13: 0.00025004792 | AB13: 0 | AC13: 0 | AD13: 0.00025004792 | AE13: 0 | AF13: 6.7030174e-06 | AG13: -1.2704158e-05 | AH13: 0.00024404678 | AI13: 0.00032207765 | AJ13: 0 | AK13: 0 | AL13: 0.00032207765 | AM13: 0 | AN13: 1.8635238e-05 | AO13: -1.0539253e-05 | AP13: 0.00033017363 | AQ13: 0.00026947455 | AR13: 0 | AS13: 0 | AT13: 0.00026947455 | AU13: 0 | AV13: 2.282409e-05 | AW13: -8.9138691e-06 | AX13: 0.00028338477 | AY13: 0.00026442857 | AZ13: 0 | BA13: 0 | BB13: 0.00026442857 | BC13: 0 | BD13: 1.1719394e-05 | BE13: -8.2582992e-06 | BF13: 0.00026788966 | BG13: 0.00021305765 | BH13: 0 | BI13: 0 | BJ13: 0.00021305765 | BK13: 0 | BL13: 1.3379728e-05 | BM13: -3.0703633e-06 | BN13: 0.00022336702 | BO13: 0.00018553721 | BP13: 0 | BQ13: 0 | BR13: 0.00018553721 | BS13: 0 | BT13: 1.7719711e-05 | BU13: -3.1429363e-06 | BV13: 0.00020011398 | BW13: 0.00018934787 | BX13: 0 | BY13: 0 | BZ13: 0.00018934787 | CA13: 0 | CB13: 2.580082e-05 | CC13: -2.399658e-06 | CD13: 0.00021274904 | CE13: 0.00015320414 | CF13: 0 | CG13: 0 | CH13: 0.00015320414 | CI13: 0 | CJ13: 2.7691649e-05 | CK13: -2.1031012e-06 | CL13: 0.00017879269 | CM13: 0.00015975714 | CN13: 0 | CO13: 0 | CP13: 0.00015975714 | CQ13: 0 | CR13: 2.5913976e-05 | CS13: -1.6819076e-06 | CT13: 0.00018398921 | CU13: 0.00023329533 | CV13: 0 | CW13: 0 | CX13: 0.00023329533 | CY13: 0 | CZ13: 6.3474275e-05 | DA13: -4.3917425e-06 | DB13: 0.00029237786 | DC13: 0.00026762265 | DD13: 0 | DE13: 0 | DF13: 0.00026762265 | DG13: 0 | DH13: 7.2573881e-05 | DI13: -4.0748638e-06 | DJ13: 0.00033612167 | DK13: 0.00030516867 | DL13: 0 | DM13: 0 | DN13: 0.00030516867 | DO13: 0 | DP13: 8.4571233e-05 | DQ13: -2.6347705e-06 | DR13: 0.00038710513
A14: 7015 | B14: R&D General public services | C14: 7.6442737e-06 | D14: 0 | E14: 0 | F14: 7.6442737e-06 | G14: 1.5886403e-05 | H14: 0 | I14: -5.7761931e-08 | J14: 2.3472914e-05 | K14: 5.4195992e-06 | L14: 0 | M14: 0 | N14: 5.4195992e-06 | O14: 1.5138292e-05 | P14: 0 | Q14: -5.8089975e-08 | R14: 2.0499801e-05 | S14: 5.7787437e-06 | T14: 0 | U14: 0 | V14: 5.7787437e-06 | W14: 1.6391685e-05 | X14: 0 | Y14: -5.6928323e-08 | Z14: 2.21135e-05 | AA14: 8.6266734e-06 | AB14: 0 | AC14: 0 | AD14: 8.6266734e-06 | AE14: 1.6789001e-05 | AF14: 0 | AG14: -9.9036737e-07 | AH14: 2.4425307e-05 | AI14: 6.637192e-06 | AJ14: 0 | AK14: 0 | AL14: 6.637192e-06 | AM14: 1.6447997e-05 | AN14: 1.4177213e-08 | AO14: -3.2553811e-08 | AP14: 2.3066812e-05 | AQ14: 8.439247e-06 | AR14: 0 | AS14: 0 | AT14: 8.439247e-06 | AU14: 1.3836112e-05 | AV14: 2.6696192e-08 | AW14: -1.3670756e-08 | AX14: 2.2288384e-05 | AY14: 5.3222815e-06 | AZ14: 0 | BA14: 0 | BB14: 5.3222815e-06 | BC14: 1.3718273e-06 | BD14: 2.0587051e-08 | BE14: -5.8387152e-08 | BF14: 6.6563086e-06 | BG14: 5.389747e-06 | BH14: 0 | BI14: 0 | BJ14: 5.389747e-06 | BK14: 6.6629004e-07 | BL14: 1.2807448e-08 | BM14: -5.5002223e-08 | BN14: 6.0138422e-06 | BO14: 4.6143836e-06 | BP14: 0 | BQ14: 0 | BR14: 4.6143836e-06 | BS14: 7.2730477e-07 | BT14: 2.0987806e-08 | BU14: -3.5966081e-08 | BV14: 5.3267101e-06 | BW14: 3.4962606e-06 | BX14: 0 | BY14: 0 | BZ14: 3.4962606e-06 | CA14: 7.2612339e-07 | CB14: 1.3992607e-08 | CC14: -2.1471311e-08 | CD14: 4.2149053e-06 | CE14: 2.8809716e-06 | CF14: 0 | CG14: 0 | CH14: 2.8809716e-06 | CI14: 1.9680351e-06 | CJ14: 1.8233718e-08 | CK14: -1.3981871e-08 | CL14: 4.8532586e-06 | CM14: 2.5254464e-06 | CN14: 0 | CO14: 0 | CP14: 2.5254464e-06 | CQ14: 8.4926082e-06 | CR14: 1.6969576e-08 | CS14: 0 | CT14: 1.1035024e-05 | CU14: 2.3272972e-06 | CV14: 0 | CW14: 0 | CX14: 2.3272972e-06 | CY14: 1.0471539e-06 | CZ14: 4.4686367e-08 | DA14: 0 | DB14: 3.4191375e-06 | DC14: 2.8717347e-06 | DD14: 0 | DE14: 0 | DF14: 2.8717347e-06 | DG14: 1.1399378e-06 | DH14: 5.6849829e-08 | DI14: -1.6587386e-09 | DJ14: 4.0668636e-06 | DK14: 3.0941294e-06 | DL14: 0 | DM14: 0 | DN14: 3.0941294e-06 | DO14: 1.648102e-06 | DP14: 6.7049568e-08 | DQ14: -4.2315857e-11 | DR14: 4.8092386e-06
A15: 7016 | B15: General public services not elsewhere classified | C15: 0.0011697553 | D15: 0 | E15: 0 | F15: 0.0011697553 | G15: 0 | H15: 7.8424564e-05 | I15: -4.1847688e-05 | J15: 0.0012063321 | K15: 0.0009466223 | L15: 0 | M15: 0 | N15: 0.0009466223 | O15: 0 | P15: 4.3544177e-05 | Q15: -2.2637631e-05 | R15: 0.00096752885 | S15: 0.0010038929 | T15: 0 | U15: 0 | V15: 0.0010038929 | W15: 0 | X15: 7.173648e-05 | Y15: -1.9299452e-05 | Z15: 0.0010563299 | AA15: 0.00082591877 | AB15: 0 | AC15: 0 | AD15: 0.00082591877 | AE15: 0 | AF15: 9.5746662e-05 | AG15: -3.883035e-05 | AH15: 0.00088283508 | AI15: 0.00091701637 | AJ15: 0 | AK15: 0 | AL15: 0.00091701637 | AM15: 0 | AN15: 9.1725693e-05 | AO15: -3.3102218e-05 | AP15: 0.00097563984 | AQ15: 0.00093191615 | AR15: 0 | AS15: 0 | AT15: 0.00093191615 | AU15: 0 | AV15: 0.00011001316 | AW15: -4.3880178e-05 | AX15: 0.00099804913 | AY15: 0.0010768705 | AZ15: 0 | BA15: 0 | BB15: 0.0010768705 | BC15: 1.1849074e-12 | BD15: 0.00012010753 | BE15: -5.0930491e-05 | BF15: 0.0011460475 | BG15: 0.00094984364 | BH15: 0 | BI15: 0 | BJ15: 0.00094984364 | BK15: 8.1985557e-12 | BL15: 0.00010409213 | BM15: -4.2701607e-05 | BN15: 0.0010112342 | BO15: 0.0012899856 | BP15: 0 | BQ15: 0 | BR15: 0.0012899856 | BS15: 7.3467745e-12 | BT15: 9.899823e-05 | BU15: -3.1354629e-05 | BV15: 0.0013576292 | BW15: 0.00096222087 | BX15: 0 | BY15: 0 | BZ15: 0.00096222087 | CA15: 8.3010945e-12 | CB15: 0.0001278953 | CC15: -2.8138483e-05 | CD15: 0.0010619777 | CE15: 0.0012532791 | CF15: 0 | CG15: 0 | CH15: 0.0012532791 | CI15: 0 | CJ15: 0.00014416169 | CK15: -3.5203443e-05 | CL15: 0.0013622373 | CM15: 0.00080584085 | CN15: 0 | CO15: 0 | CP15: 0.00080584085 | CQ15: 0 | CR15: 0.00013632822 | CS15: -2.9903021e-05 | CT15: 0.00091226605 | CU15: 0.0014399371 | CV15: 0 | CW15: 0 | CX15: 0.0014399371 | CY15: 0 | CZ15: 0.00014534103 | DA15: -2.4923467e-05 | DB15: 0.0015603547 | DC15: 0.00084381103 | DD15: 0 | DE15: 0 | DF15: 0.00084381103 | DG15: 0 | DH15: 0.00014863205 | DI15: -2.6447462e-05 | DJ15: 0.00096599562 | DK15: 0.001311721 | DL15: 0 | DM15: 0 | DN15: 0.001311721 | DO15: 0 | DP15: 0.00015850456 | DQ15: -2.8168909e-05 | DR15: 0.0014420567
A16: 7017 | B16: Public debt transactions4/ | C16: 0.070462716 | D16: 0 | E16: 0 | F16: 0.070462716 | G16: 0.015801268 | H16: 0.0028263976 | I16: -0.018263982 | J16: 0.070826399 | K16: 0.075915072 | L16: 0 | M16: 0 | N16: 0.075915072 | O16: 0.011106 | P16: 0.0021189389 | Q16: -0.012683659 | R16: 0.076456353 | S16: 0.068865853 | T16: 0 | U16: 0 | V16: 0.068865853 | W16: 0.011837109 | X16: 0.0022451086 | Y16: -0.013503011 | Z16: 0.06944506 | AA16: 0.068695009 | AB16: 0 | AC16: 0 | AD16: 0.068695009 | AE16: 0.010149072 | AF16: 0.0020249076 | AG16: -0.011256226 | AH16: 0.069612763 | AI16: 0.07374213 | AJ16: 0 | AK16: 0 | AL16: 0.07374213 | AM16: 0.0091717743 | AN16: 0.00186287 | AO16: -0.0096399235 | AP16: 0.075136851 | AQ16: 0.11682652 | AR16: 0 | AS16: 0 | AT16: 0.11682652 | AU16: 0.01494917 | AV16: 0.0028520755 | AW16: -0.015384549 | AX16: 0.11924322 | AY16: 0.09681312 | AZ16: 0 | BA16: 0 | BB16: 0.09681312 | BC16: 0.012815211 | BD16: 0.0015059968 | BE16: -0.011604394 | BF16: 0.099529934 | BG16: 0.087590366 | BH16: 0 | BI16: 0 | BJ16: 0.087590366 | BK16: 0.0082474086 | BL16: 0.00078575929 | BM16: -0.0066700158 | BN16: 0.089953518 | BO16: 0.086107514 | BP16: 0 | BQ16: 0 | BR16: 0.086107514 | BS16: 0.0086718276 | BT16: 0.00076408027 | BU16: -0.0072541672 | BV16: 0.088289255 | BW16: 0.070041422 | BX16: 0 | BY16: 0 | BZ16: 0.070041422 | CA16: 0.006645912 | CB16: 0.00065756831 | CC16: -0.0053257252 | CD16: 0.072019177 | CE16: 0.056589825 | CF16: 0 | CG16: 0 | CH16: 0.056589825 | CI16: 0.0047761885 | CJ16: 0.00065787699 | CK16: -0.004100999 | CL16: 0.057922891 | CM16: 0.066778575 | CN16: 0 | CO16: 0 | CP16: 0.066778575 | CQ16: 0.0041025714 | CR16: 0.00060223362 | CS16: -0.0033333274 | CT16: 0.068150053 | CU16: 0.077838164 | CV16: 0 | CW16: 0 | CX16: 0.077838164 | CY16: 0.0093644614 | CZ16: 0.00089091223 | DA16: -0.0076670108 | DB16: 0.080426526 | DC16: 0.078290864 | DD16: 0 | DE16: 0 | DF16: 0.078290864 | DG16: 0.010612633 | DH16: 0.00081373077 | DI16: -0.008355801 | DJ16: 0.081361427 | DK16: 0.079838624 | DL16: 0 | DM16: 0 | DN16: 0.079838624 | DO16: 0.0087291973 | DP16: 0.00088629708 | DQ16: -0.0066941848 | DR16: 0.082759934
A17: 7018 | B17: Transfers of general character between levels of government | C17: 0.032876195 | D17: 0 | E17: 0 | F17: 0.032876195 | G17: 0.01982116 | H17: 0 | I17: -0.052697354 | J17: 0 | K17: 0.03476766 | L17: 0 | M17: 0 | N17: 0.03476766 | O17: 0.019664305 | P17: 0 | Q17: -0.054431965 | R17: 0 | S17: 0.034172789 | T17: 0 | U17: 0 | V17: 0.034172789 | W17: 0.019591274 | X17: 8.6472067e-08 | Y17: -0.05376415 | Z17: 0 | AA17: 0.033280148 | AB17: 0 | AC17: 0 | AD17: 0.033280148 | AE17: 0.019418041 | AF17: 0 | AG17: -0.052698189 | AH17: 0 | AI17: 0.034142131 | AJ17: 0 | AK17: 0 | AL17: 0.034142131 | AM17: 0.019235198 | AN17: 8.3648919e-08 | AO17: -0.053377412 | AP17: 0 | AQ17: 0.033772897 | AR17: 0 | AS17: 0 | AT17: 0.033772897 | AU17: 0.019217011 | AV17: 1.7873315e-08 | AW17: -0.052989926 | AX17: 0 | AY17: 0.036068351 | AZ17: 0 | BA17: 0 | BB17: 0.036068351 | BC17: 0.018558976 | BD17: 0 | BE17: -0.054627327 | BF17: 0 | BG17: 0.035017501 | BH17: 0 | BI17: 0 | BJ17: 0.035017501 | BK17: 0.018579269 | BL17: 9.8988005e-09 | BM17: -0.05359678 | BN17: 0 | BO17: 0.037259671 | BP17: 0 | BQ17: 0 | BR17: 0.037259671 | BS17: 0.018641974 | BT17: 1.0789401e-08 | BU17: -0.055901656 | BV17: 0 | BW17: 0.039110473 | BX17: 0 | BY17: 0 | BZ17: 0.039110473 | CA17: 0.01903158 | CB17: 6.7885593e-07 | CC17: -0.058142731 | CD17: 0 | CE17: 0.046447595 | CF17: 0 | CG17: 0 | CH17: 0.046447595 | CI17: 0.018415203 | CJ17: 1.0980005e-06 | CK17: -0.064863895 | CL17: 0 | CM17: 0.04019272 | CN17: 0 | CO17: 0 | CP17: 0.04019272 | CQ17: 0.020427793 | CR17: 9.4155487e-07 | CS17: -0.060621455 | CT17: 0 | CU17: 0.049188295 | CV17: 0 | CW17: 0 | CX17: 0.049188295 | CY17: 0.019166519 | CZ17: 1.147453e-06 | DA17: -0.068355961 | DB17: 0 | DC17: 0.044363497 | DD17: 0 | DE17: 0 | DF17: 0.044363497 | DG17: 0.017970797 | DH17: 8.2611181e-07 | DI17: -0.06233512 | DJ17: 0 | DK17: 0.046674331 | DL17: 0 | DM17: 0 | DN17: 0.046674331 | DO17: 0.016762414 | DP17: 1.6070904e-06 | DQ17: -0.063438352 | DR17: 0
A18: 702 | B18: Defense | C18: 0.007509135 | D18: 0 | E18: 0 | F18: 0.007509135 | G18: 0.00032156906 | H18: 0.00018629981 | I18: -0.00052663113 | J18: 0.0074903728 | K18: 0.0064705566 | L18: 0 | M18: 0 | N18: 0.0064705566 | O18: 0.0002443405 | P18: 0.00021067654 | Q18: -0.00019250444 | R18: 0.0067330692 | S18: 0.0065639903 | T18: 0 | U18: 0 | V18: 0.0065639903 | W18: 0.0002654863 | X18: 0.00019616988 | Y18: -0.00018069381 | Z18: 0.0068449526 | AA18: 0.0069917754 | AB18: 0 | AC18: 0 | AD18: 0.0069917754 | AE18: 0.00027692131 | AF18: 0.00017876021 | AG18: -0.00031031976 | AH18: 0.0071371371 | AI18: 0.0067303186 | AJ18: 0 | AK18: 0 | AL18: 0.0067303186 | AM18: 0.00032173921 | AN18: 0.00015429906 | AO18: -0.00010613813 | AP18: 0.0071002187 | AQ18: 0.0062950719 | AR18: 0 | AS18: 0 | AT18: 0.0062950719 | AU18: 0.00027044265 | AV18: 0.0001389874 | AW18: -8.1117362e-05 | AX18: 0.0066233846 | AY18: 0.0062158417 | AZ18: 0 | BA18: 0 | BB18: 0.0062158417 | BC18: 0.00021291471 | BD18: 0.00014096555 | BE18: -7.4493271e-05 | BF18: 0.0064952286 | BG18: 0.0064421112 | BH18: 0 | BI18: 0 | BJ18: 0.0064421112 | BK18: 0.00021750034 | BL18: 0.00012814898 | BM18: -7.419379e-05 | BN18: 0.0067135668 | BO18: 0.0064213362 | BP18: 0 | BQ18: 0 | BR18: 0.0064213362 | BS18: 0.00021733849 | BT18: 0.00011619005 | BU18: -7.9415049e-05 | BV18: 0.0066754497 | BW18: 0.0061918916 | BX18: 0 | BY18: 0 | BZ18: 0.0061918916 | CA18: 0.00019740401 | CB18: 0.00014409884 | CC18: -5.4237376e-05 | CD18: 0.0064791571 | CE18: 0.0065276146 | CF18: 0 | CG18: 0 | CH18: 0.0065276146 | CI18: 0.00015143045 | CJ18: 0.00015213228 | CK18: -8.3120996e-05 | CL18: 0.0067480563 | CM18: 0.0054678508 | CN18: 0 | CO18: 0 | CP18: 0.0054678508 | CQ18: 0.00016970906 | CR18: 0.00013520093 | CS18: -4.8264236e-05 | CT18: 0.0057244966 | CU18: 0.0051176007 | CV18: 0 | CW18: 0 | CX18: 0.0051176007 | CY18: 0.00023852806 | CZ18: 0.00015303047 | DA18: -7.1424756e-05 | DB18: 0.0054377344 | DC18: 0.0047815329 | DD18: 0 | DE18: 0 | DF18: 0.0047815329 | DG18: 0.00022489182 | DH18: 0.00018435502 | DI18: -9.2571138e-05 | DJ18: 0.0050982086 | DK18: 0.0047549296 | DL18: 0 | DM18: 0 | DN18: 0.0047549296 | DO18: 0.00031174119 | DP18: 0.00024061934 | DQ18: -0.0002499607 | DR18: 0.0050573294
A19: 7021 | B19: Military defense | C19: 0.006516576 | D19: 0 | E19: 0 | F19: 0.006516576 | G19: 0 | H19: 4.283372e-06 | I19: -9.0738798e-07 | J19: 0.006519952 | K19: 0.0059054672 | L19: 0 | M19: 0 | N19: 0.0059054672 | O19: 0 | P19: 5.669662e-06 | Q19: 0 | R19: 0.0059111368 | S19: 0.0059153961 | T19: 0 | U19: 0 | V19: 0.0059153961 | W19: 0 | X19: 4.2042789e-06 | Y19: 0 | Z19: 0.0059196003 | AA19: 0.0060135768 | AB19: 0 | AC19: 0 | AD19: 0.0060135768 | AE19: 0 | AF19: 2.8877553e-06 | AG19: 0 | AH19: 0.0060164646 | AI19: 0.0060180089 | AJ19: 0 | AK19: 0 | AL19: 0.0060180089 | AM19: 0 | AN19: 3.262607e-06 | AO19: -3.2126439e-07 | AP19: 0.0060209503 | AQ19: 0.0058247181 | AR19: 0 | AS19: 0 | AT19: 0.0058247181 | AU19: 0 | AV19: 3.5499058e-06 | AW19: -4.013623e-07 | AX19: 0.0058278666 | AY19: 0.0057629708 | AZ19: 0 | BA19: 0 | BB19: 0.0057629708 | BC19: 0 | BD19: 3.0575298e-06 | BE19: -5.0992875e-07 | BF19: 0.0057655184 | BG19: 0.005993783 | BH19: 0 | BI19: 0 | BJ19: 0.005993783 | BK19: 0 | BL19: 2.8865601e-06 | BM19: -4.3201254e-07 | BN19: 0.0059962376 | BO19: 0.0060366046 | BP19: 0 | BQ19: 0 | BR19: 0.0060366046 | BS19: 0 | BT19: 4.0188261e-06 | BU19: -2.8538362e-07 | BV19: 0.006040338 | BW19: 0.0058457481 | BX19: 0 | BY19: 0 | BZ19: 0.0058457481 | CA19: 0 | CB19: 2.8203976e-06 | CC19: -1.8723328e-07 | CD19: 0.0058483812 | CE19: 0.0062076978 | CF19: 0 | CG19: 0 | CH19: 0.0062076978 | CI19: 0 | CJ19: 2.710673e-06 | CK19: -2.0294101e-07 | CL19: 0.0062102055 | CM19: 0.0052374036 | CN19: 0 | CO19: 0 | CP19: 0.0052374036 | CQ19: 0 | CR19: 2.5570472e-06 | CS19: -8.406868e-07 | CT19: 0.0052391199 | CU19: 0.0048738559 | CV19: 0 | CW19: 0 | CX19: 0.0048738559 | CY19: 0 | CZ19: 2.8641623e-06 | DA19: -1.5828798e-07 | DB19: 0.0048765618 | DC19: 0.0045388238 | DD19: 0 | DE19: 0 | DF19: 0.0045388238 | DG19: 0 | DH19: 3.6941232e-06 | DI19: -3.1751908e-07 | DJ19: 0.0045422004 | DK19: 0.0043820799 | DL19: 0 | DM19: 0 | DN19: 0.0043820799 | DO19: 0 | DP19: 3.2409818e-06 | DQ19: -1.9950577e-07 | DR19: 0.0043851214
... A87: 7109 | B87: Social protection not elsewhere classified | C87: 0.0037635221 | D87: 0 | E87: 0 | F87: 0.0037635221 | G87: 0.00022932885 | H87: 0.0016911665 | I87: -6.4696702e-05 | J87: 0.0056193207 | K87: 0.0033541456 | L87: 0 | M87: 0 | N87: 0.0033541456 | O87: 0.00023173456 | P87: 0.0018485054 | Q87: -6.0811135e-05 | R87: 0.0053735744 | S87: 0.003078318 | T87: 0 | U87: 0 | V87: 0.003078318 | W87: 0.00023929732 | X87: 0.0017686314 | Y87: -7.9565505e-05 | Z87: 0.0050066812 | AA87: 0.0029969561 | AB87: 0 | AC87: 0 | AD87: 0.0029969561 | AE87: 0.00025866477 | AF87: 0.0017118791 | AG87: -7.6141586e-05 | AH87: 0.0048913585 | AI87: 0.0030909564 | AJ87: 0 | AK87: 0 | AL87: 0.0030909564 | AM87: 0.00026582632 | AN87: 0.0018618766 | AO87: -7.46904e-05 | AP87: 0.0051439689 | AQ87: 0.0031641681 | AR87: 0 | AS87: 0 | AT87: 0.0031641681 | AU87: 0.00024813746 | AV87: 0.0019652572 | AW87: -6.871514e-05 | AX87: 0.0053088476 | AY87: 0.0034143569 | AZ87: 0 | BA87: 0 | BB87: 0.0034143569 | BC87: 0.00021815325 | BD87: 0.0019369055 | BE87: -8.5982598e-05 | BF87: 0.005483433 | BG87: 0.0035138703 | BH87: 0 | BI87: 0 | BJ87: 0.0035138703 | BK87: 0.00019319155 | BL87: 0.0017975232 | BM87: -8.5712281e-05 | BN87: 0.0054188728 | BO87: 0.0035528376 | BP87: 0 | BQ87: 0 | BR87: 0.0035528376 | BS87: 0.00018883607 | BT87: 0.0019423705 | BU87: -6.9867849e-05 | BV87: 0.0056141763 | BW87: 0.0036710576 | BX87: 0 | BY87: 0 | BZ87: 0.0036710576 | CA87: 0.00017034395 | CB87: 0.0019117887 | CC87: -5.8232729e-05 | CD87: 0.0056949576 | CE87: 0.0036604942 | CF87: 0 | CG87: 0 | CH87: 0.0036604942 | CI87: 0.00034228677 | CJ87: 0.0022297154 | CK87: -0.00011061653 | CL87: 0.0061218799 | CM87: 0.0037041139 | CN87: 0 | CO87: 0 | CP87: 0.0037041139 | CQ87: 0.00017720973 | CR87: 0.0021050352 | CS87: -7.3768964e-05 | CT87: 0.0059125898 | CU87: 0.0038724302 | CV87: 0 | CW87: 0 | CX87: 0.0038724302 | CY87: 0.00028349339 | CZ87: 0.0023315885 | DA87: -0.00035543579 | DB87: 0.0061320764 | DC87: 0.0028227074 | DD87: 0 | DE87: 0 | DF87: 0.0028227074 | DG87: 0.00022795059 | DH87: 0.0023939558 | DI87: -0.00020801112 | DJ87: 0.0052366027 | DK87: 0.0033068925 | DL87: 0 | DM87: 0 | DN87: 0.0033068925 | DO87: 0.00032790866 | DP87: 0.0025396586 | DQ87: -0.00013805999 | DR87: 0.0060363998
A88: Source: STN, SOF, IBGE e BCB
A89: Note: data subject to change
A90: 1/ The compilation of expenditure follows the COFOG - Classification of Functions of Government, developed by the OECD/ONU.
A91: 2/ Source: Integrated Financial Management System (SIAFI). Composed of all the units that integrate the Fiscal and Social Security Budget, except the Central Bank of Brazil.
A92: 3/ In accordance with the most recent methodological revision, the Extrabudgetary Central Government sector no longer includes any classified institutional units. For further information, see the Methodological Note – Methodological Revision of the General Government Fiscal Statistics, available at: https://thot-arquivos.tesouro.gov.br/publicacao-anexo/22725
A93: 4/ Internal transactions that should be eliminated in the consolidation process to avoid double counting.
A94: 5/ Source: Accounting Balances Matrix, Siconfi (System of Financial and Accounting Information of the Brazilian Public Sector), RREO (Summarized Statement of Budgetary Execution) and Transparency Portals.
A95: 6/ Source: Accounting Balances Matrix, Siconfi (System of Financial and Accounting Information of the Brazilian Public Sector), RREO (Summarized Statement of Budgetary Execution) and Transparency Portals. For municipalities that did not report data, extrapolation techniques were used in order to increase coverage.
A96: 7/ The consolidated General Government result excludes grants and interest transactions between government units.
A97: 8/ Expenditure compiled on a accrual basis.
A98: 9/ Source: Central Bank of Brazil
A99: 10/ Pre-primary and primary education corresponds to the first 5 years of elementary school.

Sheet 1.2.a
A1: Table 1.2.a. Expenditure by Functions of Government1/ - Central Government - Brazil - Yearly
A2: % GDP
A4: Central Government 2/ | C4: 2010 | D4: 2011 | E4: 2012 | F4: 2013 | G4: 2014 | H4: 2015 | I4: 2016 | J4: 2017 | K4: 2018 | L4: 2019 | M4: 2020 | N4: 2021 | O4: 2022 | P4: 2023 | Q4: 2024
A5: 7 | B5: Expenditure3/ | C5: ='1.2'!C5/'1.2.a'!$C$86 -> 0.28390704 | D5: ='1.2'!D5/'1.2.a'!$D$86 -> 0.28725203 | E5: ='1.2'!E5/'1.2.a'!$E$86 -> 0.28228207 | F5: ='1.2'!F5/'1.2.a'!$F$86 -> 0.28298297 | G5: ='1.2'!G5/'1.2.a'!$G$86 -> 0.29421059 | H5: ='1.2'!H5/'1.2.a'!$H$86 -> 0.33851833 | I5: ='1.2'!I5/'1.2.a'!$I$86 -> 0.33243738 | J5: ='1.2'!J5/'1.2.a'!$J$86 -> 0.32095797 | K5: ='1.2'!K5/'1.2.a'!$K$86 -> 0.32072586 | L5: ='1.2'!L5/'1.2.a'!$L$86 -> 0.30881221 | M5: ='1.2'!M5/'1.2.a'!$M$86 -> 0.34640141 | N5: ='1.2'!N5/'1.2.a'!$N$86 -> 0.29179236 | O5: ='1.2'!O5/'1.2.a'!$O$86 -> 0.31412327 | P5: ='1.2'!P5/'1.2.a'!P$86 -> 0.32255583 | Q5: ='1.2'!Q5/'1.2.a'!Q$86 -> 0.32236458
A6: 701 | B6: General public services | C6: ='1.2'!C6/'1.2.a'!$C$86 -> 0.11253653 | D6: ='1.2'!D6/'1.2.a'!$D$86 -> 0.11904991 | E6: ='1.2'!E6/'1.2.a'!$E$86 -> 0.11067207 | F6: ='1.2'!F6/'1.2.a'!$F$86 -> 0.10891204 | G6: ='1.2'!G6/'1.2.a'!$G$86 -> 0.11455099 | H6: ='1.2'!H6/'1.2.a'!$H$86 -> 0.15805128 | I6: ='1.2'!I6/'1.2.a'!$I$86 -> 0.14077818 | J6: ='1.2'!J6/'1.2.a'!$J$86 -> 0.13007394 | K6: ='1.2'!K6/'1.2.a'!$K$86 -> 0.13137424 | L6: ='1.2'!L6/'1.2.a'!$L$86 -> 0.11675583 | M6: ='1.2'!M6/'1.2.a'!$M$86 -> 0.11156569 | N6: ='1.2'!N6/'1.2.a'!$N$86 -> 0.11378387 | O6: ='1.2'!O6/'1.2.a'!$O$86 -> 0.13564193 | P6: ='1.2'!P6/'1.2.a'!P$86 -> 0.13281135 | Q6: ='1.2'!Q6/'1.2.a'!Q$86 -> 0.13234861
A7: 7011 | B7: Executive and legislative organs, financial and fiscal affairs, external affairs | C7: ='1.2'!C7/'1.2.a'!$C$86 -> 0.006895567 | D7: ='1.2'!D7/'1.2.a'!$D$86 -> 0.0067004274 | E7: ='1.2'!E7/'1.2.a'!$E$86 -> 0.0059288552 | F7: ='1.2'!F7/'1.2.a'!$F$86 -> 0.0054773562 | G7: ='1.2'!G7/'1.2.a'!$G$86 -> 0.0050974626 | H7: ='1.2'!H7/'1.2.a'!$H$86 -> 0.0059185564 | I7: ='1.2'!I7/'1.2.a'!$I$86 -> 0.0062438593 | J7: ='1.2'!J7/'1.2.a'!$J$86 -> 0.0059443446 | K7: ='1.2'!K7/'1.2.a'!$K$86 -> 0.0061753997 | L7: ='1.2'!L7/'1.2.a'!$L$86 -> 0.0061741588 | M7: ='1.2'!M7/'1.2.a'!$M$86 -> 0.0068595432 | N7: ='1.2'!N7/'1.2.a'!$N$86 -> 0.0056285038 | O7: ='1.2'!O7/'1.2.a'!$O$86 -> 0.0065925592 | P7: ='1.2'!P7/'1.2.a'!P$86 -> 0.0085778025 | Q7: ='1.2'!Q7/'1.2.a'!Q$86 -> 0.0038499513
A8: 7012 | B8: Foreign economic aid | C8: ='1.2'!C8/'1.2.a'!$C$86 -> 4.372526e-05 | D8: ='1.2'!D8/'1.2.a'!$D$86 -> 2.7917991e-05 | E8: ='1.2'!E8/'1.2.a'!$E$86 -> 4.8995453e-06 | F8: ='1.2'!F8/'1.2.a'!$F$86 -> 5.7210087e-06 | G8: ='1.2'!G8/'1.2.a'!$G$86 -> 3.4608345e-09 | H8: ='1.2'!H8/'1.2.a'!$H$86 -> 0 | I8: ='1.2'!I8/'1.2.a'!$I$86 -> 0 | J8: ='1.2'!J8/'1.2.a'!$J$86 -> 0 | K8: ='1.2'!K8/'1.2.a'!$K$86 -> 0 | L8: ='1.2'!L8/'1.2.a'!$L$86 -> 0 | M8: ='1.2'!M8/'1.2.a'!$M$86 -> 0 | N8: ='1.2'!N8/'1.2.a'!$N$86 -> 0 | O8: ='1.2'!O8/'1.2.a'!$O$86 -> 0 | P8: ='1.2'!P8/'1.2.a'!P$86 -> 0 | Q8: ='1.2'!Q8/'1.2.a'!Q$86 -> 0
A9: 7013 | B9: General services | C9: ='1.2'!C9/'1.2.a'!$C$86 -> 0.0007794808 | D9: ='1.2'!D9/'1.2.a'!$D$86 -> 0.00043338132 | E9: ='1.2'!E9/'1.2.a'!$E$86 -> 0.00038908271 | F9: ='1.2'!F9/'1.2.a'!$F$86 -> 0.00036921577 | G9: ='1.2'!G9/'1.2.a'!$G$86 -> 0.00032352738 | H9: ='1.2'!H9/'1.2.a'!$H$86 -> 0.00032348069 | I9: ='1.2'!I9/'1.2.a'!$I$86 -> 0.00030622703 | J9: ='1.2'!J9/'1.2.a'!$J$86 -> 0.0003534324 | K9: ='1.2'!K9/'1.2.a'!$K$86 -> 0.00035151936 | L9: ='1.2'!L9/'1.2.a'!$L$86 -> 0.0002747106 | M9: ='1.2'!M9/'1.2.a'!$M$86 -> 0.00025935999 | N9: ='1.2'!N9/'1.2.a'!$N$86 -> 0.0002159449 | O9: ='1.2'!O9/'1.2.a'!$O$86 -> 0.00034735563 | P9: ='1.2'!P9/'1.2.a'!P$86 -> 0.00046488454 | Q9: ='1.2'!Q9/'1.2.a'!Q$86 -> 0.00036572376
A10: 7014 | B10: Basic research | C10: ='1.2'!C10/'1.2.a'!$C$86 -> 0.0003014511 | D10: ='1.2'!D10/'1.2.a'!$D$86 -> 0.00025340965 | E10: ='1.2'!E10/'1.2.a'!$E$86 -> 0.00030091671 | F10: ='1.2'!F10/'1.2.a'!$F$86 -> 0.00025004792 | G10: ='1.2'!G10/'1.2.a'!$G$86 -> 0.00032207765 | H10: ='1.2'!H10/'1.2.a'!$H$86 -> 0.00026947455 | I10: ='1.2'!I10/'1.2.a'!$I$86 -> 0.00026442857 | J10: ='1.2'!J10/'1.2.a'!$J$86 -> 0.00021305765 | K10: ='1.2'!K10/'1.2.a'!$K$86 -> 0.00018553721 | L10: ='1.2'!L10/'1.2.a'!$L$86 -> 0.00018934787 | M10: ='1.2'!M10/'1.2.a'!$M$86 -> 0.00015320414 | N10: ='1.2'!N10/'1.2.a'!$N$86 -> 0.00015975714 | O10: ='1.2'!O10/'1.2.a'!$O$86 -> 0.00023329533 | P10: ='1.2'!P10/'1.2.a'!P$86 -> 0.00026762265 | Q10: ='1.2'!Q10/'1.2.a'!Q$86 -> 0.00030516867
A11: 7015 | B11: R&D General public services | C11: ='1.2'!C11/'1.2.a'!$C$86 -> 7.6442737e-06 | D11: ='1.2'!D11/'1.2.a'!$D$86 -> 5.4195992e-06 | E11: ='1.2'!E11/'1.2.a'!$E$86 -> 5.7787437e-06 | F11: ='1.2'!F11/'1.2.a'!$F$86 -> 8.6266734e-06 | G11: ='1.2'!G11/'1.2.a'!$G$86 -> 6.637192e-06 | H11: ='1.2'!H11/'1.2.a'!$H$86 -> 8.439247e-06 | I11: ='1.2'!I11/'1.2.a'!$I$86 -> 5.3222815e-06 | J11: ='1.2'!J11/'1.2.a'!$J$86 -> 5.389747e-06 | K11: ='1.2'!K11/'1.2.a'!$K$86 -> 4.6143836e-06 | L11: ='1.2'!L11/'1.2.a'!$L$86 -> 3.4962606e-06 | M11: ='1.2'!M11/'1.2.a'!$M$86 -> 2.8809716e-06 | N11: ='1.2'!N11/'1.2.a'!$N$86 -> 2.5254464e-06 | O11: ='1.2'!O11/'1.2.a'!$O$86 -> 2.3272972e-06 | P11: ='1.2'!P11/'1.2.a'!P$86 -> 2.8717347e-06 | Q11: ='1.2'!Q11/'1.2.a'!Q$86 -> 3.0941294e-06
A12: 7016 | B12: General public services not elsewhere classified | C12: ='1.2'!C12/'1.2.a'!$C$86 -> 0.0011697553 | D12: ='1.2'!D12/'1.2.a'!$D$86 -> 0.0009466223 | E12: ='1.2'!E12/'1.2.a'!$E$86 -> 0.0010038929 | F12: ='1.2'!F12/'1.2.a'!$F$86 -> 0.00082591877 | G12: ='1.2'!G12/'1.2.a'!$G$86 -> 0.00091701637 | H12: ='1.2'!H12/'1.2.a'!$H$86 -> 0.00093191615 | I12: ='1.2'!I12/'1.2.a'!$I$86 -> 0.0010768705 | J12: ='1.2'!J12/'1.2.a'!$J$86 -> 0.00094984364 | K12: ='1.2'!K12/'1.2.a'!$K$86 -> 0.0012899856 | L12: ='1.2'!L12/'1.2.a'!$L$86 -> 0.00096222087 | M12: ='1.2'!M12/'1.2.a'!$M$86 -> 0.0012532791 | N12: ='1.2'!N12/'1.2.a'!$N$86 -> 0.00080584085 | O12: ='1.2'!O12/'1.2.a'!$O$86 -> 0.0014399371 | P12: ='1.2'!P12/'1.2.a'!P$86 -> 0.00084381103 | Q12: ='1.2'!Q12/'1.2.a'!Q$86 -> 0.001311721
A13: 7017 | B13: Public debt transactions4/ | C13: ='1.2'!C13/'1.2.a'!$C$86 -> 0.070462716 | D13: ='1.2'!D13/'1.2.a'!$D$86 -> 0.075915072 | E13: ='1.2'!E13/'1.2.a'!$E$86 -> 0.068865853 | F13: ='1.2'!F13/'1.2.a'!$F$86 -> 0.068695009 | G13: ='1.2'!G13/'1.2.a'!$G$86 -> 0.07374213 | H13: ='1.2'!H13/'1.2.a'!$H$86 -> 0.11682652 | I13: ='1.2'!I13/'1.2.a'!$I$86 -> 0.09681312 | J13: ='1.2'!J13/'1.2.a'!$J$86 -> 0.087590366 | K13: ='1.2'!K13/'1.2.a'!$K$86 -> 0.086107514 | L13: ='1.2'!L13/'1.2.a'!$L$86 -> 0.070041422 | M13: ='1.2'!M13/'1.2.a'!$M$86 -> 0.056589825 | N13: ='1.2'!N13/'1.2.a'!$N$86 -> 0.066778575 | O13: ='1.2'!O13/'1.2.a'!$O$86 -> 0.077838164 | P13: ='1.2'!P13/'1.2.a'!P$86 -> 0.078290864 | Q13: ='1.2'!Q13/'1.2.a'!Q$86 -> 0.079838624
A14: 7018 | B14: Transfers of general character between levels of government | C14: ='1.2'!C14/'1.2.a'!$C$86 -> 0.032876195 | D14: ='1.2'!D14/'1.2.a'!$D$86 -> 0.03476766 | E14: ='1.2'!E14/'1.2.a'!$E$86 -> 0.034172789 | F14: ='1.2'!F14/'1.2.a'!$F$86 -> 0.033280148 | G14: ='1.2'!G14/'1.2.a'!$G$86 -> 0.034142131 | H14: ='1.2'!H14/'1.2.a'!$H$86 -> 0.033772897 | I14: ='1.2'!I14/'1.2.a'!$I$86 -> 0.036068351 | J14: ='1.2'!J14/'1.2.a'!$J$86 -> 0.035017501 | K14: ='1.2'!K14/'1.2.a'!$K$86 -> 0.037259671 | L14: ='1.2'!L14/'1.2.a'!$L$86 -> 0.039110473 | M14: ='1.2'!M14/'1.2.a'!$M$86 -> 0.046447595 | N14: ='1.2'!N14/'1.2.a'!$N$86 -> 0.04019272 | O14: ='1.2'!O14/'1.2.a'!$O$86 -> 0.049188295 | P14: ='1.2'!P14/'1.2.a'!P$86 -> 0.044363497 | Q14: ='1.2'!Q14/'1.2.a'!Q$86 -> 0.046674331
A15: 702 | B15: Defense | C15: ='1.2'!C15/'1.2.a'!$C$86 -> 0.007509135 | D15: ='1.2'!D15/'1.2.a'!$D$86 -> 0.0064705566 | E15: ='1.2'!E15/'1.2.a'!$E$86 -> 0.0065639903 | F15: ='1.2'!F15/'1.2.a'!$F$86 -> 0.0069917754 | G15: ='1.2'!G15/'1.2.a'!$G$86 -> 0.0067303186 | H15: ='1.2'!H15/'1.2.a'!$H$86 -> 0.0062950719 | I15: ='1.2'!I15/'1.2.a'!$I$86 -> 0.0062158417 | J15: ='1.2'!J15/'1.2.a'!$J$86 -> 0.0064421112 | K15: ='1.2'!K15/'1.2.a'!$K$86 -> 0.0064213362 | L15: ='1.2'!L15/'1.2.a'!$L$86 -> 0.0061918916 | M15: ='1.2'!M15/'1.2.a'!$M$86 -> 0.0065276146 | N15: ='1.2'!N15/'1.2.a'!$N$86 -> 0.0054678508 | O15: ='1.2'!O15/'1.2.a'!$O$86 -> 0.0051176007 | P15: ='1.2'!P15/'1.2.a'!P$86 -> 0.0047815329 | Q15: ='1.2'!Q15/'1.2.a'!Q$86 -> 0.0047549296
A16: 7021 | B16: Military defense | C16: ='1.2'!C16/'1.2.a'!$C$86 -> 0.006516576 | D16: ='1.2'!D16/'1.2.a'!$D$86 -> 0.0059054672 | E16: ='1.2'!E16/'1.2.a'!$E$86 -> 0.0059153961 | F16: ='1.2'!F16/'1.2.a'!$F$86 -> 0.0060135768 | G16: ='1.2'!G16/'1.2.a'!$G$86 -> 0.0060180089 | H16: ='1.2'!H16/'1.2.a'!$H$86 -> 0.0058247181 | I16: ='1.2'!I16/'1.2.a'!$I$86 -> 0.0057629708 | J16: ='1.2'!J16/'1.2.a'!$J$86 -> 0.005993783 | K16: ='1.2'!K16/'1.2.a'!$K$86 -> 0.0060366046 | L16: ='1.2'!L16/'1.2.a'!$L$86 -> 0.0058457481 | M16: ='1.2'!M16/'1.2.a'!$M$86 -> 0.0062076978 | N16: ='1.2'!N16/'1.2.a'!$N$86 -> 0.0052374036 | O16: ='1.2'!O16/'1.2.a'!$O$86 -> 0.0048738559 | P16: ='1.2'!P16/'1.2.a'!P$86 -> 0.0045388238 | Q16: ='1.2'!Q16/'1.2.a'!Q$86 -> 0.0043820799
... A84: 7109 | B84: Social protection not elsewhere classified | C84: ='1.2'!C84/'1.2.a'!$C$86 -> 0.0037635221 | D84: ='1.2'!D84/'1.2.a'!$D$86 -> 0.0033541456 | E84: ='1.2'!E84/'1.2.a'!$E$86 -> 0.003078318 | F84: ='1.2'!F84/'1.2.a'!$F$86 -> 0.0029969561 | G84: ='1.2'!G84/'1.2.a'!$G$86 -> 0.0030909564 | H84: ='1.2'!H84/'1.2.a'!$H$86 -> 0.0031641681 | I84: ='1.2'!I84/'1.2.a'!$I$86 -> 0.0034143569 | J84: ='1.2'!J84/'1.2.a'!$J$86 -> 0.0035138703 | K84: ='1.2'!K84/'1.2.a'!$K$86 -> 0.0035528376 | L84: ='1.2'!L84/'1.2.a'!$L$86 -> 0.0036710576 | M84: ='1.2'!M84/'1.2.a'!$M$86 -> 0.0036604942 | N84: ='1.2'!N84/'1.2.a'!$N$86 -> 0.0037041139 | O84: ='1.2'!O84/'1.2.a'!$O$86 -> 0.0038724302 | P84: ='1.2'!P84/'1.2.a'!P$86 -> 0.0028227074 | Q84: ='1.2'!Q84/'1.2.a'!Q$86 -> 0.0033068925
A85: Memo
A86: 1. | B86: GDP (Current Values - R$ Million) 6/ | C86: 3885847 | D86: 4376382 | E86: 4814760 | F86: 5331619 | G86: 5778953 | H86: 5995787 | I86: 6269328 | J86: 6585479 | K86: 7004141 | L86: 7389131 | M86: 7609597 | N86: 9012142 | O86: 10079677 | P86: 10943345 | Q86: 11744710
A87: Source: STN, SOF, IBGE e BCB
A88: Note: data subject to change
A89: 1/ The compilation of expenditure follows the COFOG - Classification of Functions of Government, developed by the OECD/ONU.
A90: 2/ Source: Integrated Financial Management System (SIAFI).
A91: 3/ Expenditure compiled on a accrual basis.
A92: 4/ Source: Central Bank of Brazil
A93: 5/ Pre-primary and primary education corresponds to the first 5 years of elementary school.
A94: 6/ Source: IBGE

Sheet 1.3.a
A1: Table 1.3.a. Expenditure by Functions of Government1/ - State Governments - Brazil - Yearly
A2: % GDP
A4: State Governments 2/ | C4: 2010 | D4: 2011 | E4: 2012 | F4: 2013 | G4: 2014 | H4: 2015 | I4: 2016 | J4: 2017 | K4: 2018 | L4: 2019 | M4: 2020 | N4: 2021 | O4: 2022 | P4: 2023 | Q4: 2024
A5: 7 | B5: Expenditure3/ | C5: ='1.3'!C5/'1.3.a'!$C$86 -> 0.13354566 | D5: ='1.3'!D5/'1.3.a'!$D$86 -> 0.12364296 | E5: ='1.3'!E5/'1.3.a'!$E$86 -> 0.12646995 | F5: ='1.3'!F5/'1.3.a'!$F$86 -> 0.1281743 | G5: ='1.3'!G5/'1.3.a'!$G$86 -> 0.12906652 | H5: ='1.3'!H5/'1.3.a'!$H$86 -> 0.13391136 | I5: ='1.3'!I5/'1.3.a'!$I$86 -> 0.13251804 | J5: ='1.3'!J5/'1.3.a'!$J$86 -> 0.12835425 | K5: ='1.3'!K5/'1.3.a'!$K$86 -> 0.12803771 | L5: ='1.3'!L5/'1.3.a'!$L$86 -> 0.12483868 | M5: ='1.3'!M5/'1.3.a'!$M$86 -> 0.124484 | N5: ='1.3'!N5/'1.3.a'!$N$86 -> 0.12038345 | O5: ='1.3'!O5/'1.3.a'!O$86 -> 0.13589386 | P5: ='1.3'!P5/'1.3.a'!P$86 -> 0.13352384 | Q5: ='1.3'!Q5/'1.3.a'!Q$86 -> 0.13467569
A6: 701 | B6: General public services | C6: ='1.3'!C6/'1.3.a'!$C$86 -> 0.046104401 | D6: ='1.3'!D6/'1.3.a'!$D$86 -> 0.039793051 | E6: ='1.3'!E6/'1.3.a'!$E$86 -> 0.041804453 | F6: ='1.3'!F6/'1.3.a'!$F$86 -> 0.039498446 | G6: ='1.3'!G6/'1.3.a'!$G$86 -> 0.038138129 | H6: ='1.3'!H6/'1.3.a'!$H$86 -> 0.043568354 | I6: ='1.3'!I6/'1.3.a'!$I$86 -> 0.039242525 | J6: ='1.3'!J6/'1.3.a'!$J$86 -> 0.034332028 | K6: ='1.3'!K6/'1.3.a'!$K$86 -> 0.034407048 | L6: ='1.3'!L6/'1.3.a'!$L$86 -> 0.032756735 | M6: ='1.3'!M6/'1.3.a'!$M$86 -> 0.029517033 | N6: ='1.3'!N6/'1.3.a'!$N$86 -> 0.036297369 | O6: ='1.3'!O6/'1.3.a'!O$86 -> 0.039376016 | P6: ='1.3'!P6/'1.3.a'!P$86 -> 0.037363194 | Q6: ='1.3'!Q6/'1.3.a'!Q$86 -> 0.03407571
A7: 7011 | B7: Executive and legislative organs, financial and fiscal affairs, external affairs | C7: ='1.3'!C7/'1.3.a'!$C$86 -> 0.0093599715 | D7: ='1.3'!D7/'1.3.a'!$D$86 -> 0.0080532932 | E7: ='1.3'!E7/'1.3.a'!$E$86 -> 0.0093720972 | F7: ='1.3'!F7/'1.3.a'!$F$86 -> 0.0088564776 | G7: ='1.3'!G7/'1.3.a'!$G$86 -> 0.0087056737 | H7: ='1.3'!H7/'1.3.a'!$H$86 -> 0.0085401857 | I7: ='1.3'!I7/'1.3.a'!$I$86 -> 0.0074384025 | J7: ='1.3'!J7/'1.3.a'!$J$86 -> 0.0070645137 | K7: ='1.3'!K7/'1.3.a'!$K$86 -> 0.0066536753 | L7: ='1.3'!L7/'1.3.a'!$L$86 -> 0.0066462623 | M7: ='1.3'!M7/'1.3.a'!$M$86 -> 0.005895563 | N7: ='1.3'!N7/'1.3.a'!$N$86 -> 0.011296253 | O7: ='1.3'!O7/'1.3.a'!O$86 -> 0.010372503 | P7: ='1.3'!P7/'1.3.a'!P$86 -> 0.0082483559 | Q7: ='1.3'!Q7/'1.3.a'!Q$86 -> 0.0081063443
A8: 7012 | B8: Foreign economic aid | C8: ='1.3'!C8/'1.3.a'!$C$86 -> 0 | D8: ='1.3'!D8/'1.3.a'!$D$86 -> 0 | E8: ='1.3'!E8/'1.3.a'!$E$86 -> 0 | F8: ='1.3'!F8/'1.3.a'!$F$86 -> 0 | G8: ='1.3'!G8/'1.3.a'!$G$86 -> 0 | H8: ='1.3'!H8/'1.3.a'!$H$86 -> 0 | I8: ='1.3'!I8/'1.3.a'!$I$86 -> 0 | J8: ='1.3'!J8/'1.3.a'!$J$86 -> 0 | K8: ='1.3'!K8/'1.3.a'!$K$86 -> 0 | L8: ='1.3'!L8/'1.3.a'!$L$86 -> 0 | M8: ='1.3'!M8/'1.3.a'!$M$86 -> 0 | N8: ='1.3'!N8/'1.3.a'!$N$86 -> 0 | O8: ='1.3'!O8/'1.3.a'!O$86 -> 0 | P8: ='1.3'!P8/'1.3.a'!P$86 -> 0 | Q8: ='1.3'!Q8/'1.3.a'!Q$86 -> 0
A9: 7013 | B9: General services | C9: ='1.3'!C9/'1.3.a'!$C$86 -> 0.0011061153 | D9: ='1.3'!D9/'1.3.a'!$D$86 -> 0.00095431469 | E9: ='1.3'!E9/'1.3.a'!$E$86 -> 0.0009875808 | F9: ='1.3'!F9/'1.3.a'!$F$86 -> 0.0010580662 | G9: ='1.3'!G9/'1.3.a'!$G$86 -> 0.0010090356 | H9: ='1.3'!H9/'1.3.a'!$H$86 -> 0.00084815127 | I9: ='1.3'!I9/'1.3.a'!$I$86 -> 0.00042856398 | J9: ='1.3'!J9/'1.3.a'!$J$86 -> 0.00044017085 | K9: ='1.3'!K9/'1.3.a'!$K$86 -> 0.00043884408 | L9: ='1.3'!L9/'1.3.a'!$L$86 -> 0.00043225455 | M9: ='1.3'!M9/'1.3.a'!$M$86 -> 0.00042811108 | N9: ='1.3'!N9/'1.3.a'!$N$86 -> 0.00046225834 | O9: ='1.3'!O9/'1.3.a'!O$86 -> 0.00047148572 | P9: ='1.3'!P9/'1.3.a'!P$86 -> 0.00053026839 | Q9: ='1.3'!Q9/'1.3.a'!Q$86 -> 0.00047610646
A10: 7014 | B10: Basic research | C10: ='1.3'!C10/'1.3.a'!$C$86 -> 0 | D10: ='1.3'!D10/'1.3.a'!$D$86 -> 0 | E10: ='1.3'!E10/'1.3.a'!$E$86 -> 0 | F10: ='1.3'!F10/'1.3.a'!$F$86 -> 0 | G10: ='1.3'!G10/'1.3.a'!$G$86 -> 0 | H10: ='1.3'!H10/'1.3.a'!$H$86 -> 0 | I10: ='1.3'!I10/'1.3.a'!$I$86 -> 0 | J10: ='1.3'!J10/'1.3.a'!$J$86 -> 0 | K10: ='1.3'!K10/'1.3.a'!$K$86 -> 0 | L10: ='1.3'!L10/'1.3.a'!$L$86 -> 0 | M10: ='1.3'!M10/'1.3.a'!$M$86 -> 0 | N10: ='1.3'!N10/'1.3.a'!$N$86 -> 0 | O10: ='1.3'!O10/'1.3.a'!O$86 -> 0 | P10: ='1.3'!P10/'1.3.a'!P$86 -> 0 | Q10: ='1.3'!Q10/'1.3.a'!Q$86 -> 0
A11: 7015 | B11: R&D General public services | C11: ='1.3'!C11/'1.3.a'!$C$86 -> 1.5886403e-05 | D11: ='1.3'!D11/'1.3.a'!$D$86 -> 1.5138292e-05 | E11: ='1.3'!E11/'1.3.a'!$E$86 -> 1.6391685e-05 | F11: ='1.3'!F11/'1.3.a'!$F$86 -> 1.6789001e-05 | G11: ='1.3'!G11/'1.3.a'!$G$86 -> 1.6447997e-05 | H11: ='1.3'!H11/'1.3.a'!$H$86 -> 1.3836112e-05 | I11: ='1.3'!I11/'1.3.a'!$I$86 -> 1.3718273e-06 | J11: ='1.3'!J11/'1.3.a'!$J$86 -> 6.6629004e-07 | K11: ='1.3'!K11/'1.3.a'!$K$86 -> 7.2730477e-07 | L11: ='1.3'!L11/'1.3.a'!$L$86 -> 7.2612339e-07 | M11: ='1.3'!M11/'1.3.a'!$M$86 -> 1.9680351e-06 | N11: ='1.3'!N11/'1.3.a'!$N$86 -> 8.4926082e-06 | O11: ='1.3'!O11/'1.3.a'!O$86 -> 1.0471539e-06 | P11: ='1.3'!P11/'1.3.a'!P$86 -> 1.1399378e-06 | Q11: ='1.3'!Q11/'1.3.a'!Q$86 -> 1.648102e-06
A12: 7016 | B12: General public services not elsewhere classified | C12: ='1.3'!C12/'1.3.a'!$C$86 -> 0 | D12: ='1.3'!D12/'1.3.a'!$D$86 -> 0 | E12: ='1.3'!E12/'1.3.a'!$E$86 -> 0 | F12: ='1.3'!F12/'1.3.a'!$F$86 -> 0 | G12: ='1.3'!G12/'1.3.a'!$G$86 -> 0 | H12: ='1.3'!H12/'1.3.a'!$H$86 -> 0 | I12: ='1.3'!I12/'1.3.a'!$I$86 -> 1.1849074e-12 | J12: ='1.3'!J12/'1.3.a'!$J$86 -> 8.1985557e-12 | K12: ='1.3'!K12/'1.3.a'!$K$86 -> 7.3467745e-12 | L12: ='1.3'!L12/'1.3.a'!$L$86 -> 8.3010945e-12 | M12: ='1.3'!M12/'1.3.a'!$M$86 -> 0 | N12: ='1.3'!N12/'1.3.a'!$N$86 -> 0 | O12: ='1.3'!O12/'1.3.a'!O$86 -> 0 | P12: ='1.3'!P12/'1.3.a'!P$86 -> 0 | Q12: ='1.3'!Q12/'1.3.a'!Q$86 -> 0
A13: 7017 | B13: Public debt transactions4/ | C13: ='1.3'!C13/'1.3.a'!$C$86 -> 0.015801268 | D13: ='1.3'!D13/'1.3.a'!$D$86 -> 0.011106 | E13: ='1.3'!E13/'1.3.a'!$E$86 -> 0.011837109 | F13: ='1.3'!F13/'1.3.a'!$F$86 -> 0.010149072 | G13: ='1.3'!G13/'1.3.a'!$G$86 -> 0.0091717743 | H13: ='1.3'!H13/'1.3.a'!$H$86 -> 0.01494917 | I13: ='1.3'!I13/'1.3.a'!$I$86 -> 0.012815211 | J13: ='1.3'!J13/'1.3.a'!$J$86 -> 0.0082474086 | K13: ='1.3'!K13/'1.3.a'!$K$86 -> 0.0086718276 | L13: ='1.3'!L13/'1.3.a'!$L$86 -> 0.006645912 | M13: ='1.3'!M13/'1.3.a'!$M$86 -> 0.0047761885 | N13: ='1.3'!N13/'1.3.a'!$N$86 -> 0.0041025714 | O13: ='1.3'!O13/'1.3.a'!O$86 -> 0.0093644614 | P13: ='1.3'!P13/'1.3.a'!P$86 -> 0.010612633 | Q13: ='1.3'!Q13/'1.3.a'!Q$86 -> 0.0087291973
A14: 7018 | B14: Transfers of general character between levels of government | C14: ='1.3'!C14/'1.3.a'!$C$86 -> 0.01982116 | D14: ='1.3'!D14/'1.3.a'!$D$86 -> 0.019664305 | E14: ='1.3'!E14/'1.3.a'!$E$86 -> 0.019591274 | F14: ='1.3'!F14/'1.3.a'!$F$86 -> 0.019418041 | G14: ='1.3'!G14/'1.3.a'!$G$86 -> 0.019235198 | H14: ='1.3'!H14/'1.3.a'!$H$86 -> 0.019217011 | I14: ='1.3'!I14/'1.3.a'!$I$86 -> 0.018558976 | J14: ='1.3'!J14/'1.3.a'!$J$86 -> 0.018579269 | K14: ='1.3'!K14/'1.3.a'!$K$86 -> 0.018641974 | L14: ='1.3'!L14/'1.3.a'!$L$86 -> 0.01903158 | M14: ='1.3'!M14/'1.3.a'!$M$86 -> 0.018415203 | N14: ='1.3'!N14/'1.3.a'!$N$86 -> 0.020427793 | O14: ='1.3'!O14/'1.3.a'!O$86 -> 0.019166519 | P14: ='1.3'!P14/'1.3.a'!P$86 -> 0.017970797 | Q14: ='1.3'!Q14/'1.3.a'!Q$86 -> 0.016762414
A15: 702 | B15: Defense | C15: ='1.3'!C15/'1.3.a'!$C$86 -> 0.00032156906 | D15: ='1.3'!D15/'1.3.a'!$D$86 -> 0.0002443405 | E15: ='1.3'!E15/'1.3.a'!$E$86 -> 0.0002654863 | F15: ='1.3'!F15/'1.3.a'!$F$86 -> 0.00027692131 | G15: ='1.3'!G15/'1.3.a'!$G$86 -> 0.00032173921 | H15: ='1.3'!H15/'1.3.a'!$H$86 -> 0.00027044265 | I15: ='1.3'!I15/'1.3.a'!$I$86 -> 0.00021291471 | J15: ='1.3'!J15/'1.3.a'!$J$86 -> 0.00021750034 | K15: ='1.3'!K15/'1.3.a'!$K$86 -> 0.00021733849 | L15: ='1.3'!L15/'1.3.a'!$L$86 -> 0.00019740401 | M15: ='1.3'!M15/'1.3.a'!$M$86 -> 0.00015143045 | N15: ='1.3'!N15/'1.3.a'!$N$86 -> 0.00016970906 | O15: ='1.3'!O15/'1.3.a'!O$86 -> 0.00023852806 | P15: ='1.3'!P15/'1.3.a'!P$86 -> 0.00022489182 | Q15: ='1.3'!Q15/'1.3.a'!Q$86 -> 0.00031174119
A16: 7021 | B16: Military defense | C16: ='1.3'!C16/'1.3.a'!$C$86 -> 0 | D16: ='1.3'!D16/'1.3.a'!$D$86 -> 0 | E16: ='1.3'!E16/'1.3.a'!$E$86 -> 0 | F16: ='1.3'!F16/'1.3.a'!$F$86 -> 0 | G16: ='1.3'!G16/'1.3.a'!$G$86 -> 0 | H16: ='1.3'!H16/'1.3.a'!$H$86 -> 0 | I16: ='1.3'!I16/'1.3.a'!$I$86 -> 0 | J16: ='1.3'!J16/'1.3.a'!$J$86 -> 0 | K16: ='1.3'!K16/'1.3.a'!$K$86 -> 0 | L16: ='1.3'!L16/'1.3.a'!$L$86 -> 0 | M16: ='1.3'!M16/'1.3.a'!$M$86 -> 0 | N16: ='1.3'!N16/'1.3.a'!$N$86 -> 0 | O16: ='1.3'!O16/'1.3.a'!O$86 -> 0 | P16: ='1.3'!P16/'1.3.a'!P$86 -> 0 | Q16: ='1.3'!Q16/'1.3.a'!Q$86 -> 0
... A84: 7109 | B84: Social protection not elsewhere classified | C84: ='1.3'!C84/'1.3.a'!$C$86 -> 0.00022932885 | D84: ='1.3'!D84/'1.3.a'!$D$86 -> 0.00023173456 | E84: ='1.3'!E84/'1.3.a'!$E$86 -> 0.00023929732 | F84: ='1.3'!F84/'1.3.a'!$F$86 -> 0.00025866477 | G84: ='1.3'!G84/'1.3.a'!$G$86 -> 0.00026582632 | H84: ='1.3'!H84/'1.3.a'!$H$86 -> 0.00024813746 | I84: ='1.3'!I84/'1.3.a'!$I$86 -> 0.00021815325 | J84: ='1.3'!J84/'1.3.a'!$J$86 -> 0.00019319155 | K84: ='1.3'!K84/'1.3.a'!$K$86 -> 0.00018883607 | L84: ='1.3'!L84/'1.3.a'!$L$86 -> 0.00017034395 | M84: ='1.3'!M84/'1.3.a'!$M$86 -> 0.00034228677 | N84: ='1.3'!N84/'1.3.a'!$N$86 -> 0.00017720973 | O84: ='1.3'!O84/'1.3.a'!O$86 -> 0.00028349339 | P84: ='1.3'!P84/'1.3.a'!P$86 -> 0.00022795059 | Q84: ='1.3'!Q84/'1.3.a'!Q$86 -> 0.00032790866
A85: Memo
A86: 1. | B86: GDP (Current Values - R$ Million) 6/ | C86: 3885847 | D86: 4376382 | E86: 4814760 | F86: 5331619 | G86: 5778953 | H86: 5995787 | I86: 6269328 | J86: 6585479 | K86: 7004141 | L86: 7389131 | M86: 7609597 | N86: 9012142 | O86: 10079677 | P86: 10943345 | Q86: 11744710
A87: Source: STN, SOF, IBGE e BCB
A88: Note: data subject to change
A89: 1/ The compilation of expenditure follows the COFOG - Classification of Functions of Government, developed by the OECD/ONU.
A90: 2/ Source: Accounting Balances Matrix, Siconfi (System of Financial and Accounting Information of the Brazilian Public Sector), RREO (Summarized Statement of Budgetary Execution) and Transparency Portals.
A91: 3/ Expenditure compiled on a accrual basis.
A92: 4/ Source: Central Bank of Brazil
A93: 5/ Pre-primary and primary education corresponds to the first 5 years of elementary school.
A94: 6/ Source: IBGE

Sheet 1.4.a
A1: Table 1.4.a. Expenditure by Functions of Government1/ - Municipalities - Brazil - Yearly
A2: % GDP
A4: Municipalities 2/ | C4: 2010 | D4: 2011 | E4: 2012 | F4: 2013 | G4: 2014 | H4: 2015 | I4: 2016 | J4: 2017 | K4: 2018 | L4: 2019 | M4: 2020 | N4: 2021 | O4: 2022 | P4: 2023 | Q4: 2024
A5: 7 | B5: Expenditure3/ | C5: ='1.4'!C5/'1.4.a'!$C$86 -> 0.080838312 | D5: ='1.4'!D5/'1.4.a'!$D$86 -> 0.080492654 | E5: ='1.4'!E5/'1.4.a'!$E$86 -> 0.083876458 | F5: ='1.4'!F5/'1.4.a'!$F$86 -> 0.079514226 | G5: ='1.4'!G5/'1.4.a'!$G$86 -> 0.083880499 | H5: ='1.4'!H5/'1.4.a'!$H$86 -> 0.086991308 | I5: ='1.4'!I5/'1.4.a'!$I$86 -> 0.088134019 | J5: ='1.4'!J5/'1.4.a'!$J$86 -> 0.083264308 | K5: ='1.4'!K5/'1.4.a'!$K$86 -> 0.086164528 | L5: ='1.4'!L5/'1.4.a'!$L$86 -> 0.089272341 | M5: ='1.4'!M5/'1.4.a'!$M$86 -> 0.09460678 | N5: ='1.4'!N5/'1.4.a'!$N$86 -> 0.085743036 | O5: ='1.4'!O5/'1.4.a'!O$86 -> 0.096576495 | P5: ='1.4'!P5/'1.4.a'!P$86 -> 0.10268034 | Q5: ='1.4'!Q5/'1.4.a'!Q$86 -> 0.11102528
A6: 701 | B6: General public services | C6: ='1.4'!C6/'1.4.a'!$C$86 -> 0.014414948 | D6: ='1.4'!D6/'1.4.a'!$D$86 -> 0.013894648 | E6: ='1.4'!E6/'1.4.a'!$E$86 -> 0.01408106 | F6: ='1.4'!F6/'1.4.a'!$F$86 -> 0.013473968 | G6: ='1.4'!G6/'1.4.a'!$G$86 -> 0.013555776 | H6: ='1.4'!H6/'1.4.a'!$H$86 -> 0.014766224 | I6: ='1.4'!I6/'1.4.a'!$I$86 -> 0.013664846 | J6: ='1.4'!J6/'1.4.a'!$J$86 -> 0.012241014 | K6: ='1.4'!K6/'1.4.a'!$K$86 -> 0.012638098 | L6: ='1.4'!L6/'1.4.a'!$L$86 -> 0.013729299 | M6: ='1.4'!M6/'1.4.a'!$M$86 -> 0.014194144 | N6: ='1.4'!N6/'1.4.a'!$N$86 -> 0.013033953 | O6: ='1.4'!O6/'1.4.a'!O$86 -> 0.014175864 | P6: ='1.4'!P6/'1.4.a'!P$86 -> 0.014178327 | Q6: ='1.4'!Q6/'1.4.a'!Q$86 -> 0.015020916
A7: 7011 | B7: Executive and legislative organs, financial and fiscal affairs, external affairs | C7: ='1.4'!C7/'1.4.a'!$C$86 -> 0.0043985937 | D7: ='1.4'!D7/'1.4.a'!$D$86 -> 0.004426838 | E7: ='1.4'!E7/'1.4.a'!$E$86 -> 0.0045060997 | F7: ='1.4'!F7/'1.4.a'!$F$86 -> 0.0046196873 | G7: ='1.4'!G7/'1.4.a'!$G$86 -> 0.0047645858 | H7: ='1.4'!H7/'1.4.a'!$H$86 -> 0.0050047507 | I7: ='1.4'!I7/'1.4.a'!$I$86 -> 0.0052450144 | J7: ='1.4'!J7/'1.4.a'!$J$86 -> 0.0050820472 | K7: ='1.4'!K7/'1.4.a'!$K$86 -> 0.0051542406 | L7: ='1.4'!L7/'1.4.a'!$L$86 -> 0.0052988268 | M7: ='1.4'!M7/'1.4.a'!$M$86 -> 0.0055850984 | N7: ='1.4'!N7/'1.4.a'!$N$86 -> 0.0052048244 | O7: ='1.4'!O7/'1.4.a'!O$86 -> 0.0054645653 | P7: ='1.4'!P7/'1.4.a'!P$86 -> 0.0055944498 | Q7: ='1.4'!Q7/'1.4.a'!Q$86 -> 0.0060438722
A8: 7012 | B8: Foreign economic aid | C8: ='1.4'!C8/'1.4.a'!$C$86 -> 1.6991e-06 | D8: ='1.4'!D8/'1.4.a'!$D$86 -> 1.266644e-06 | E8: ='1.4'!E8/'1.4.a'!$E$86 -> 1.2423588e-06 | F8: ='1.4'!F8/'1.4.a'!$F$86 -> 1.0981615e-06 | G8: ='1.4'!G8/'1.4.a'!$G$86 -> 9.9634452e-07 | H8: ='1.4'!H8/'1.4.a'!$H$86 -> 1.0952624e-06 | I8: ='1.4'!I8/'1.4.a'!$I$86 -> 1.0953327e-06 | J8: ='1.4'!J8/'1.4.a'!$J$86 -> 3.3067867e-07 | K8: ='1.4'!K8/'1.4.a'!$K$86 -> 1.9303629e-07 | L8: ='1.4'!L8/'1.4.a'!$L$86 -> 0 | M8: ='1.4'!M8/'1.4.a'!$M$86 -> 0 | N8: ='1.4'!N8/'1.4.a'!$N$86 -> 0 | O8: ='1.4'!O8/'1.4.a'!O$86 -> 0 | P8: ='1.4'!P8/'1.4.a'!P$86 -> 0 | Q8: ='1.4'!Q8/'1.4.a'!Q$86 -> 0
A9: 7013 | B9: General services | C9: ='1.4'!C9/'1.4.a'!$C$86 -> 0.0070939035 | D9: ='1.4'!D9/'1.4.a'!$D$86 -> 0.0072988304 | E9: ='1.4'!E9/'1.4.a'!$E$86 -> 0.0072395289 | F9: ='1.4'!F9/'1.4.a'!$F$86 -> 0.0067258257 | G9: ='1.4'!G9/'1.4.a'!$G$86 -> 0.0068168655 | H9: ='1.4'!H9/'1.4.a'!$H$86 -> 0.0067754207 | I9: ='1.4'!I9/'1.4.a'!$I$86 -> 0.0067808919 | J9: ='1.4'!J9/'1.4.a'!$J$86 -> 0.0062553821 | K9: ='1.4'!K9/'1.4.a'!$K$86 -> 0.0066028346 | L9: ='1.4'!L9/'1.4.a'!$L$86 -> 0.0076185151 | M9: ='1.4'!M9/'1.4.a'!$M$86 -> 0.0077781986 | N9: ='1.4'!N9/'1.4.a'!$N$86 -> 0.0070636939 | O9: ='1.4'!O9/'1.4.a'!O$86 -> 0.0076103793 | P9: ='1.4'!P9/'1.4.a'!P$86 -> 0.0075480571 | Q9: ='1.4'!Q9/'1.4.a'!Q$86 -> 0.0078459965
A10: 7014 | B10: Basic research | C10: ='1.4'!C10/'1.4.a'!$C$86 -> 1.5929246e-05 | D10: ='1.4'!D10/'1.4.a'!$D$86 -> 5.2298391e-06 | E10: ='1.4'!E10/'1.4.a'!$E$86 -> 1.7257198e-05 | F10: ='1.4'!F10/'1.4.a'!$F$86 -> 6.7030174e-06 | G10: ='1.4'!G10/'1.4.a'!$G$86 -> 1.8635238e-05 | H10: ='1.4'!H10/'1.4.a'!$H$86 -> 2.282409e-05 | I10: ='1.4'!I10/'1.4.a'!$I$86 -> 1.1719394e-05 | J10: ='1.4'!J10/'1.4.a'!$J$86 -> 1.3379728e-05 | K10: ='1.4'!K10/'1.4.a'!$K$86 -> 1.7719711e-05 | L10: ='1.4'!L10/'1.4.a'!$L$86 -> 2.580082e-05 | M10: ='1.4'!M10/'1.4.a'!$M$86 -> 2.7691649e-05 | N10: ='1.4'!N10/'1.4.a'!$N$86 -> 2.5913976e-05 | O10: ='1.4'!O10/'1.4.a'!O$86 -> 6.3474275e-05 | P10: ='1.4'!P10/'1.4.a'!P$86 -> 7.2573881e-05 | Q10: ='1.4'!Q10/'1.4.a'!Q$86 -> 8.4571233e-05
A11: 7015 | B11: R&D General public services | C11: ='1.4'!C11/'1.4.a'!$C$86 -> 0 | D11: ='1.4'!D11/'1.4.a'!$D$86 -> 0 | E11: ='1.4'!E11/'1.4.a'!$E$86 -> 0 | F11: ='1.4'!F11/'1.4.a'!$F$86 -> 0 | G11: ='1.4'!G11/'1.4.a'!$G$86 -> 1.4177213e-08 | H11: ='1.4'!H11/'1.4.a'!$H$86 -> 2.6696192e-08 | I11: ='1.4'!I11/'1.4.a'!$I$86 -> 2.0587051e-08 | J11: ='1.4'!J11/'1.4.a'!$J$86 -> 1.2807448e-08 | K11: ='1.4'!K11/'1.4.a'!$K$86 -> 2.0987806e-08 | L11: ='1.4'!L11/'1.4.a'!$L$86 -> 1.3992607e-08 | M11: ='1.4'!M11/'1.4.a'!$M$86 -> 1.8233718e-08 | N11: ='1.4'!N11/'1.4.a'!$N$86 -> 1.6969576e-08 | O11: ='1.4'!O11/'1.4.a'!O$86 -> 4.4686367e-08 | P11: ='1.4'!P11/'1.4.a'!P$86 -> 5.6849829e-08 | Q11: ='1.4'!Q11/'1.4.a'!Q$86 -> 6.7049568e-08
A12: 7016 | B12: General public services not elsewhere classified | C12: ='1.4'!C12/'1.4.a'!$C$86 -> 7.8424564e-05 | D12: ='1.4'!D12/'1.4.a'!$D$86 -> 4.3544177e-05 | E12: ='1.4'!E12/'1.4.a'!$E$86 -> 7.173648e-05 | F12: ='1.4'!F12/'1.4.a'!$F$86 -> 9.5746662e-05 | G12: ='1.4'!G12/'1.4.a'!$G$86 -> 9.1725693e-05 | H12: ='1.4'!H12/'1.4.a'!$H$86 -> 0.00011001316 | I12: ='1.4'!I12/'1.4.a'!$I$86 -> 0.00012010753 | J12: ='1.4'!J12/'1.4.a'!$J$86 -> 0.00010409213 | K12: ='1.4'!K12/'1.4.a'!$K$86 -> 9.899823e-05 | L12: ='1.4'!L12/'1.4.a'!$L$86 -> 0.0001278953 | M12: ='1.4'!M12/'1.4.a'!$M$86 -> 0.00014416169 | N12: ='1.4'!N12/'1.4.a'!$N$86 -> 0.00013632822 | O12: ='1.4'!O12/'1.4.a'!O$86 -> 0.00014534103 | P12: ='1.4'!P12/'1.4.a'!P$86 -> 0.00014863205 | Q12: ='1.4'!Q12/'1.4.a'!Q$86 -> 0.00015850456
A13: 7017 | B13: Public debt transactions4/ | C13: ='1.4'!C13/'1.4.a'!$C$86 -> 0.0028263976 | D13: ='1.4'!D13/'1.4.a'!$D$86 -> 0.0021189389 | E13: ='1.4'!E13/'1.4.a'!$E$86 -> 0.0022451086 | F13: ='1.4'!F13/'1.4.a'!$F$86 -> 0.0020249076 | G13: ='1.4'!G13/'1.4.a'!$G$86 -> 0.00186287 | H13: ='1.4'!H13/'1.4.a'!$H$86 -> 0.0028520755 | I13: ='1.4'!I13/'1.4.a'!$I$86 -> 0.0015059968 | J13: ='1.4'!J13/'1.4.a'!$J$86 -> 0.00078575929 | K13: ='1.4'!K13/'1.4.a'!$K$86 -> 0.00076408027 | L13: ='1.4'!L13/'1.4.a'!$L$86 -> 0.00065756831 | M13: ='1.4'!M13/'1.4.a'!$M$86 -> 0.00065787699 | N13: ='1.4'!N13/'1.4.a'!$N$86 -> 0.00060223362 | O13: ='1.4'!O13/'1.4.a'!O$86 -> 0.00089091223 | P13: ='1.4'!P13/'1.4.a'!P$86 -> 0.00081373077 | Q13: ='1.4'!Q13/'1.4.a'!Q$86 -> 0.00088629708
A14: 7018 | B14: Transfers of general character between levels of government | C14: ='1.4'!C14/'1.4.a'!$C$86 -> 0 | D14: ='1.4'!D14/'1.4.a'!$D$86 -> 0 | E14: ='1.4'!E14/'1.4.a'!$E$86 -> 8.6472067e-08 | F14: ='1.4'!F14/'1.4.a'!$F$86 -> 0 | G14: ='1.4'!G14/'1.4.a'!$G$86 -> 8.3648919e-08 | H14: ='1.4'!H14/'1.4.a'!$H$86 -> 1.7873315e-08 | I14: ='1.4'!I14/'1.4.a'!$I$86 -> 0 | J14: ='1.4'!J14/'1.4.a'!$J$86 -> 9.8988005e-09 | K14: ='1.4'!K14/'1.4.a'!$K$86 -> 1.0789401e-08 | L14: ='1.4'!L14/'1.4.a'!$L$86 -> 6.7885593e-07 | M14: ='1.4'!M14/'1.4.a'!$M$86 -> 1.0980005e-06 | N14: ='1.4'!N14/'1.4.a'!$N$86 -> 9.4155487e-07 | O14: ='1.4'!O14/'1.4.a'!O$86 -> 1.147453e-06 | P14: ='1.4'!P14/'1.4.a'!P$86 -> 8.2611181e-07 | Q14: ='1.4'!Q14/'1.4.a'!Q$86 -> 1.6070904e-06
A15: 702 | B15: Defense | C15: ='1.4'!C15/'1.4.a'!$C$86 -> 0.00018629981 | D15: ='1.4'!D15/'1.4.a'!$D$86 -> 0.00021067654 | E15: ='1.4'!E15/'1.4.a'!$E$86 -> 0.00019616988 | F15: ='1.4'!F15/'1.4.a'!$F$86 -> 0.00017876021 | G15: ='1.4'!G15/'1.4.a'!$G$86 -> 0.00015429906 | H15: ='1.4'!H15/'1.4.a'!$H$86 -> 0.0001389874 | I15: ='1.4'!I15/'1.4.a'!$I$86 -> 0.00014096555 | J15: ='1.4'!J15/'1.4.a'!$J$86 -> 0.00012814898 | K15: ='1.4'!K15/'1.4.a'!$K$86 -> 0.00011619005 | L15: ='1.4'!L15/'1.4.a'!$L$86 -> 0.00014409884 | M15: ='1.4'!M15/'1.4.a'!$M$86 -> 0.00015213228 | N15: ='1.4'!N15/'1.4.a'!$N$86 -> 0.00013520093 | O15: ='1.4'!O15/'1.4.a'!O$86 -> 0.00015303047 | P15: ='1.4'!P15/'1.4.a'!P$86 -> 0.00018435502 | Q15: ='1.4'!Q15/'1.4.a'!Q$86 -> 0.00024061934
A16: 7021 | B16: Military defense | C16: ='1.4'!C16/'1.4.a'!$C$86 -> 4.283372e-06 | D16: ='1.4'!D16/'1.4.a'!$D$86 -> 5.669662e-06 | E16: ='1.4'!E16/'1.4.a'!$E$86 -> 4.2042789e-06 | F16: ='1.4'!F16/'1.4.a'!$F$86 -> 2.8877553e-06 | G16: ='1.4'!G16/'1.4.a'!$G$86 -> 3.262607e-06 | H16: ='1.4'!H16/'1.4.a'!$H$86 -> 3.5499058e-06 | I16: ='1.4'!I16/'1.4.a'!$I$86 -> 3.0575298e-06 | J16: ='1.4'!J16/'1.4.a'!$J$86 -> 2.8865601e-06 | K16: ='1.4'!K16/'1.4.a'!$K$86 -> 4.0188261e-06 | L16: ='1.4'!L16/'1.4.a'!$L$86 -> 2.8203976e-06 | M16: ='1.4'!M16/'1.4.a'!$M$86 -> 2.710673e-06 | N16: ='1.4'!N16/'1.4.a'!$N$86 -> 2.5570472e-06 | O16: ='1.4'!O16/'1.4.a'!O$86 -> 2.8641623e-06 | P16: ='1.4'!P16/'1.4.a'!P$86 -> 3.6941232e-06 | Q16: ='1.4'!Q16/'1.4.a'!Q$86 -> 3.2409818e-06
... A84: 7109 | B84: Social protection not elsewhere classified | C84: ='1.4'!C84/'1.4.a'!$C$86 -> 0.0016911665 | D84: ='1.4'!D84/'1.4.a'!$D$86 -> 0.0018485054 | E84: ='1.4'!E84/'1.4.a'!$E$86 -> 0.0017686314 | F84: ='1.4'!F84/'1.4.a'!$F$86 -> 0.0017118791 | G84: ='1.4'!G84/'1.4.a'!$G$86 -> 0.0018618766 | H84: ='1.4'!H84/'1.4.a'!$H$86 -> 0.0019652572 | I84: ='1.4'!I84/'1.4.a'!$I$86 -> 0.0019369055 | J84: ='1.4'!J84/'1.4.a'!$J$86 -> 0.0017975232 | K84: ='1.4'!K84/'1.4.a'!$K$86 -> 0.0019423705 | L84: ='1.4'!L84/'1.4.a'!$L$86 -> 0.0019117887 | M84: ='1.4'!M84/'1.4.a'!$M$86 -> 0.0022297154 | N84: ='1.4'!N84/'1.4.a'!$N$86 -> 0.0021050352 | O84: ='1.4'!O84/'1.4.a'!O$86 -> 0.0023315885 | P84: ='1.4'!P84/'1.4.a'!P$86 -> 0.0023939558 | Q84: ='1.4'!Q84/'1.4.a'!Q$86 -> 0.0025396586
A85: Memo
A86: 1. | B86: GDP (Current Values - R$ Million) 6/ | C86: 3885847 | D86: 4376382 | E86: 4814760 | F86: 5331619 | G86: 5778953 | H86: 5995787 | I86: 6269328 | J86: 6585479 | K86: 7004141 | L86: 7389131 | M86: 7609597 | N86: 9012142 | O86: 10079677 | P86: 10943345 | Q86: 11744710
A87: Source: STN, SOF, IBGE e BCB
A88: Note: data subject to change
A89: 1/ The compilation of expenditure follows the COFOG - Classification of Functions of Government, developed by the OECD/ONU.
A90: 2/ Source: Accounting Balances Matrix, Siconfi (System of Financial and Accounting Information of the Brazilian Public Sector), RREO (Summarized Statement of Budgetary Execution) and Transparency Portals. For municipalities that did not report data, extrapolation techniques were used in order to increase coverage.
A91: 3/ Expenditure compiled on a accrual basis.
A92: 4/ Source: Central Bank of Brazil
A93: 5/ Pre-primary and primary education corresponds to the first 5 years of elementary school.
A94: 6/ Source: IBGE

Sheet 1.5.a
A1: Table 1.5.a. Expenditure by Functions of Government1/ - General Government - Brazil - Yearly
A2: % GDP
A4: General Government 2/ | C4: 2010 | D4: 2011 | E4: 2012 | F4: 2013 | G4: 2014 | H4: 2015 | I4: 2016 | J4: 2017 | K4: 2018 | L4: 2019 | M4: 2020 | N4: 2021 | O4: 2022 | P4: 2023 | Q4: 2024
A5: 7 | B5: Expenditure3/ | C5: ='1.5'!C5/'1.5.a'!$C$86 -> 0.39515877 | D5: ='1.5'!D5/'1.5.a'!$D$86 -> 0.39367254 | E5: ='1.5'!E5/'1.5.a'!$E$86 -> 0.39309502 | F5: ='1.5'!F5/'1.5.a'!$F$86 -> 0.39780146 | G5: ='1.5'!G5/'1.5.a'!$G$86 -> 0.41426432 | H5: ='1.5'!H5/'1.5.a'!$H$86 -> 0.46190851 | I5: ='1.5'!I5/'1.5.a'!$I$86 -> 0.45502917 | J5: ='1.5'!J5/'1.5.a'!$J$86 -> 0.44297324 | K5: ='1.5'!K5/'1.5.a'!$K$86 -> 0.44180659 | L5: ='1.5'!L5/'1.5.a'!$L$86 -> 0.43042876 | M5: ='1.5'!M5/'1.5.a'!$M$86 -> 0.46178422 | N5: ='1.5'!N5/'1.5.a'!$N$86 -> 0.40370989 | O5: ='1.5'!O5/'1.5.a'!O$86 -> 0.43445328 | P5: ='1.5'!P5/'1.5.a'!P$86 -> 0.45309293 | Q5: ='1.5'!Q5/'1.5.a'!Q$86 -> 0.45786747
A6: 701 | B6: General public services | C6: ='1.5'!C6/'1.5.a'!$C$86 -> 0.10152795 | D6: ='1.5'!D6/'1.5.a'!$D$86 -> 0.10530169 | E6: ='1.5'!E6/'1.5.a'!$E$86 -> 0.098849761 | F6: ='1.5'!F6/'1.5.a'!$F$86 -> 0.097536423 | G6: ='1.5'!G6/'1.5.a'!$G$86 -> 0.10277276 | H6: ='1.5'!H6/'1.5.a'!$H$86 -> 0.14764548 | I6: ='1.5'!I6/'1.5.a'!$I$86 -> 0.12719807 | J6: ='1.5'!J6/'1.5.a'!$J$86 -> 0.11618294 | K6: ='1.5'!K6/'1.5.a'!$K$86 -> 0.11510682 | L6: ='1.5'!L6/'1.5.a'!$L$86 -> 0.099654194 | M6: ='1.5'!M6/'1.5.a'!$M$86 -> 0.086213602 | N6: ='1.5'!N6/'1.5.a'!$N$86 -> 0.098923361 | O6: ='1.5'!O6/'1.5.a'!O$86 -> 0.11052366 | P6: ='1.5'!P6/'1.5.a'!P$86 -> 0.11349527 | Q6: ='1.5'!Q6/'1.5.a'!Q$86 -> 0.11082263
A7: 7011 | B7: Executive and legislative organs, financial and fiscal affairs, external affairs | C7: ='1.5'!C7/'1.5.a'!$C$86 -> 0.020207065 | D7: ='1.5'!D7/'1.5.a'!$D$86 -> 0.018921566 | E7: ='1.5'!E7/'1.5.a'!$E$86 -> 0.019427105 | F7: ='1.5'!F7/'1.5.a'!$F$86 -> 0.018643593 | G7: ='1.5'!G7/'1.5.a'!$G$86 -> 0.018232969 | H7: ='1.5'!H7/'1.5.a'!$H$86 -> 0.019187576 | I7: ='1.5'!I7/'1.5.a'!$I$86 -> 0.01875459 | J7: ='1.5'!J7/'1.5.a'!$J$86 -> 0.01797248 | K7: ='1.5'!K7/'1.5.a'!$K$86 -> 0.01788048 | L7: ='1.5'!L7/'1.5.a'!$L$86 -> 0.018046172 | M7: ='1.5'!M7/'1.5.a'!$M$86 -> 0.018298211 | N7: ='1.5'!N7/'1.5.a'!$N$86 -> 0.02194159 | O7: ='1.5'!O7/'1.5.a'!O$86 -> 0.019828429 | P7: ='1.5'!P7/'1.5.a'!P$86 -> 0.022300142 | Q7: ='1.5'!Q7/'1.5.a'!Q$86 -> 0.017556377
A8: 7012 | B8: Foreign economic aid | C8: ='1.5'!C8/'1.5.a'!$C$86 -> 4.542436e-05 | D8: ='1.5'!D8/'1.5.a'!$D$86 -> 2.9184635e-05 | E8: ='1.5'!E8/'1.5.a'!$E$86 -> 6.1419042e-06 | F8: ='1.5'!F8/'1.5.a'!$F$86 -> 6.8191702e-06 | G8: ='1.5'!G8/'1.5.a'!$G$86 -> 9.9980535e-07 | H8: ='1.5'!H8/'1.5.a'!$H$86 -> 1.0952624e-06 | I8: ='1.5'!I8/'1.5.a'!$I$86 -> 1.0953327e-06 | J8: ='1.5'!J8/'1.5.a'!$J$86 -> 3.3067867e-07 | K8: ='1.5'!K8/'1.5.a'!$K$86 -> 1.9303629e-07 | L8: ='1.5'!L8/'1.5.a'!$L$86 -> 0 | M8: ='1.5'!M8/'1.5.a'!$M$86 -> 0 | N8: ='1.5'!N8/'1.5.a'!$N$86 -> 0 | O8: ='1.5'!O8/'1.5.a'!O$86 -> 0 | P8: ='1.5'!P8/'1.5.a'!P$86 -> 0 | Q8: ='1.5'!Q8/'1.5.a'!Q$86 -> 0
A9: 7013 | B9: General services | C9: ='1.5'!C9/'1.5.a'!$C$86 -> 0.0089338615 | D9: ='1.5'!D9/'1.5.a'!$D$86 -> 0.0086576443 | E9: ='1.5'!E9/'1.5.a'!$E$86 -> 0.0085850897 | F9: ='1.5'!F9/'1.5.a'!$F$86 -> 0.0081219411 | G9: ='1.5'!G9/'1.5.a'!$G$86 -> 0.0080730589 | H9: ='1.5'!H9/'1.5.a'!$H$86 -> 0.0079098732 | I9: ='1.5'!I9/'1.5.a'!$I$86 -> 0.0074918594 | J9: ='1.5'!J9/'1.5.a'!$J$86 -> 0.007015997 | K9: ='1.5'!K9/'1.5.a'!$K$86 -> 0.0073738209 | L9: ='1.5'!L9/'1.5.a'!$L$86 -> 0.0083099032 | M9: ='1.5'!M9/'1.5.a'!$M$86 -> 0.0084466161 | N9: ='1.5'!N9/'1.5.a'!$N$86 -> 0.0077244284 | O9: ='1.5'!O9/'1.5.a'!O$86 -> 0.00841255 | P9: ='1.5'!P9/'1.5.a'!P$86 -> 0.0085275149 | Q9: ='1.5'!Q9/'1.5.a'!Q$86 -> 0.0086723452
A10: 7014 | B10: Basic research | C10: ='1.5'!C10/'1.5.a'!$C$86 -> 0.00028539174 | D10: ='1.5'!D10/'1.5.a'!$D$86 -> 0.00024891352 | E10: ='1.5'!E10/'1.5.a'!$E$86 -> 0.00030792127 | F10: ='1.5'!F10/'1.5.a'!$F$86 -> 0.00024404678 | G10: ='1.5'!G10/'1.5.a'!$G$86 -> 0.00033017363 | H10: ='1.5'!H10/'1.5.a'!$H$86 -> 0.00028338477 | I10: ='1.5'!I10/'1.5.a'!$I$86 -> 0.00026788966 | J10: ='1.5'!J10/'1.5.a'!$J$86 -> 0.00022336702 | K10: ='1.5'!K10/'1.5.a'!$K$86 -> 0.00020011398 | L10: ='1.5'!L10/'1.5.a'!$L$86 -> 0.00021274904 | M10: ='1.5'!M10/'1.5.a'!$M$86 -> 0.00017879269 | N10: ='1.5'!N10/'1.5.a'!$N$86 -> 0.00018398921 | O10: ='1.5'!O10/'1.5.a'!O$86 -> 0.00029237786 | P10: ='1.5'!P10/'1.5.a'!P$86 -> 0.00033612167 | Q10: ='1.5'!Q10/'1.5.a'!Q$86 -> 0.00038710513
A11: 7015 | B11: R&D General public services | C11: ='1.5'!C11/'1.5.a'!$C$86 -> 2.3472914e-05 | D11: ='1.5'!D11/'1.5.a'!$D$86 -> 2.0499801e-05 | E11: ='1.5'!E11/'1.5.a'!$E$86 -> 2.21135e-05 | F11: ='1.5'!F11/'1.5.a'!$F$86 -> 2.4425307e-05 | G11: ='1.5'!G11/'1.5.a'!$G$86 -> 2.3066812e-05 | H11: ='1.5'!H11/'1.5.a'!$H$86 -> 2.2288384e-05 | I11: ='1.5'!I11/'1.5.a'!$I$86 -> 6.6563086e-06 | J11: ='1.5'!J11/'1.5.a'!$J$86 -> 6.0138422e-06 | K11: ='1.5'!K11/'1.5.a'!$K$86 -> 5.3267101e-06 | L11: ='1.5'!L11/'1.5.a'!$L$86 -> 4.2149053e-06 | M11: ='1.5'!M11/'1.5.a'!$M$86 -> 4.8532586e-06 | N11: ='1.5'!N11/'1.5.a'!$N$86 -> 1.1035024e-05 | O11: ='1.5'!O11/'1.5.a'!O$86 -> 3.4191375e-06 | P11: ='1.5'!P11/'1.5.a'!P$86 -> 4.0668636e-06 | Q11: ='1.5'!Q11/'1.5.a'!Q$86 -> 4.8092386e-06
A12: 7016 | B12: General public services not elsewhere classified | C12: ='1.5'!C12/'1.5.a'!$C$86 -> 0.0012063321 | D12: ='1.5'!D12/'1.5.a'!$D$86 -> 0.00096752885 | E12: ='1.5'!E12/'1.5.a'!$E$86 -> 0.0010563299 | F12: ='1.5'!F12/'1.5.a'!$F$86 -> 0.00088283508 | G12: ='1.5'!G12/'1.5.a'!$G$86 -> 0.00097563984 | H12: ='1.5'!H12/'1.5.a'!$H$86 -> 0.00099804913 | I12: ='1.5'!I12/'1.5.a'!$I$86 -> 0.0011460475 | J12: ='1.5'!J12/'1.5.a'!$J$86 -> 0.0010112342 | K12: ='1.5'!K12/'1.5.a'!$K$86 -> 0.0013576292 | L12: ='1.5'!L12/'1.5.a'!$L$86 -> 0.0010619777 | M12: ='1.5'!M12/'1.5.a'!$M$86 -> 0.0013622373 | N12: ='1.5'!N12/'1.5.a'!$N$86 -> 0.00091226605 | O12: ='1.5'!O12/'1.5.a'!O$86 -> 0.0015603547 | P12: ='1.5'!P12/'1.5.a'!P$86 -> 0.00096599562 | Q12: ='1.5'!Q12/'1.5.a'!Q$86 -> 0.0014420567
A13: 7017 | B13: Public debt transactions4/ | C13: ='1.5'!C13/'1.5.a'!$C$86 -> 0.070826399 | D13: ='1.5'!D13/'1.5.a'!$D$86 -> 0.076456353 | E13: ='1.5'!E13/'1.5.a'!$E$86 -> 0.06944506 | F13: ='1.5'!F13/'1.5.a'!$F$86 -> 0.069612763 | G13: ='1.5'!G13/'1.5.a'!$G$86 -> 0.075136851 | H13: ='1.5'!H13/'1.5.a'!$H$86 -> 0.11924322 | I13: ='1.5'!I13/'1.5.a'!$I$86 -> 0.099529934 | J13: ='1.5'!J13/'1.5.a'!$J$86 -> 0.089953518 | K13: ='1.5'!K13/'1.5.a'!$K$86 -> 0.088289255 | L13: ='1.5'!L13/'1.5.a'!$L$86 -> 0.072019177 | M13: ='1.5'!M13/'1.5.a'!$M$86 -> 0.057922891 | N13: ='1.5'!N13/'1.5.a'!$N$86 -> 0.068150053 | O13: ='1.5'!O13/'1.5.a'!O$86 -> 0.080426526 | P13: ='1.5'!P13/'1.5.a'!P$86 -> 0.081361427 | Q13: ='1.5'!Q13/'1.5.a'!Q$86 -> 0.082759934
A14: 7018 | B14: Transfers of general character between levels of government | C14: ='1.5'!C14/'1.5.a'!$C$86 -> 0 | D14: ='1.5'!D14/'1.5.a'!$D$86 -> 0 | E14: ='1.5'!E14/'1.5.a'!$E$86 -> 0 | F14: ='1.5'!F14/'1.5.a'!$F$86 -> 0 | G14: ='1.5'!G14/'1.5.a'!$G$86 -> 0 | H14: ='1.5'!H14/'1.5.a'!$H$86 -> 0 | I14: ='1.5'!I14/'1.5.a'!$I$86 -> 0 | J14: ='1.5'!J14/'1.5.a'!$J$86 -> 0 | K14: ='1.5'!K14/'1.5.a'!$K$86 -> 0 | L14: ='1.5'!L14/'1.5.a'!$L$86 -> 0 | M14: ='1.5'!M14/'1.5.a'!$M$86 -> 0 | N14: ='1.5'!N14/'1.5.a'!$N$86 -> 0 | O14: ='1.5'!O14/'1.5.a'!O$86 -> 0 | P14: ='1.5'!P14/'1.5.a'!P$86 -> 0 | Q14: ='1.5'!Q14/'1.5.a'!Q$86 -> 0
A15: 702 | B15: Defense | C15: ='1.5'!C15/'1.5.a'!$C$86 -> 0.0074903728 | D15: ='1.5'!D15/'1.5.a'!$D$86 -> 0.0067330692 | E15: ='1.5'!E15/'1.5.a'!$E$86 -> 0.0068449526 | F15: ='1.5'!F15/'1.5.a'!$F$86 -> 0.0071371371 | G15: ='1.5'!G15/'1.5.a'!$G$86 -> 0.0071002187 | H15: ='1.5'!H15/'1.5.a'!$H$86 -> 0.0066233846 | I15: ='1.5'!I15/'1.5.a'!$I$86 -> 0.0064952286 | J15: ='1.5'!J15/'1.5.a'!$J$86 -> 0.0067135668 | K15: ='1.5'!K15/'1.5.a'!$K$86 -> 0.0066754497 | L15: ='1.5'!L15/'1.5.a'!$L$86 -> 0.0064791571 | M15: ='1.5'!M15/'1.5.a'!$M$86 -> 0.0067480563 | N15: ='1.5'!N15/'1.5.a'!$N$86 -> 0.0057244966 | O15: ='1.5'!O15/'1.5.a'!O$86 -> 0.0054377344 | P15: ='1.5'!P15/'1.5.a'!P$86 -> 0.0050982086 | Q15: ='1.5'!Q15/'1.5.a'!Q$86 -> 0.0050573294
A16: 7021 | B16: Military defense | C16: ='1.5'!C16/'1.5.a'!$C$86 -> 0.006519952 | D16: ='1.5'!D16/'1.5.a'!$D$86 -> 0.0059111368 | E16: ='1.5'!E16/'1.5.a'!$E$86 -> 0.0059196003 | F16: ='1.5'!F16/'1.5.a'!$F$86 -> 0.0060164646 | G16: ='1.5'!G16/'1.5.a'!$G$86 -> 0.0060209503 | H16: ='1.5'!H16/'1.5.a'!$H$86 -> 0.0058278666 | I16: ='1.5'!I16/'1.5.a'!$I$86 -> 0.0057655184 | J16: ='1.5'!J16/'1.5.a'!$J$86 -> 0.0059962376 | K16: ='1.5'!K16/'1.5.a'!$K$86 -> 0.006040338 | L16: ='1.5'!L16/'1.5.a'!$L$86 -> 0.0058483812 | M16: ='1.5'!M16/'1.5.a'!$M$86 -> 0.0062102055 | N16: ='1.5'!N16/'1.5.a'!$N$86 -> 0.0052391199 | O16: ='1.5'!O16/'1.5.a'!O$86 -> 0.0048765618 | P16: ='1.5'!P16/'1.5.a'!P$86 -> 0.0045422004 | Q16: ='1.5'!Q16/'1.5.a'!Q$86 -> 0.0043851214
... A84: 7109 | B84: Social protection not elsewhere classified | C84: ='1.5'!C84/'1.5.a'!$C$86 -> 0.0056193207 | D84: ='1.5'!D84/'1.5.a'!$D$86 -> 0.0053735744 | E84: ='1.5'!E84/'1.5.a'!$E$86 -> 0.0050066812 | F84: ='1.5'!F84/'1.5.a'!$F$86 -> 0.0048913585 | G84: ='1.5'!G84/'1.5.a'!$G$86 -> 0.0051439689 | H84: ='1.5'!H84/'1.5.a'!$H$86 -> 0.0053088476 | I84: ='1.5'!I84/'1.5.a'!$I$86 -> 0.005483433 | J84: ='1.5'!J84/'1.5.a'!$J$86 -> 0.0054188728 | K84: ='1.5'!K84/'1.5.a'!$K$86 -> 0.0056141763 | L84: ='1.5'!L84/'1.5.a'!$L$86 -> 0.0056949576 | M84: ='1.5'!M84/'1.5.a'!$M$86 -> 0.0061218799 | N84: ='1.5'!N84/'1.5.a'!$N$86 -> 0.0059125898 | O84: ='1.5'!O84/'1.5.a'!O$86 -> 0.0061320764 | P84: ='1.5'!P84/'1.5.a'!P$86 -> 0.0052366027 | Q84: ='1.5'!Q84/'1.5.a'!Q$86 -> 0.0060363998
A85: Memo
A86: 1. | B86: GDP (Current Values - R$ Million) 6/ | C86: 3885847 | D86: 4376382 | E86: 4814760 | F86: 5331619 | G86: 5778953 | H86: 5995787 | I86: 6269328 | J86: 6585479 | K86: 7004141 | L86: 7389131 | M86: 7609597 | N86: 9012142 | O86: 10079677 | P86: 10943345 | Q86: 11744710
A87: Source: STN, SOF, IBGE e BCB
A88: Note: data subject to change
A89: 1/ The compilation of expenditure follows the COFOG - Classification of Functions of Government, developed by the OECD/ONU.
A90: 2/ General Government is composed of central government (budgetary and extrabudgetary), state governments and municipalities.
A91: 3/ Expenditure compiled on a accrual basis.
A92: 4/ Source: Central Bank of Brazil
A93: 5/ Pre-primary and primary education corresponds to the first 5 years of elementary school.
A94: 6/ Source: IBGE

Sheet 1.1.b
A1: Table 1.1.b. Expenditure by Functions of Government1/ by level of Government - General Government - Brazil - Yearly
A2: R$ Million - At Dec/2024 prices - IPCA
C4: 2010 | D4: 2010 | E4: 2010 | F4: 2010 | G4: 2010 | H4: 2010 | I4: 2010 | J4: 2010 | K4: 2011 | L4: 2011 | M4: 2011 | N4: 2011 | O4: 2011 | P4: 2011 | Q4: 2011 | R4: 2011 | S4: 2012 | T4: 2012 | U4: 2012 | V4: 2012 | W4: 2012 | X4: 2012 | Y4: 2012 | Z4: 2012 | AA4: 2013 | AB4: 2013 | AC4: 2013 | AD4: 2013 | AE4: 2013 | AF4: 2013 | AG4: 2013 | AH4: 2013 | AI4: 2014 | AJ4: 2014 | AK4: 2014 | AL4: 2014 | AM4: 2014 | AN4: 2014 | AO4: 2014 | AP4: 2014 | AQ4: 2015 | AR4: 2015 | AS4: 2015 | AT4: 2015 | AU4: 2015 | AV4: 2015 | AW4: 2015 | AX4: 2015 | AY4: 2016 | AZ4: 2016 | BA4: 2016 | BB4: 2016 | BC4: 2016 | BD4: 2016 | BE4: 2016 | BF4: 2016 | BG4: 2017 | BH4: 2017 | BI4: 2017 | BJ4: 2017 | BK4: 2017 | BL4: 2017 | BM4: 2017 | BN4: 2017 | BO4: 2018 | BP4: 2018 | BQ4: 2018 | BR4: 2018 | BS4: 2018 | BT4: 2018 | BU4: 2018 | BV4: 2018 | BW4: 2019 | BX4: 2019 | BY4: 2019 | BZ4: 2019 | CA4: 2019 | CB4: 2019 | CC4: 2019 | CD4: 2019 | CE4: 2020 | CF4: 2020 | CG4: 2020 | CH4: 2020 | CI4: 2020 | CJ4: 2020 | CK4: 2020 | CL4: 2020 | CM4: 2021 | CN4: 2021 | CO4: 2021 | CP4: 2021 | CQ4: 2021 | CR4: 2021 | CS4: 2021 | CT4: 2021 | CU4: 2022 | CV4: 2022 | CW4: 2022 | CX4: 2022 | CY4: 2022 | CZ4: 2022 | DA4: 2022 | DB4: 2022 | DC4: 2022 | DD4: 2022 | DE4: 2022 | DF4: 2022 | DG4: 2022 | DH4: 2022 | DI4: 2022 | DJ4: 2022 | DK4: 2022 | DL4: 2022 | DM4: 2022 | DN4: 2022 | DO4: 2022 | DP4: 2022 | DQ4: 2022 | DR4: 2022
A5: General Government | C5: 2010 | K5: 2011 | S5: 2012 | AA5: 2013 | AI5: 2014 | AQ5: 2015 | AY5: 2016 | BG5: 2017 | BO5: 2018 | BW5: 2019 | CE5: 2020 | CM5: 2021 | CU5: 2022 | DC5: 2023 | DK5: 2024
C6: Central Government | G6: State governments 5/ | H6: Municipalities 6/ | I6: Consolidation Column 4/ | J6: General Government 7/ | K6: Central Government | O6: State governments 5/ | P6: Municipalities 6/ | Q6: Consolidation Column 4/ | R6: General Government 7/ | S6: Central Government | W6: State governments 5/ | X6: Municipalities 6/ | Y6: Consolidation Column 4/ | Z6: General Government 7/ | AA6: Central Government | AE6: State governments 5/ | AF6: Municipalities 6/ | AG6: Consolidation Column 4/ | AH6: General Government 7/ | AI6: Central Government | AM6: State governments 5/ | AN6: Municipalities 6/ | AO6: Consolidation Column 4/ | AP6: General Government 7/ | AQ6: Central Government | AU6: State governments 5/ | AV6: Municipalities 6/ | AW6: Consolidation Column 4/ | AX6: General Government 7/ | AY6: Central Government | BC6: State governments 5/ | BD6: Municipalities 6/ | BE6: Consolidation Column 4/ | BF6: General Government 7/ | BG6: Central Government | BK6: State governments 5/ | BL6: Municipalities 6/ | BM6: Consolidation Column 4/ | BN6: General Government 7/ | BO6: Central Government | BS6: State governments 5/ | BT6: Municipalities 6/ | BU6: Consolidation Column 4/ | BV6: General Government 7/ | BW6: Central Government | CA6: State governments 5/ | CB6: Municipalities 6/ | CC6: Consolidation Column 4/ | CD6: General Government 7/ | CE6: Central Government | CI6: State governments 5/ | CJ6: Municipalities 6/ | CK6: Consolidation Column 4/ | CL6: General Government 7/ | CM6: Central Government | CQ6: State governments 5/ | CR6: Municipalities 6/ | CS6: Consolidation Column 4/ | CT6: General Government 7/ | CU6: Central Government | CY6: State governments 5/ | CZ6: Municipalities 6/ | DA6: Consolidation Column 4/ | DB6: General Government 7/ | DC6: Central Government | DG6: State governments 5/ | DH6: Municipalities 6/ | DI6: Consolidation Column 4/ | DJ6: General Government 7/ | DK6: Central Government | DO6: State governments 5/ | DP6: Municipalities 6/ | DQ6: Consolidation Column 4/ | DR6: General Government 7/
C7: Budgetary 2/ | D7: Extrabudgetary 3/ | E7: Consolidation Column 4/ | F7: Central Government | K7: Budgetary 2/ | L7: Extrabudgetary 3/ | M7: Consolidation Column 4/ | N7: Central Government | S7: Budgetary 2/ | T7: Extrabudgetary 3/ | U7: Consolidation Column 4/ | V7: Central Government | AA7: Budgetary 2/ | AB7: Extrabudgetary 3/ | AC7: Consolidation Column 4/ | AD7: Central Government | AI7: Budgetary 2/ | AJ7: Extrabudgetary 3/ | AK7: Consolidation Column 4/ | AL7: Central Government | AQ7: Budgetary 2/ | AR7: Extrabudgetary 3/ | AS7: Consolidation Column 4/ | AT7: Central Government | AY7: Budgetary 2/ | AZ7: Extrabudgetary 3/ | BA7: Consolidation Column 4/ | BB7: Central Government | BG7: Budgetary 2/ | BH7: Extrabudgetary 3/ | BI7: Consolidation Column 4/ | BJ7: Central Government | BO7: Budgetary 2/ | BP7: Extrabudgetary 3/ | BQ7: Consolidation Column 4/ | BR7: Central Government | BW7: Budgetary 2/ | BX7: Extrabudgetary 3/ | BY7: Consolidation Column 4/ | BZ7: Central Government | CE7: Budgetary 2/ | CF7: Extrabudgetary 3/ | CG7: Consolidation Column 4/ | CH7: Central Government | CM7: Budgetary 2/ | CN7: Extrabudgetary 3/ | CO7: Consolidation Column 4/ | CP7: Central Government | CU7: Budgetary 2/ | CV7: Extrabudgetary 3/ | CW7: Consolidation Column 4/ | CX7: Central Government | DC7: Budgetary 2/ | DD7: Extrabudgetary 3/ | DE7: Consolidation Column 4/ | DF7: Central Government | DK7: Budgetary 2/ | DL7: Extrabudgetary 3/ | DM7: Consolidation Column 4/ | DN7: Central Government
A8: 7 | B8: Expenditure8/ | C8: ='1.1'!C8*'1.1.b'!C$88 -> 2451088.3 | D8: ='1.1'!D8*'1.1.b'!D$88 -> 0 | E8: ='1.1'!E8*'1.1.b'!E$88 -> 0 | F8: ='1.1'!F8*'1.1.b'!F$88 -> 2451088.3 | G8: ='1.1'!G8*'1.1.b'!G$88 -> 1152955.6 | H8: ='1.1'!H8*'1.1.b'!H$88 -> 697911 | I8: ='1.1'!I8*'1.1.b'!I$88 -> -890383.82 | J8: ='1.1'!J8*'1.1.b'!J$88 -> 3411571.1 | ... DR8: ='1.1'!DR8*'1.1.b'!DR$88 -> 5377520.6
A9: 701 | B9: General public services | C9: ='1.1'!C9*'1.1.b'!C$88 -> 971575.02 | D9: ='1.1'!D9*'1.1.b'!D$88 -> 0 | E9: ='1.1'!E9*'1.1.b'!E$88 -> 0 | F9: ='1.1'!F9*'1.1.b'!F$88 -> 971575.02 | G9: ='1.1'!G9*'1.1.b'!G$88 -> 398038.6 | H9: ='1.1'!H9*'1.1.b'!H$88 -> 124450.28 | I9: ='1.1'!I9*'1.1.b'!I$88 -> -617530.62 | J9: ='1.1'!J9*'1.1.b'!J$88 -> 876533.28 | ... DR9: ='1.1'!DR9*'1.1.b'!DR$88 -> 1301579.6
A10: 7011 | B10: Executive and legislative organs, financial and fiscal affairs, external affairs | C10: ='1.1'!C10*'1.1.b'!C$88 -> 59532.317 | D10: ='1.1'!D10*'1.1.b'!D$88 -> 0 | E10: ='1.1'!E10*'1.1.b'!E$88 -> 0 | F10: ='1.1'!F10*'1.1.b'!F$88 -> 59532.317 | G10: ='1.1'!G10*'1.1.b'!G$88 -> 80808.553 | H10: ='1.1'!H10*'1.1.b'!H$88 -> 37974.902 | I10: ='1.1'!I10*'1.1.b'!I$88 -> -3859.7211 | J10: ='1.1'!J10*'1.1.b'!J$88 -> 174456.05 | ... DR10: ='1.1'!DR10*'1.1.b'!DR$88 -> 206194.56
A11: 7012 | B11: Foreign economic aid | C11: ='1.1'!C11*'1.1.b'!C$88 -> 377.49848 | D11: ='1.1'!D11*'1.1.b'!D$88 -> 0 | E11: ='1.1'!E11*'1.1.b'!E$88 -> 0 | F11: ='1.1'!F11*'1.1.b'!F$88 -> 377.49848 | G11: ='1.1'!G11*'1.1.b'!G$88 -> 0 | H11: ='1.1'!H11*'1.1.b'!H$88 -> 14.669042 | I11: ='1.1'!I11*'1.1.b'!I$88 -> 0 | J11: ='1.1'!J11*'1.1.b'!J$88 -> 392.16752 | ... DR11: ='1.1'!DR11*'1.1.b'!DR$88 -> 0
A12: 7013 | B12: General services | C12: ='1.1'!C12*'1.1.b'!C$88 -> 6729.5841 | D12: ='1.1'!D12*'1.1.b'!D$88 -> 0 | E12: ='1.1'!E12*'1.1.b'!E$88 -> 0 | F12: ='1.1'!F12*'1.1.b'!F$88 -> 6729.5841 | G12: ='1.1'!G12*'1.1.b'!G$88 -> 9549.5564 | H12: ='1.1'!H12*'1.1.b'!H$88 -> 61244.639 | I12: ='1.1'!I12*'1.1.b'!I$88 -> -394.01277 | J12: ='1.1'!J12*'1.1.b'!J$88 -> 77129.767 | ... DR12: ='1.1'!DR12*'1.1.b'!DR$88 -> 101854.18
A13: 7014 | B13: Basic research | C13: ='1.1'!C13*'1.1.b'!C$88 -> 2602.5536 | D13: ='1.1'!D13*'1.1.b'!D$88 -> 0 | E13: ='1.1'!E13*'1.1.b'!E$88 -> 0 | F13: ='1.1'!F13*'1.1.b'!F$88 -> 2602.5536 | G13: ='1.1'!G13*'1.1.b'!G$88 -> 0 | H13: ='1.1'!H13*'1.1.b'!H$88 -> 137.52385 | I13: ='1.1'!I13*'1.1.b'!I$88 -> -276.17106 | J13: ='1.1'!J13*'1.1.b'!J$88 -> 2463.9064 | ... DR13: ='1.1'!DR13*'1.1.b'!DR$88 -> 4546.4375
A14: 7015 | B14: R&D General public services | C14: ='1.1'!C14*'1.1.b'!C$88 -> 65.996216 | D14: ='1.1'!D14*'1.1.b'!D$88 -> 0 | E14: ='1.1'!E14*'1.1.b'!E$88 -> 0 | F14: ='1.1'!F14*'1.1.b'!F$88 -> 65.996216 | G14: ='1.1'!G14*'1.1.b'!G$88 -> 137.15397 | H14: ='1.1'!H14*'1.1.b'!H$88 -> 0 | I14: ='1.1'!I14*'1.1.b'!I$88 -> -0.49868294 | J14: ='1.1'!J14*'1.1.b'!J$88 -> 202.6515 | ... DR14: ='1.1'!DR14*'1.1.b'!DR$88 -> 56.483113
A15: 7016 | B15: General public services not elsewhere classified | C15: ='1.1'!C15*'1.1.b'!C$88 -> 10098.987 | D15: ='1.1'!D15*'1.1.b'!D$88 -> 0 | E15: ='1.1'!E15*'1.1.b'!E$88 -> 0 | F15: ='1.1'!F15*'1.1.b'!F$88 -> 10098.987 | G15: ='1.1'!G15*'1.1.b'!G$88 -> 0 | H15: ='1.1'!H15*'1.1.b'!H$88 -> 677.0721 | I15: ='1.1'!I15*'1.1.b'!I$88 -> -361.28861 | J15: ='1.1'!J15*'1.1.b'!J$88 -> 10414.77 | ... DR15: ='1.1'!DR15*'1.1.b'!DR$88 -> 16936.537
A16: 7017 | B16: Public debt transactions4/ | C16: ='1.1'!C16*'1.1.b'!C$88 -> 608334.13 | D16: ='1.1'!D16*'1.1.b'!D$88 -> 0 | E16: ='1.1'!E16*'1.1.b'!E$88 -> 0 | F16: ='1.1'!F16*'1.1.b'!F$88 -> 608334.13 | G16: ='1.1'!G16*'1.1.b'!G$88 -> 136418.97 | H16: ='1.1'!H16*'1.1.b'!H$88 -> 24401.474 | I16: ='1.1'!I16*'1.1.b'!I$88 -> -157680.61 | J16: ='1.1'!J16*'1.1.b'!J$88 -> 611473.96 | ... DR16: ='1.1'!DR16*'1.1.b'!DR$88 -> 971991.43
A17: 7018 | B17: Transfers of general character between levels of government | C17: ='1.1'!C17*'1.1.b'!C$88 -> 283833.96 | D17: ='1.1'!D17*'1.1.b'!D$88 -> 0 | E17: ='1.1'!E17*'1.1.b'!E$88 -> 0 | F17: ='1.1'!F17*'1.1.b'!F$88 -> 283833.96 | G17: ='1.1'!G17*'1.1.b'!G$88 -> 171124.37 | H17: ='1.1'!H17*'1.1.b'!H$88 -> 0 | I17: ='1.1'!I17*'1.1.b'!I$88 -> -454958.33 | J17: ='1.1'!J17*'1.1.b'!J$88 -> 0 | ... DR17: ='1.1'!DR17*'1.1.b'!DR$88 -> 0
A18: 702 | B18: Defense | C18: ='1.1'!C18*'1.1.b'!C$88 -> 64829.507 | D18: ='1.1'!D18*'1.1.b'!D$88 -> 0 | E18: ='1.1'!E18*'1.1.b'!E$88 -> 0 | F18: ='1.1'!F18*'1.1.b'!F$88 -> 64829.507 | G18: ='1.1'!G18*'1.1.b'!G$88 -> 2776.2404 | H18: ='1.1'!H18*'1.1.b'!H$88 -> 1608.4043 | I18: ='1.1'!I18*'1.1.b'!I$88 -> -4546.6271 | J18: ='1.1'!J18*'1.1.b'!J$88 -> 64667.525 | ... DR18: ='1.1'!DR18*'1.1.b'!DR$88 -> 59396.867
A19: 7021 | B19: Military defense | C19: ='1.1'!C19*'1.1.b'!C$88 -> 56260.329 | D19: ='1.1'!D19*'1.1.b'!D$88 -> 0 | E19: ='1.1'!E19*'1.1.b'!E$88 -> 0 | F19: ='1.1'!F19*'1.1.b'!F$88 -> 56260.329 | G19: ='1.1'!G19*'1.1.b'!G$88 -> 0 | H19: ='1.1'!H19*'1.1.b'!H$88 -> 36.980144 | I19: ='1.1'!I19*'1.1.b'!I$88 -> -7.8338604 | J19: ='1.1'!J19*'1.1.b'!J$88 -> 56289.476 | ... DR19: ='1.1'!DR19*'1.1.b'!DR$88 -> 51501.979
... A87: 7109 | B87: Social protection not elsewhere classified | C87: ='1.1'!C87*'1.1.b'!C$88 -> 32492.062 | D87: ='1.1'!D87*'1.1.b'!D$88 -> 0 | E87: ='1.1'!E87*'1.1.b'!E$88 -> 0 | F87: ='1.1'!F87*'1.1.b'!F$88 -> 32492.062 | G87: ='1.1'!G87*'1.1.b'!G$88 -> 1979.892 | H87: ='1.1'!H87*'1.1.b'!H$88 -> 14600.548 | I87: ='1.1'!I87*'1.1.b'!I$88 -> -558.55372 | J87: ='1.1'!J87*'1.1.b'!J$88 -> 48513.949 | ... DR87: ='1.1'!DR87*'1.1.b'!DR$88 -> 70895.765
A88: Deflator - IPCA base 2024 | C88: 2.2217598 | D88: 2.2217598 | E88: 2.2217598 | F88: 2.2217598 | G88: 2.2217598 | H88: 2.2217598 | I88: 2.2217598 | J88: 2.2217598 | K88: 2.0860938 | L88: 2.0860938 | M88: 2.0860938 | N88: 2.0860938 | O88: 2.0860938 | P88: 2.0860938 | Q88: 2.0860938 | R88: 2.0860938 | S88: 1.9710143 | T88: 1.9710143 | U88: 1.9710143 | V88: 1.9710143 | W88: 1.9710143 | X88: 1.9710143 | Y88: 1.9710143 | Z88: 1.9710143 | AA88: 1.8610155 | AB88: 1.8610155 | AC88: 1.8610155 | AD88: 1.8610155 | AE88: 1.8610155 | AF88: 1.8610155 | AG88: 1.8610155 | AH88: 1.8610155 | AI88: 1.7489519 | AJ88: 1.7489519 | AK88: 1.7489519 | AL88: 1.7489519 | AM88: 1.7489519 | AN88: 1.7489519 | AO88: 1.7489519 | AP88: 1.7489519 | AQ88: 1.5802874 | AR88: 1.5802874 | AS88: 1.5802874 | AT88: 1.5802874 | AU88: 1.5802874 | AV88: 1.5802874 | AW88: 1.5802874 | AX88: 1.5802874 | AY88: 1.4867977 | AZ88: 1.4867977 | BA88: 1.4867977 | BB88: 1.4867977 | BC88: 1.4867977 | BD88: 1.4867977 | BE88: 1.4867977 | BF88: 1.4867977 | BG88: 1.4442302 | BH88: 1.4442302 | BI88: 1.4442302 | BJ88: 1.4442302 | BK88: 1.4442302 | BL88: 1.4442302 | BM88: 1.4442302 | BN88: 1.4442302 | BO88: 1.3920884 | BP88: 1.3920884 | BQ88: 1.3920884 | BR88: 1.3920884 | BS88: 1.3920884 | BT88: 1.3920884 | BU88: 1.3920884 | BV88: 1.3920884 | BW88: 1.3346177 | BX88: 1.3346177 | BY88: 1.3346177 | BZ88: 1.3346177 | CA88: 1.3346177 | CB88: 1.3346177 | CC88: 1.3346177 | CD88: 1.3346177 | CE88: 1.2769328 | CF88: 1.2769328 | CG88: 1.2769328 | CH88: 1.2769328 | CI88: 1.2769328 | CJ88: 1.2769328 | CK88: 1.2769328 | CL88: 1.2769328 | CM88: 1.1602048 | CN88: 1.1602048 | CO88: 1.1602048 | CP88: 1.1602048 | CQ88: 1.1602048 | CR88: 1.1602048 | CS88: 1.1602048 | CT88: 1.1602048 | CU88: 1.0967565 | CV88: 1.0967565 | CW88: 1.0967565 | CX88: 1.0967565 | CY88: 1.0967565 | CZ88: 1.0967565 | DA88: 1.0967565 | DB88: 1.0967565 | DC88: 1.048312 | DD88: 1.048312 | DE88: 1.048312 | DF88: 1.048312 | DG88: 1.048312 | DH88: 1.048312 | DI88: 1.048312 | DJ88: 1.048312 | DK88: 1 | DL88: 1 | DM88: 1 | DN88: 1 | DO88: 1 | DP88: 1 | DQ88: 1 | DR88: 1
A89: Source: STN, SOF, IBGE e BCB
A90: Note: data subject to change
A91: 1/ The compilation of expenditure follows the COFOG - Classification of Functions of Government, developed by the OECD/ONU.
A92: 2/ Source: Integrated Financial Management System (SIAFI). Composed of all the units that integrate the Fiscal and Social Security Budget, except the Central Bank of Brazil.
A93: 3/ In accordance with the most recent methodological revision, the Extrabudgetary Central Government sector no longer includes any classified institutional units. For further information, see the Methodological Note – Methodological Revision of the General Government Fiscal Statistics, available at: https://thot-arquivos.tesouro.gov.br/publicacao-anexo/22725
A94: 4/ Internal transactions that should be eliminated in the consolidation process to avoid double counting.
A95: 5/ Source: Accounting Balances Matrix, Siconfi (System of Financial and Accounting Information of the Brazilian Public Sector), RREO (Summarized Statement of Budgetary Execution) and Transparency Portals.
A96: 6/ Source: Accounting Balances Matrix, Siconfi (System of Financial and Accounting Information of the Brazilian Public Sector), RREO (Summarized Statement of Budgetary Execution) and Transparency Portals. For municipalities that did not report data, extrapolation techniques were used in order to increase coverage.
A97: 7/ The consolidated General Government result excludes grants and interest transactions between government units.
A98: 8/ Expenditure compiled on a accrual basis.
A99: 9/ Source: Central Bank of Brazil
A100: 10/ Pre-primary and primary education corresponds to the first 5 years of elementary school.

Sheet 1.2.b
A1: Table 1.2.b. Expenditure by Functions of Government1/ - Central Government - Brazil - Yearly
A2: ='1.1.b'!A2 -> R$ Million - At Dec/2024 prices - IPCA
A4: Central Government 2/ | C4: 2010 | D4: 2011 | E4: 2012 | F4: 2013 | G4: 2014 | H4: 2015 | I4: 2016 | J4: 2017 | K4: 2018 | L4: 2019 | M4: 2020 | N4: 2021 | O4: 2022 | P4: 2023 | Q4: 2024
A5: 7 | B5: Expenditure3/ | C5: ='1.2'!C5*'1.2.b'!C$85 -> 2451088.3 | D5: ='1.2'!D5*'1.2.b'!D$85 -> 2622479.9 | E5: ='1.2'!E5*'1.2.b'!E$85 -> 2678845.8 | F5: ='1.2'!F5*'1.2.b'!F$85 -> 2807820.9 | G5: ='1.2'!G5*'1.2.b'!G$85 -> 2973619.1 | H5: ='1.2'!H5*'1.2.b'!H$85 -> 3207483.8 | I5: ='1.2'!I5*'1.2.b'!I$85 -> 3098722.8 | J5: ='1.2'!J5*'1.2.b'!J$85 -> 3052614.4 | ... Q5: ='1.2'!Q5*'1.2.b'!Q$85 -> 3786078.5
A6: 701 | B6: General public services | C6: ='1.2'!C6*'1.2.b'!C$85 -> 971575.02 | D6: ='1.2'!D6*'1.2.b'!D$85 -> 1086871.3 | E6: ='1.2'!E6*'1.2.b'!E$85 -> 1050273.6 | F6: ='1.2'!F6*'1.2.b'!F$85 -> 1080649.9 | G6: ='1.2'!G6*'1.2.b'!G$85 -> 1157779.5 | H6: ='1.2'!H6*'1.2.b'!H$85 -> 1497546.4 | I6: ='1.2'!I6*'1.2.b'!I$85 -> 1312224.8 | J6: ='1.2'!J6*'1.2.b'!J$85 -> 1237126.4 | ... Q6: ='1.2'!Q6*'1.2.b'!Q$85 -> 1554396.1
A7: 7011 | B7: Executive and legislative organs, financial and fiscal affairs, external affairs | C7: ='1.2'!C7*'1.2.b'!C$85 -> 59532.317 | D7: ='1.2'!D7*'1.2.b'!D$85 -> 61171.842 | E7: ='1.2'!E7*'1.2.b'!E$85 -> 56264.602 | F7: ='1.2'!F7*'1.2.b'!F$85 -> 54347.565 | G7: ='1.2'!G7*'1.2.b'!G$85 -> 51520.62 | H7: ='1.2'!H7*'1.2.b'!H$85 -> 56078.717 | I7: ='1.2'!I7*'1.2.b'!I$85 -> 58200.404 | J7: ='1.2'!J7*'1.2.b'!J$85 -> 56536.35 | ... Q7: ='1.2'!Q7*'1.2.b'!Q$85 -> 45216.562
A8: 7012 | B8: Foreign economic aid | C8: ='1.2'!C8*'1.2.b'!C$85 -> 377.49848 | D8: ='1.2'!D8*'1.2.b'!D$85 -> 254.8785 | E8: ='1.2'!E8*'1.2.b'!E$85 -> 46.496492 | F8: ='1.2'!F8*'1.2.b'!F$85 -> 56.765139 | G8: ='1.2'!G8*'1.2.b'!G$85 -> 0.034979039 | H8: ='1.2'!H8*'1.2.b'!H$85 -> 0 | I8: ='1.2'!I8*'1.2.b'!I$85 -> 0 | J8: ='1.2'!J8*'1.2.b'!J$85 -> 0 | ... Q8: ='1.2'!Q8*'1.2.b'!Q$85 -> 0
A9: 7013 | B9: General services | C9: ='1.2'!C9*'1.2.b'!C$85 -> 6729.5841 | D9: ='1.2'!D9*'1.2.b'!D$85 -> 3956.5735 | E9: ='1.2'!E9*'1.2.b'!E$85 -> 3692.3796 | F9: ='1.2'!F9*'1.2.b'!F$85 -> 3663.4422 | G9: ='1.2'!G9*'1.2.b'!G$85 -> 3269.9272 | H9: ='1.2'!H9*'1.2.b'!H$85 -> 3065.0011 | I9: ='1.2'!I9*'1.2.b'!I$85 -> 2854.4103 | J9: ='1.2'!J9*'1.2.b'!J$85 -> 3361.477 | ... Q9: ='1.2'!Q9*'1.2.b'!Q$85 -> 4295.3195
A10: 7014 | B10: Basic research | C10: ='1.2'!C10*'1.2.b'!C$85 -> 2602.5536 | D10: ='1.2'!D10*'1.2.b'!D$85 -> 2313.5144 | E10: ='1.2'!E10*'1.2.b'!E$85 -> 2855.6877 | F10: ='1.2'!F10*'1.2.b'!F$85 -> 2481.0319 | G10: ='1.2'!G10*'1.2.b'!G$85 -> 3255.2746 | H10: ='1.2'!H10*'1.2.b'!H$85 -> 2553.2893 | I10: ='1.2'!I10*'1.2.b'!I$85 -> 2464.7976 | J10: ='1.2'!J10*'1.2.b'!J$85 -> 2026.3802 | ... Q10: ='1.2'!Q10*'1.2.b'!Q$85 -> 3584.1175
A11: 7015 | B11: R&D General public services | C11: ='1.2'!C11*'1.2.b'!C$85 -> 65.996216 | D11: ='1.2'!D11*'1.2.b'!D$85 -> 49.478466 | E11: ='1.2'!E11*'1.2.b'!E$85 -> 54.84005 | F11: ='1.2'!F11*'1.2.b'!F$85 -> 85.5958 | G11: ='1.2'!G11*'1.2.b'!G$85 -> 67.082837 | H11: ='1.2'!H11*'1.2.b'!H$85 -> 79.962428 | I11: ='1.2'!I11*'1.2.b'!I$85 -> 49.610171 | J11: ='1.2'!J11*'1.2.b'!J$85 -> 51.261601 | ... Q11: ='1.2'!Q11*'1.2.b'!Q$85 -> 36.339652
A12: 7016 | B12: General public services not elsewhere classified | C12: ='1.2'!C12*'1.2.b'!C$85 -> 10098.987 | D12: ='1.2'!D12*'1.2.b'!D$85 -> 8642.2293 | E12: ='1.2'!E12*'1.2.b'!E$85 -> 9526.9036 | F12: ='1.2'!F12*'1.2.b'!F$85 -> 8194.9524 | G12: ='1.2'!G12*'1.2.b'!G$85 -> 9268.3862 | H12: ='1.2'!H12*'1.2.b'!H$85 -> 8829.9677 | I12: ='1.2'!I12*'1.2.b'!I$85 -> 10037.749 | J12: ='1.2'!J12*'1.2.b'!J$85 -> 9033.9131 | ... Q12: ='1.2'!Q12*'1.2.b'!Q$85 -> 15405.783
A13: 7017 | B13: Public debt transactions4/ | C13: ='1.2'!C13*'1.2.b'!C$85 -> 608334.13 | D13: ='1.2'!D13*'1.2.b'!D$85 -> 693069.94 | E13: ='1.2'!E13*'1.2.b'!E$85 -> 653534.23 | F13: ='1.2'!F13*'1.2.b'!F$85 -> 681607.38 | G13: ='1.2'!G13*'1.2.b'!G$85 -> 745319.89 | H13: ='1.2'!H13*'1.2.b'!H$85 -> 1106939.1 | I13: ='1.2'!I13*'1.2.b'!I$85 -> 902416.66 | J13: ='1.2'!J13*'1.2.b'!J$85 -> 833067.38 | ... Q13: ='1.2'!Q13*'1.2.b'!Q$85 -> 937681.49
A14: 7018 | B14: Transfers of general character between levels of government | C14: ='1.2'!C14*'1.2.b'!C$85 -> 283833.96 | D14: ='1.2'!D14*'1.2.b'!D$85 -> 317412.86 | E14: ='1.2'!E14*'1.2.b'!E$85 -> 324298.42 | F14: ='1.2'!F14*'1.2.b'!F$85 -> 330213.14 | G14: ='1.2'!G14*'1.2.b'!G$85 -> 345078.31 | H14: ='1.2'!H14*'1.2.b'!H$85 -> 320000.45 | I14: ='1.2'!I14*'1.2.b'!I$85 -> 336201.14 | J14: ='1.2'!J14*'1.2.b'!J$85 -> 333049.62 | ... Q14: ='1.2'!Q14*'1.2.b'!Q$85 -> 548176.49
A15: 702 | B15: Defense | C15: ='1.2'!C15*'1.2.b'!C$85 -> 64829.507 | D15: ='1.2'!D15*'1.2.b'!D$85 -> 59073.227 | E15: ='1.2'!E15*'1.2.b'!E$85 -> 62292.009 | F15: ='1.2'!F15*'1.2.b'!F$85 -> 69373.973 | G15: ='1.2'!G15*'1.2.b'!G$85 -> 68024.077 | H15: ='1.2'!H15*'1.2.b'!H$85 -> 59646.227 | I15: ='1.2'!I15*'1.2.b'!I$85 -> 57939.245 | J15: ='1.2'!J15*'1.2.b'!J$85 -> 61270.582 | ... Q15: ='1.2'!Q15*'1.2.b'!Q$85 -> 55845.269
A16: 7021 | B16: Military defense | C16: ='1.2'!C16*'1.2.b'!C$85 -> 56260.329 | D16: ='1.2'!D16*'1.2.b'!D$85 -> 53914.218 | E16: ='1.2'!E16*'1.2.b'!E$85 -> 56136.875 | F16: ='1.2'!F16*'1.2.b'!F$85 -> 59668.066 | G16: ='1.2'!G16*'1.2.b'!G$85 -> 60824.684 | H16: ='1.2'!H16*'1.2.b'!H$85 -> 55189.593 | I16: ='1.2'!I16*'1.2.b'!I$85 -> 53717.935 | J16: ='1.2'!J16*'1.2.b'!J$85 -> 57006.556 | ... Q16: ='1.2'!Q16*'1.2.b'!Q$85 -> 51466.258
... A84: 7109 | B84: Social protection not elsewhere classified | C84: ='1.2'!C84*'1.2.b'!C$85 -> 32492.062 | D84: ='1.2'!D84*'1.2.b'!D$85 -> 30621.818 | E84: ='1.2'!E84*'1.2.b'!E$85 -> 29213.117 | F84: ='1.2'!F84*'1.2.b'!F$85 -> 29736.475 | G84: ='1.2'!G84*'1.2.b'!G$85 -> 31240.64 | H84: ='1.2'!H84*'1.2.b'!H$85 -> 29980.704 | I84: ='1.2'!I84*'1.2.b'!I$85 -> 31825.981 | J84: ='1.2'!J84*'1.2.b'!J$85 -> 33420.237 | ... Q84: ='1.2'!Q84*'1.2.b'!Q$85 -> 38838.493
A85: ='1.1.b'!A88 -> Deflator - IPCA base 2024 | C85: 2.2217598 | D85: 2.0860938 | E85: 1.9710143 | F85: 1.8610155 | G85: 1.7489519 | H85: 1.5802874 | I85: 1.4867977 | J85: 1.4442302 | K85: 1.3920884 | L85: 1.3346177 | M85: 1.2769328 | N85: 1.1602048 | O85: 1.0967565 | P85: 1.048312 | Q85: 1
A86: Source: STN, SOF, IBGE e BCB
A87: Note: data subject to change
A88: 1/ The compilation of expenditure follows the COFOG - Classification of Functions of Government, developed by the OECD/ONU.
A89: 2/ Source: Integrated Financial Management System (SIAFI).
A90: 3/ Expenditure compiled on a accrual basis.
A91: 4/ Source: Central Bank of Brazil
A92: 5/ Pre-primary and primary education corresponds to the first 5 years of elementary school.

Sheet 1.3.b
A1: Table 1.3.b. Expenditure by Functions of Government1/ - State Governments - Brazil - Yearly
A2: ='1.1.b'!A2 -> R$ Million - At Dec/2024 prices - IPCA
A4: State Governments 2/ | C4: 2010 | D4: 2011 | E4: 2012 | F4: 2013 | G4: 2014 | H4: 2015 | I4: 2016 | J4: 2017 | K4: 2018 | L4: 2019 | M4: 2020 | N4: 2021 | O4: 2022 | P4: 2023 | Q4: 2024
A5: 7 | B5: Expenditure3/ | C5: ='1.3'!C5*'1.3.b'!C$85 -> 1152955.6 | D5: ='1.3'!D5*'1.3.b'!D$85 -> 1128803.8 | E5: ='1.3'!E5*'1.3.b'!E$85 -> 1200194.9 | F5: ='1.3'!F5*'1.3.b'!F$85 -> 1271774.3 | G5: ='1.3'!G5*'1.3.b'!G$85 -> 1304489.7 | H5: ='1.3'!H5*'1.3.b'!H$85 -> 1268819.1 | I5: ='1.3'!I5*'1.3.b'!I$85 -> 1235230.2 | J5: ='1.3'!J5*'1.3.b'!J$85 -> 1220770.5 | ... Q5: ='1.3'!Q5*'1.3.b'!Q$85 -> 1581726.9
A6: 701 | B6: General public services | C6: ='1.3'!C6*'1.3.b'!C$85 -> 398038.6 | D6: ='1.3'!D6*'1.3.b'!D$85 -> 363292.38 | E6: ='1.3'!E6*'1.3.b'!E$85 -> 396722.61 | F6: ='1.3'!F6*'1.3.b'!F$85 -> 391912.49 | G6: ='1.3'!G6*'1.3.b'!G$85 -> 385466.31 | H6: ='1.3'!H6*'1.3.b'!H$85 -> 412813.06 | I6: ='1.3'!I6*'1.3.b'!I$85 -> 365788.32 | J6: ='1.3'!J6*'1.3.b'!J$85 -> 326530.13 | ... Q6: ='1.3'!Q6*'1.3.b'!Q$85 -> 400209.34
A7: 7011 | B7: Executive and legislative organs, financial and fiscal affairs, external affairs | C7: ='1.3'!C7*'1.3.b'!C$85 -> 80808.553 | D7: ='1.3'!D7*'1.3.b'!D$85 -> 73522.889 | E7: ='1.3'!E7*'1.3.b'!E$85 -> 88940.833 | F7: ='1.3'!F7*'1.3.b'!F$85 -> 87875.97 | G7: ='1.3'!G7*'1.3.b'!G$85 -> 87989.211 | H7: ='1.3'!H7*'1.3.b'!H$85 -> 80918.829 | I7: ='1.3'!I7*'1.3.b'!I$85 -> 69335.006 | J7: ='1.3'!J7*'1.3.b'!J$85 -> 67190.22 | ... Q7: ='1.3'!Q7*'1.3.b'!Q$85 -> 95206.663
A8: 7012 | B8: Foreign economic aid | C8: ='1.3'!C8*'1.3.b'!C$85 -> 0 | D8: ='1.3'!D8*'1.3.b'!D$85 -> 0 | E8: ='1.3'!E8*'1.3.b'!E$85 -> 0 | F8: ='1.3'!F8*'1.3.b'!F$85 -> 0 | G8: ='1.3'!G8*'1.3.b'!G$85 -> 0 | H8: ='1.3'!H8*'1.3.b'!H$85 -> 0 | I8: ='1.3'!I8*'1.3.b'!I$85 -> 0 | J8: ='1.3'!J8*'1.3.b'!J$85 -> 0 | ... Q8: ='1.3'!Q8*'1.3.b'!Q$85 -> 0
A9: 7013 | B9: General services | C9: ='1.3'!C9*'1.3.b'!C$85 -> 9549.5564 | D9: ='1.3'!D9*'1.3.b'!D$85 -> 8712.4573 | E9: ='1.3'!E9*'1.3.b'!E$85 -> 9372.1029 | F9: ='1.3'!F9*'1.3.b'!F$85 -> 10498.372 | G9: ='1.3'!G9*'1.3.b'!G$85 -> 10198.435 | H9: ='1.3'!H9*'1.3.b'!H$85 -> 8036.2899 | I9: ='1.3'!I9*'1.3.b'!I$85 -> 3994.7404 | J9: ='1.3'!J9*'1.3.b'!J$85 -> 4186.4419 | ... Q9: ='1.3'!Q9*'1.3.b'!Q$85 -> 5591.7324
A10: 7014 | B10: Basic research | C10: ='1.3'!C10*'1.3.b'!C$85 -> 0 | D10: ='1.3'!D10*'1.3.b'!D$85 -> 0 | E10: ='1.3'!E10*'1.3.b'!E$85 -> 0 | F10: ='1.3'!F10*'1.3.b'!F$85 -> 0 | G10: ='1.3'!G10*'1.3.b'!G$85 -> 0 | H10: ='1.3'!H10*'1.3.b'!H$85 -> 0 | I10: ='1.3'!I10*'1.3.b'!I$85 -> 0 | J10: ='1.3'!J10*'1.3.b'!J$85 -> 0 | ... Q10: ='1.3'!Q10*'1.3.b'!Q$85 -> 0
A11: 7015 | B11: R&D General public services | C11: ='1.3'!C11*'1.3.b'!C$85 -> 137.15397 | D11: ='1.3'!D11*'1.3.b'!D$85 -> 138.20569 | E11: ='1.3'!E11*'1.3.b'!E$85 -> 155.55644 | F11: ='1.3'!F11*'1.3.b'!F$85 -> 166.58426 | G11: ='1.3'!G11*'1.3.b'!G$85 -> 166.24173 | H11: ='1.3'!H11*'1.3.b'!H$85 -> 131.09808 | I11: ='1.3'!I11*'1.3.b'!I$85 -> 12.787108 | J11: ='1.3'!J11*'1.3.b'!J$85 -> 6.3370496 | ... Q11: ='1.3'!Q11*'1.3.b'!Q$85 -> 19.35648
A12: 7016 | B12: General public services not elsewhere classified | C12: ='1.3'!C12*'1.3.b'!C$85 -> 0 | D12: ='1.3'!D12*'1.3.b'!D$85 -> 0 | E12: ='1.3'!E12*'1.3.b'!E$85 -> 0 | F12: ='1.3'!F12*'1.3.b'!F$85 -> 0 | G12: ='1.3'!G12*'1.3.b'!G$85 -> 0 | H12: ='1.3'!H12*'1.3.b'!H$85 -> 0 | I12: ='1.3'!I12*'1.3.b'!I$85 -> 1.1044786e-05 | J12: ='1.3'!J12*'1.3.b'!J$85 -> 7.7976034e-05 | ... Q12: ='1.3'!Q12*'1.3.b'!Q$85 -> 0
A13: 7017 | B13: Public debt transactions4/ | C13: ='1.3'!C13*'1.3.b'!C$85 -> 136418.97 | D13: ='1.3'!D13*'1.3.b'!D$85 -> 101392.71 | E13: ='1.3'!E13*'1.3.b'!E$85 -> 112333.7 | F13: ='1.3'!F13*'1.3.b'!F$85 -> 100701.38 | G13: ='1.3'!G13*'1.3.b'!G$85 -> 92700.142 | H13: ='1.3'!H13*'1.3.b'!H$85 -> 141644.38 | I13: ='1.3'!I13*'1.3.b'!I$85 -> 119453.44 | J13: ='1.3'!J13*'1.3.b'!J$85 -> 78440.671 | ... Q13: ='1.3'!Q13*'1.3.b'!Q$85 -> 102521.89
A14: 7018 | B14: Transfers of general character between levels of government | C14: ='1.3'!C14*'1.3.b'!C$85 -> 171124.37 | D14: ='1.3'!D14*'1.3.b'!D$85 -> 179526.12 | E14: ='1.3'!E14*'1.3.b'!E$85 -> 185920.42 | F14: ='1.3'!F14*'1.3.b'!F$85 -> 192670.19 | G14: ='1.3'!G14*'1.3.b'!G$85 -> 194412.28 | H14: ='1.3'!H14*'1.3.b'!H$85 -> 182082.47 | I14: ='1.3'!I14*'1.3.b'!I$85 -> 172992.35 | J14: ='1.3'!J14*'1.3.b'!J$85 -> 176706.46 | ... Q14: ='1.3'!Q14*'1.3.b'!Q$85 -> 196869.69
A15: 702 | B15: Defense | C15: ='1.3'!C15*'1.3.b'!C$85 -> 2776.2404 | D15: ='1.3'!D15*'1.3.b'!D$85 -> 2230.7172 | E15: ='1.3'!E15*'1.3.b'!E$85 -> 2519.4545 | F15: ='1.3'!F15*'1.3.b'!F$85 -> 2747.6757 | G15: ='1.3'!G15*'1.3.b'!G$85 -> 3251.8539 | H15: ='1.3'!H15*'1.3.b'!H$85 -> 2562.4621 | I15: ='1.3'!I15*'1.3.b'!I$85 -> 1984.6254 | J15: ='1.3'!J15*'1.3.b'!J$85 -> 2068.6344 | ... Q15: ='1.3'!Q15*'1.3.b'!Q$85 -> 3661.3098
A16: 7021 | B16: Military defense | C16: ='1.3'!C16*'1.3.b'!C$85 -> 0 | D16: ='1.3'!D16*'1.3.b'!D$85 -> 0 | E16: ='1.3'!E16*'1.3.b'!E$85 -> 0 | F16: ='1.3'!F16*'1.3.b'!F$85 -> 0 | G16: ='1.3'!G16*'1.3.b'!G$85 -> 0 | H16: ='1.3'!H16*'1.3.b'!H$85 -> 0 | I16: ='1.3'!I16*'1.3.b'!I$85 -> 0 | J16: ='1.3'!J16*'1.3.b'!J$85 -> 0 | ... Q16: ='1.3'!Q16*'1.3.b'!Q$85 -> 0
... A84: 7109 | B84: Social protection not elsewhere classified | C84: ='1.3'!C84*'1.3.b'!C$85 -> 1979.892 | D84: ='1.3'!D84*'1.3.b'!D$85 -> 2115.6307 | E84: ='1.3'!E84*'1.3.b'!E$85 -> 2270.9221 | F84: ='1.3'!F84*'1.3.b'!F$85 -> 2566.5302 | G84: ='1.3'!G84*'1.3.b'!G$85 -> 2686.7361 | H84: ='1.3'!H84*'1.3.b'!H$85 -> 2351.119 | I84: ='1.3'!I84*'1.3.b'!I$85 -> 2033.455 | J84: ='1.3'!J84*'1.3.b'!J$85 -> 1837.4347 | ... Q84: ='1.3'!Q84*'1.3.b'!Q$85 -> 3851.1921
A85: ='1.1.b'!A88 -> Deflator - IPCA base 2024 | C85: 2.2217598 | D85: 2.0860938 | E85: 1.9710143 | F85: 1.8610155 | G85: 1.7489519 | H85: 1.5802874 | I85: 1.4867977 | J85: 1.4442302 | K85: 1.3920884 | L85: 1.3346177 | M85: 1.2769328 | N85: 1.1602048 | O85: 1.0967565 | P85: 1.048312 | Q85: 1
A86: Source: STN, SOF, IBGE e BCB
A87: Note: data subject to change
A88: 1/ The compilation of expenditure follows the COFOG - Classification of Functions of Government, developed by the OECD/ONU.
A89: 2/ Source: Accounting Balances Matrix, Siconfi (System of Financial and Accounting Information of the Brazilian Public Sector), RREO (Summarized Statement of Budgetary Execution) and Transparency Portals.
A90: 3/ Expenditure compiled on a accrual basis.
A91: 4/ Source: Central Bank of Brazil
A92: 5/ Pre-primary and primary education corresponds to the first 5 years of elementary school.

Sheet 1.4.b
A1: Table 1.4.b. Expenditure by Functions of Government1/ - Municipalities - Brazil - Yearly
A2: ='1.1.b'!A2 -> R$ Million - At Dec/2024 prices - IPCA
A4: Municipalities 2/ | C4: 2010 | D4: 2011 | E4: 2012 | F4: 2013 | G4: 2014 | H4: 2015 | I4: 2016 | J4: 2017 | K4: 2018 | L4: 2019 | M4: 2020 | N4: 2021 | O4: 2022 | P4: 2023 | Q4: 2024
A5: 7 | B5: Expenditure3/ | C5: ='1.4'!C5*'1.4.b'!C$85 -> 697911 | D5: ='1.4'!D5*'1.4.b'!D$85 -> 734861.17 | E5: ='1.4'!E5*'1.4.b'!E$85 -> 795984.28 | F5: ='1.4'!F5*'1.4.b'!F$85 -> 788958.09 | G5: ='1.4'!G5*'1.4.b'!G$85 -> 847789.52 | H5: ='1.4'!H5*'1.4.b'!H$85 -> 824248.44 | I5: ='1.4'!I5*'1.4.b'!I$85 -> 821516.82 | J5: ='1.4'!J5*'1.4.b'!J$85 -> 791922.48 | ... Q5: ='1.4'!Q5*'1.4.b'!Q$85 -> 1303959.8
A6: 701 | B6: General public services | C6: ='1.4'!C6*'1.4.b'!C$85 -> 124450.28 | D6: ='1.4'!D6*'1.4.b'!D$85 -> 126851.79 | E6: ='1.4'!E6*'1.4.b'!E$85 -> 133628.7 | F6: ='1.4'!F6*'1.4.b'!F$85 -> 133691.75 | G6: ='1.4'!G6*'1.4.b'!G$85 -> 137009.74 | H6: ='1.4'!H6*'1.4.b'!H$85 -> 139910.96 | I6: ='1.4'!I6*'1.4.b'!I$85 -> 127373.07 | J6: ='1.4'!J6*'1.4.b'!J$85 -> 116423.64 | ... Q6: ='1.4'!Q6*'1.4.b'!Q$85 -> 176416.3
A7: 7011 | B7: Executive and legislative organs, financial and fiscal affairs, external affairs | C7: ='1.4'!C7*'1.4.b'!C$85 -> 37974.902 | D7: ='1.4'!D7*'1.4.b'!D$85 -> 40415.009 | E7: ='1.4'!E7*'1.4.b'!E$85 -> 42762.709 | F7: ='1.4'!F7*'1.4.b'!F$85 -> 45837.58 | G7: ='1.4'!G7*'1.4.b'!G$85 -> 48156.198 | H7: ='1.4'!H7*'1.4.b'!H$85 -> 47420.347 | I7: ='1.4'!I7*'1.4.b'!I$85 -> 48889.947 | J7: ='1.4'!J7*'1.4.b'!J$85 -> 48335.085 | ... Q7: ='1.4'!Q7*'1.4.b'!Q$85 -> 70983.526
A8: 7012 | B8: Foreign economic aid | C8: ='1.4'!C8*'1.4.b'!C$85 -> 14.669042 | D8: ='1.4'!D8*'1.4.b'!D$85 -> 11.563881 | E8: ='1.4'!E8*'1.4.b'!E$85 -> 11.789936 | F8: ='1.4'!F8*'1.4.b'!F$85 -> 10.896207 | G8: ='1.4'!G8*'1.4.b'!G$85 -> 10.070165 | H8: ='1.4'!H8*'1.4.b'!H$85 -> 10.377684 | I8: ='1.4'!I8*'1.4.b'!I$85 -> 10.20984 | J8: ='1.4'!J8*'1.4.b'!J$85 -> 3.1450675 | ... Q8: ='1.4'!Q8*'1.4.b'!Q$85 -> 0
A9: 7013 | B9: General services | C9: ='1.4'!C9*'1.4.b'!C$85 -> 61244.639 | D9: ='1.4'!D9*'1.4.b'!D$85 -> 66634.988 | E9: ='1.4'!E9*'1.4.b'!E$85 -> 68702.844 | F9: ='1.4'!F9*'1.4.b'!F$85 -> 66735.16 | G9: ='1.4'!G9*'1.4.b'!G$85 -> 68898.817 | H9: ='1.4'!H9*'1.4.b'!H$85 -> 64197.563 | I9: ='1.4'!I9*'1.4.b'!I$85 -> 63206.204 | J9: ='1.4'!J9*'1.4.b'!J$85 -> 59494.612 | ... Q9: ='1.4'!Q9*'1.4.b'!Q$85 -> 92148.953
A10: 7014 | B10: Basic research | C10: ='1.4'!C10*'1.4.b'!C$85 -> 137.52385 | D10: ='1.4'!D10*'1.4.b'!D$85 -> 47.746042 | E10: ='1.4'!E10*'1.4.b'!E$85 -> 163.77013 | F10: ='1.4'!F10*'1.4.b'!F$85 -> 66.508852 | G10: ='1.4'!G10*'1.4.b'!G$85 -> 188.34842 | H10: ='1.4'!H10*'1.4.b'!H$85 -> 216.25977 | I10: ='1.4'!I10*'1.4.b'!I$85 -> 109.23908 | J10: ='1.4'!J10*'1.4.b'!J$85 -> 127.2539 | ... Q10: ='1.4'!Q10*'1.4.b'!Q$85 -> 993.26461
A11: 7015 | B11: R&D General public services | C11: ='1.4'!C11*'1.4.b'!C$85 -> 0 | D11: ='1.4'!D11*'1.4.b'!D$85 -> 0 | E11: ='1.4'!E11*'1.4.b'!E$85 -> 0 | F11: ='1.4'!F11*'1.4.b'!F$85 -> 0 | G11: ='1.4'!G11*'1.4.b'!G$85 -> 0.14329066 | H11: ='1.4'!H11*'1.4.b'!H$85 -> 0.2529482 | I11: ='1.4'!I11*'1.4.b'!I$85 -> 0.19189649 | J11: ='1.4'!J11*'1.4.b'!J$85 -> 0.12181096 | ... Q11: ='1.4'!Q11*'1.4.b'!Q$85 -> 0.78747773
A12: 7016 | B12: General public services not elsewhere classified | C12: ='1.4'!C12*'1.4.b'!C$85 -> 677.0721 | D12: ='1.4'!D12*'1.4.b'!D$85 -> 397.53845 | E12: ='1.4'!E12*'1.4.b'!E$85 -> 680.77636 | F12: ='1.4'!F12*'1.4.b'!F$85 -> 950.01999 | G12: ='1.4'!G12*'1.4.b'!G$85 -> 927.08176 | H12: ='1.4'!H12*'1.4.b'!H$85 -> 1042.382 | I12: ='1.4'!I12*'1.4.b'!I$85 -> 1119.5491 | J12: ='1.4'!J12*'1.4.b'!J$85 -> 990.0148 | ... Q12: ='1.4'!Q12*'1.4.b'!Q$85 -> 1861.5901
A13: 7017 | B13: Public debt transactions4/ | C13: ='1.4'!C13*'1.4.b'!C$85 -> 24401.474 | D13: ='1.4'!D13*'1.4.b'!D$85 -> 19344.945 | E13: ='1.4'!E13*'1.4.b'!E$85 -> 21305.992 | F13: ='1.4'!F13*'1.4.b'!F$85 -> 20091.59 | G13: ='1.4'!G13*'1.4.b'!G$85 -> 18828.234 | H13: ='1.4'!H13*'1.4.b'!H$85 -> 27023.606 | I13: ='1.4'!I13*'1.4.b'!I$85 -> 14037.731 | J13: ='1.4'!J13*'1.4.b'!J$85 -> 7473.3154 | ... Q13: ='1.4'!Q13*'1.4.b'!Q$85 -> 10409.302
A14: 7018 | B14: Transfers of general character between levels of government | C14: ='1.4'!C14*'1.4.b'!C$85 -> 0 | D14: ='1.4'!D14*'1.4.b'!D$85 -> 0 | E14: ='1.4'!E14*'1.4.b'!E$85 -> 0.8206165 | F14: ='1.4'!F14*'1.4.b'!F$85 -> 0 | G14: ='1.4'!G14*'1.4.b'!G$85 -> 0.84544892 | H14: ='1.4'!H14*'1.4.b'!H$85 -> 0.16935085 | I14: ='1.4'!I14*'1.4.b'!I$85 -> 0 | J14: ='1.4'!J14*'1.4.b'!J$85 -> 0.094146973 | ... Q14: ='1.4'!Q14*'1.4.b'!Q$85 -> 18.874811
A15: 702 | B15: Defense | C15: ='1.4'!C15*'1.4.b'!C$85 -> 1608.4043 | D15: ='1.4'!D15*'1.4.b'!D$85 -> 1923.3806 | E15: ='1.4'!E15*'1.4.b'!E$85 -> 1861.6444 | F15: ='1.4'!F15*'1.4.b'!F$85 -> 1773.6991 | G15: ='1.4'!G15*'1.4.b'!G$85 -> 1559.5178 | H15: ='1.4'!H15*'1.4.b'!H$85 -> 1316.9149 | I15: ='1.4'!I15*'1.4.b'!I$85 -> 1313.9713 | J15: ='1.4'!J15*'1.4.b'!J$85 -> 1218.8183 | ... Q15: ='1.4'!Q15*'1.4.b'!Q$85 -> 2826.0044
A16: 7021 | B16: Military defense | C16: ='1.4'!C16*'1.4.b'!C$85 -> 36.980144 | D16: ='1.4'!D16*'1.4.b'!D$85 -> 51.761425 | E16: ='1.4'!E16*'1.4.b'!E$85 -> 39.898441 | F16: ='1.4'!F16*'1.4.b'!F$85 -> 28.65296 | G16: ='1.4'!G16*'1.4.b'!G$85 -> 32.975532 | H16: ='1.4'!H16*'1.4.b'!H$85 -> 33.635594 | I16: ='1.4'!I16*'1.4.b'!I$85 -> 28.499916 | J16: ='1.4'!J16*'1.4.b'!J$85 -> 27.453922 | ... Q16: ='1.4'!Q16*'1.4.b'!Q$85 -> 38.064391
... A84: 7109 | B84: Social protection not elsewhere classified | C84: ='1.4'!C84*'1.4.b'!C$85 -> 14600.548 | D84: ='1.4'!D84*'1.4.b'!D$85 -> 16876.01 | E84: ='1.4'!E84*'1.4.b'!E$85 -> 16784.242 | F84: ='1.4'!F84*'1.4.b'!F$85 -> 16985.651 | G84: ='1.4'!G84*'1.4.b'!G$85 -> 18818.193 | H84: ='1.4'!H84*'1.4.b'!H$85 -> 18620.944 | I84: ='1.4'!I84*'1.4.b'!I$85 -> 18054.328 | J84: ='1.4'!J84*'1.4.b'!J$85 -> 17096.149 | ... Q84: ='1.4'!Q84*'1.4.b'!Q$85 -> 29827.554
A85: ='1.1.b'!A88 -> Deflator - IPCA base 2024 | C85: 2.2217598 | D85: 2.0860938 | E85: 1.9710143 | F85: 1.8610155 | G85: 1.7489519 | H85: 1.5802874 | I85: 1.4867977 | J85: 1.4442302 | K85: 1.3920884 | L85: 1.3346177 | M85: 1.2769328 | N85: 1.1602048 | O85: 1.0967565 | P85: 1.048312 | Q85: 1
A86: Source: STN, SOF, IBGE e BCB
A87: Note: data subject to change
A88: 1/ The compilation of expenditure follows the COFOG - Classification of Functions of Government, developed by the OECD/ONU.
A89: 2/ Source: Accounting Balances Matrix, Siconfi (System of Financial and Accounting Information of the Brazilian Public Sector), RREO (Summarized Statement of Budgetary Execution) and Transparency Portals. For municipalities that did not report data, extrapolation techniques were used in order to increase coverage.
A90: 3/ Expenditure compiled on a accrual basis.
A91: 4/ Source: Central Bank of Brazil
A92: 5/ Pre-primary and primary education corresponds to the first 5 years of elementary school.

Sheet 1.5.b
A1: Table 1.5.b. Expenditure by Functions of Government1/ - General Government - Brazil - Yearly
A2: ='1.1.b'!A2 -> R$ Million - At Dec/2024 prices - IPCA
A4: General Government 2/ | C4: 2010 | D4: 2011 | E4: 2012 | F4: 2013 | G4: 2014 | H4: 2015 | I4: 2016 | J4: 2017 | K4: 2018 | L4: 2019 | M4: 2020 | N4: 2021 | O4: 2022 | P4: 2023 | Q4: 2024
A5: 7 | B5: Expenditure3/ | C5: ='1.5'!C5*'1.5.b'!C$85 -> 3411571.1 | D5: ='1.5'!D5*'1.5.b'!D$85 -> 3594050.5 | E5: ='1.5'!E5*'1.5.b'!E$85 -> 3730456.2 | F5: ='1.5'!F5*'1.5.b'!F$85 -> 3947075.8 | G5: ='1.5'!G5*'1.5.b'!G$85 -> 4187015.4 | H5: ='1.5'!H5*'1.5.b'!H$85 -> 4376613.9 | I5: ='1.5'!I5*'1.5.b'!I$85 -> 4241428.2 | J5: ='1.5'!J5*'1.5.b'!J$85 -> 4213095.3 | ... Q5: ='1.5'!Q5*'1.5.b'!Q$85 -> 5377520.6
A6: 701 | B6: General public services | C6: ='1.5'!C6*'1.5.b'!C$85 -> 876533.28 | D6: ='1.5'!D6*'1.5.b'!D$85 -> 961356.34 | E6: ='1.5'!E6*'1.5.b'!E$85 -> 938080.33 | F6: ='1.5'!F6*'1.5.b'!F$85 -> 967778.4 | G6: ='1.5'!G6*'1.5.b'!G$85 -> 1038735.7 | H6: ='1.5'!H6*'1.5.b'!H$85 -> 1398950.8 | I6: ='1.5'!I6*'1.5.b'!I$85 -> 1185641.6 | J6: ='1.5'!J6*'1.5.b'!J$85 -> 1105009.9 | ... Q6: ='1.5'!Q6*'1.5.b'!Q$85 -> 1301579.6
A7: 7011 | B7: Executive and legislative organs, financial and fiscal affairs, external affairs | C7: ='1.5'!C7*'1.5.b'!C$85 -> 174456.05 | D7: ='1.5'!D7*'1.5.b'!D$85 -> 172745.26 | E7: ='1.5'!E7*'1.5.b'!E$85 -> 184362.46 | F7: ='1.5'!F7*'1.5.b'!F$85 -> 184985.93 | G7: ='1.5'!G7*'1.5.b'!G$85 -> 184282.64 | H7: ='1.5'!H7*'1.5.b'!H$85 -> 181803.56 | I7: ='1.5'!I7*'1.5.b'!I$85 -> 174815.71 | J7: ='1.5'!J7*'1.5.b'!J$85 -> 170935.31 | ... Q7: ='1.5'!Q7*'1.5.b'!Q$85 -> 206194.56
A8: 7012 | B8: Foreign economic aid | C8: ='1.5'!C8*'1.5.b'!C$85 -> 392.16752 | D8: ='1.5'!D8*'1.5.b'!D$85 -> 266.44239 | E8: ='1.5'!E8*'1.5.b'!E$85 -> 58.286428 | F8: ='1.5'!F8*'1.5.b'!F$85 -> 67.661346 | G8: ='1.5'!G8*'1.5.b'!G$85 -> 10.105144 | H8: ='1.5'!H8*'1.5.b'!H$85 -> 10.377684 | I8: ='1.5'!I8*'1.5.b'!I$85 -> 10.20984 | J8: ='1.5'!J8*'1.5.b'!J$85 -> 3.1450675 | ... Q8: ='1.5'!Q8*'1.5.b'!Q$85 -> 0
A9: 7013 | B9: General services | C9: ='1.5'!C9*'1.5.b'!C$85 -> 77129.767 | D9: ='1.5'!D9*'1.5.b'!D$85 -> 79040.338 | E9: ='1.5'!E9*'1.5.b'!E$85 -> 81472.163 | F9: ='1.5'!F9*'1.5.b'!F$85 -> 80587.732 | G9: ='1.5'!G9*'1.5.b'!G$85 -> 81595.303 | H9: ='1.5'!H9*'1.5.b'!H$85 -> 74946.576 | I9: ='1.5'!I9*'1.5.b'!I$85 -> 69833.29 | J9: ='1.5'!J9*'1.5.b'!J$85 -> 66728.78 | ... Q9: ='1.5'!Q9*'1.5.b'!Q$85 -> 101854.18
A10: 7014 | B10: Basic research | C10: ='1.5'!C10*'1.5.b'!C$85 -> 2463.9064 | D10: ='1.5'!D10*'1.5.b'!D$85 -> 2272.4667 | E10: ='1.5'!E10*'1.5.b'!E$85 -> 2922.1607 | F10: ='1.5'!F10*'1.5.b'!F$85 -> 2421.4872 | G10: ='1.5'!G10*'1.5.b'!G$85 -> 3337.1016 | H10: ='1.5'!H10*'1.5.b'!H$85 -> 2685.0896 | I10: ='1.5'!I10*'1.5.b'!I$85 -> 2497.0592 | J10: ='1.5'!J10*'1.5.b'!J$85 -> 2124.432 | ... Q10: ='1.5'!Q10*'1.5.b'!Q$85 -> 4546.4375
A11: 7015 | B11: R&D General public services | C11: ='1.5'!C11*'1.5.b'!C$85 -> 202.6515 | D11: ='1.5'!D11*'1.5.b'!D$85 -> 187.15382 | E11: ='1.5'!E11*'1.5.b'!E$85 -> 209.85624 | F11: ='1.5'!F11*'1.5.b'!F$85 -> 242.35341 | G11: ='1.5'!G11*'1.5.b'!G$85 -> 233.13883 | H11: ='1.5'!H11*'1.5.b'!H$85 -> 211.18393 | I11: ='1.5'!I11*'1.5.b'!I$85 -> 62.044935 | J11: ='1.5'!J11*'1.5.b'!J$85 -> 57.197338 | ... Q11: ='1.5'!Q11*'1.5.b'!Q$85 -> 56.483113
A12: 7016 | B12: General public services not elsewhere classified | C12: ='1.5'!C12*'1.5.b'!C$85 -> 10414.77 | D12: ='1.5'!D12*'1.5.b'!D$85 -> 8833.0965 | E12: ='1.5'!E12*'1.5.b'!E$85 -> 10024.529 | F12: ='1.5'!F12*'1.5.b'!F$85 -> 8759.6889 | G12: ='1.5'!G12*'1.5.b'!G$85 -> 9860.9002 | H12: ='1.5'!H12*'1.5.b'!H$85 -> 9456.5821 | I12: ='1.5'!I12*'1.5.b'!I$85 -> 10682.564 | J12: ='1.5'!J12*'1.5.b'!J$85 -> 9617.7952 | ... Q12: ='1.5'!Q12*'1.5.b'!Q$85 -> 16936.537
A13: 7017 | B13: Public debt transactions4/ | C13: ='1.5'!C13*'1.5.b'!C$85 -> 611473.96 | D13: ='1.5'!D13*'1.5.b'!D$85 -> 698011.58 | E13: ='1.5'!E13*'1.5.b'!E$85 -> 659030.88 | F13: ='1.5'!F13*'1.5.b'!F$85 -> 690713.54 | G13: ='1.5'!G13*'1.5.b'!G$85 -> 759416.49 | H13: ='1.5'!H13*'1.5.b'!H$85 -> 1129837.4 | I13: ='1.5'!I13*'1.5.b'!I$85 -> 927740.69 | J13: ='1.5'!J13*'1.5.b'!J$85 -> 855543.2 | ... Q13: ='1.5'!Q13*'1.5.b'!Q$85 -> 971991.43
A14: 7018 | B14: Transfers of general character between levels of government | C14: ='1.5'!C14*'1.5.b'!C$85 -> 0 | D14: ='1.5'!D14*'1.5.b'!D$85 -> 0 | E14: ='1.5'!E14*'1.5.b'!E$85 -> 0 | F14: ='1.5'!F14*'1.5.b'!F$85 -> 0 | G14: ='1.5'!G14*'1.5.b'!G$85 -> 0 | H14: ='1.5'!H14*'1.5.b'!H$85 -> 0 | I14: ='1.5'!I14*'1.5.b'!I$85 -> 0 | J14: ='1.5'!J14*'1.5.b'!J$85 -> 0 | ... Q14: ='1.5'!Q14*'1.5.b'!Q$85 -> 0
A15: 702 | B15: Defense | C15: ='1.5'!C15*'1.5.b'!C$85 -> 64667.525 | D15: ='1.5'!D15*'1.5.b'!D$85 -> 61469.847 | E15: ='1.5'!E15*'1.5.b'!E$85 -> 64958.331 | F15: ='1.5'!F15*'1.5.b'!F$85 -> 70816.286 | G15: ='1.5'!G15*'1.5.b'!G$85 -> 71762.699 | H15: ='1.5'!H15*'1.5.b'!H$85 -> 62757.011 | I15: ='1.5'!I15*'1.5.b'!I$85 -> 60543.473 | J15: ='1.5'!J15*'1.5.b'!J$85 -> 63852.382 | ... Q15: ='1.5'!Q15*'1.5.b'!Q$85 -> 59396.867
A16: 7021 | B16: Military defense | C16: ='1.5'!C16*'1.5.b'!C$85 -> 56289.476 | D16: ='1.5'!D16*'1.5.b'!D$85 -> 53965.98 | E16: ='1.5'!E16*'1.5.b'!E$85 -> 56176.774 | F16: ='1.5'!F16*'1.5.b'!F$85 -> 59696.719 | G16: ='1.5'!G16*'1.5.b'!G$85 -> 60854.413 | H16: ='1.5'!H16*'1.5.b'!H$85 -> 55219.425 | I16: ='1.5'!I16*'1.5.b'!I$85 -> 53741.682 | J16: ='1.5'!J16*'1.5.b'!J$85 -> 57029.901 | ... Q16: ='1.5'!Q16*'1.5.b'!Q$85 -> 51501.979
... A84: 7109 | B84: Social protection not elsewhere classified | C84: ='1.5'!C84*'1.5.b'!C$85 -> 48513.949 | D84: ='1.5'!D84*'1.5.b'!D$85 -> 49058.28 | E84: ='1.5'!E84*'1.5.b'!E$85 -> 47513.208 | F84: ='1.5'!F84*'1.5.b'!F$85 -> 48533.163 | G84: ='1.5'!G84*'1.5.b'!G$85 -> 51990.665 | H84: ='1.5'!H84*'1.5.b'!H$85 -> 50301.686 | I84: ='1.5'!I84*'1.5.b'!I$85 -> 51112.301 | J84: ='1.5'!J84*'1.5.b'!J$85 -> 51538.615 | ... Q84: ='1.5'!Q84*'1.5.b'!Q$85 -> 70895.765
A85: ='1.1.b'!A88 -> Deflator - IPCA base 2024 | C85: 2.2217598 | D85: 2.0860938 | E85: 1.9710143 | F85: 1.8610155 | G85: 1.7489519 | H85: 1.5802874 | I85: 1.4867977 | J85: 1.4442302 | K85: 1.3920884 | L85: 1.3346177 | M85: 1.2769328 | N85: 1.1602048 | O85: 1.0967565 | P85: 1.048312 | Q85: 1
A86: Source: STN, SOF, IBGE e BCB
A87: Note: data subject to change
A88: 1/ The compilation of expenditure follows the COFOG - Classification of Functions of Government, developed by the OECD/ONU.
A89: 2/ General Government is composed of central government (budgetary and extrabudgetary), state governments and municipalities.
A90: 3/ Expenditure compiled on a accrual basis.
A91: 4/ Source: Central Bank of Brazil
A92: 5/ Pre-primary and primary education corresponds to the first 5 years of elementary school.

Sheet 2.1
A1: Table 2.1. Expenditure by Functions of Government1/ - Cross-classification of expenditure by function and economic classifications - Consolidated Central Government - Brazil - Yearly
A2: R$ Million - Current Values
A5: Central Government 2/ | C5: 2010 | N5: 2011 | Y5: 2012 | AJ5: 2013 | AU5: 2014 | BF5: 2015 | BQ5: 2016 | CB5: 2017 | CM5: 2018 | CX5: 2019 | DI5: 2020 | DT5: 2021 | EE5: 2022 | EP5: 2023 | FA5: 2024
C6: 21 - Compensation of employees | F6: 22 - Use of goods and services | G6: 24 - Interest | H6: 25 - Subsidies | I6: 26 - Grants | J6: 27 - Social benefits | K6: 28 - Other expense | L6: 31 - Gross investment 3/ | M6: Expenditure | N6: 21 - Compensation of employees | Q6: 22 - Use of goods and services | R6: 24 - Interest | S6: 25 - Subsidies | T6: 26 - Grants | U6: 27 - Social benefits | V6: 28 - Other expense | W6: 31 - Gross investment 3/ | X6: Expenditure | Y6: 21 - Compensation of employees | AB6: 22 - Use of goods and services | AC6: 24 - Interest | AD6: 25 - Subsidies | AE6: 26 - Grants | AF6: 27 - Social benefits | AG6: 28 - Other expense | AH6: 31 - Gross investment 3/ | AI6: Expenditure | AJ6: 21 - Compensation of employees | AM6: 22 - Use of goods and services | AN6: 24 - Interest | AO6: 25 - Subsidies | AP6: 26 - Grants | AQ6: 27 - Social benefits | AR6: 28 - Other expense | AS6: 31 - Gross investment 3/ | AT6: Expenditure | AU6: 21 - Compensation of employees | AX6: 22 - Use of goods and services | AY6: 24 - Interest | AZ6: 25 - Subsidies | BA6: 26 - Grants | BB6: 27 - Social benefits | BC6: 28 - Other expense | BD6: 31 - Gross investment 3/ | BE6: Expenditure | BF6: 21 - Compensation of employees | BI6: 22 - Use of goods and services | BJ6: 24 - Interest | BK6: 25 - Subsidies | BL6: 26 - Grants | BM6: 27 - Social benefits | BN6: 28 - Other expense | BO6: 31 - Gross investment 3/ | BP6: Expenditure | BQ6: 21 - Compensation of employees | BT6: 22 - Use of goods and services | BU6: 24 - Interest | BV6: 25 - Subsidies | BW6: 26 - Grants | BX6: 27 - Social benefits | BY6: 28 - Other expense | BZ6: 31 - Gross investment 3/ | CA6: Expenditure | CB6: 21 - Compensation of employees | CE6: 22 - Use of goods and services | CF6: 24 - Interest | CG6: 25 - Subsidies | CH6: 26 - Grants | CI6: 27 - Social benefits | CJ6: 28 - Other expense | CK6: 31 - Gross investment 3/ | CL6: Expenditure | CM6: 21 - Compensation of employees | CP6: 22 - Use of goods and services | CQ6: 24 - Interest | CR6: 25 - Subsidies | CS6: 26 - Grants | CT6: 27 - Social benefits | CU6: 28 - Other expense | CV6: 31 - Gross investment 3/ | CW6: Expenditure | CX6: 21 - Compensation of employees | DA6: 22 - Use of goods and services | DB6: 24 - Interest | DC6: 25 - Subsidies | DD6: 26 - Grants | DE6: 27 - Social benefits | DF6: 28 - Other expense | DG6: 31 - Gross investment 3/ | DH6: Expenditure | DI6: 21 - Compensation of employees | DL6: 22 - Use of goods and services | DM6: 24 - Interest | DN6: 25 - Subsidies | DO6: 26 - Grants | DP6: 27 - Social benefits | DQ6: 28 - Other expense | DR6: 31 - Gross investment 3/ | DS6: Expenditure | DT6: 21 - Compensation of employees | DW6: 22 - Use of goods and services | DX6: 24 - Interest | DY6: 25 - Subsidies | DZ6: 26 - Grants | EA6: 27 - Social benefits | EB6: 28 - Other expense | EC6: 31 - Gross investment 3/ | ED6: Expenditure | EE6: 21 - Compensation of employees | EH6: 22 - Use of goods and services | EI6: 24 - Interest | EJ6: 25 - Subsidies | EK6: 26 - Grants | EL6: 27 - Social benefits | EM6: 28 - Other expense | EN6: 31 - Gross investment 3/ | EO6: Expenditure | EP6: 22 - Compensation of employees | ES6: 23 - Use of goods and services | ET6: 25 - Interest | EU6: 26 - Subsidies | EV6: 27 - Grants | EW6: 28 - Social benefits | EX6: 29 - Other expense | EY6: 32 - Gross investment 3/ | EZ6: Expenditure | FA6: 23 - Compensation of employees | FD6: 24 - Use of goods and services | FE6: 26 - Interest | FF6: 27 - Subsidies | FG6: 28 - Grants | FH6: 29 - Social benefits | FI6: 30 - Other expense | FJ6: 33 - Gross investment 3/ | FK6: Expenditure
C7: 211 - Wages and salaries | D7: 2121 - Actual employers’social contributions | E7: 2122 - Imputed employers’social contributions | N7: 211 - Wages and salaries | O7: 2121 - Actual employers’social contributions | P7: 2122 - Imputed employers’social contributions | Y7: 211 - Wages and salaries | Z7: 2121 - Actual employers’social contributions | AA7: 2122 - Imputed employers’social contributions | AJ7: 211 - Wages and salaries | AK7: 2121 - Actual employers’social contributions | AL7: 2122 - Imputed employers’social contributions | AU7: 211 - Wages and salaries | AV7: 2121 - Actual employers’social contributions | AW7: 2122 - Imputed employers’social contributions | BF7: 211 - Wages and salaries | BG7: 2121 - Actual employers’social contributions | BH7: 2122 - Imputed employers’social contributions | BQ7: 211 - Wages and salaries | BR7: 2121 - Actual employers’social contributions | BS7: 2122 - Imputed employers’social contributions | CB7: 211 - Wages and salaries | CC7: 2121 - Actual employers’social contributions | CD7: 2122 - Imputed employers’social contributions | CM7: 211 - Wages and salaries | CN7: 2121 - Actual employers’social contributions | CO7: 2122 - Imputed employers’social contributions | CX7: 211 - Wages and salaries | CY7: 2121 - Actual employers’social contributions | CZ7: 2122 - Imputed employers’social contributions | DI7: 211 - Wages and salaries | DJ7: 2121 - Actual employers’social contributions | DK7: 2122 - Imputed employers’social contributions | DT7: 211 - Wages and salaries | DU7: 2121 - Actual employers’social contributions | DV7: 2122 - Imputed employers’social contributions | EE7: 211 - Wages and salaries | EF7: 2121 - Actual employers’social contributions | EG7: 2122 - Imputed employers’social contributions | EP7: 212 - Wages and salaries | EQ7: 2122 - Actual employers’social contributions | ER7: 2123 - Imputed employers’social contributions | FA7: 213 - Wages and salaries | FB7: 2123 - Actual employers’social contributions | FC7: 2124 - Imputed employers’social contributions
A8: 7 | B8: Expenditure4/ | C8: 97902.407 | D8: 14093.4 | E8: 0 | F8: 36460.138 | G8: 273807.33 | H8: 6154.8544 | I8: 240555.45 | J8: 392675.02 | K8: 10526.399 | L8: 31044.3 | M8: 1103219.3 | N8: 105567.01 | O8: 14917.005 | P8: 0 | Q8: 38170.134 | R8: 332233.36 | S8: 11891.813 | T8: 276205.29 | U8: 435673.07 | V8: 19969.769 | W8: 22497.188 | X8: 1257124.6 | Y8: 109926.07 | Z8: 15274.515 | AA8: 0 | AB8: 41153.924 | AC8: 331572.55 | AD8: 14418.922 | AE8: 307002.85 | AF8: 490491.93 | AG8: 25786.839 | AH8: 23492.843 | AI8: 1359120.4 | AJ8: 121199.46 | AK8: 16868.058 | AL8: 0 | AM8: 46546.892 | AN8: 366255.61 | AO8: 25017.518 | AP8: 319075.45 | AQ8: 551846.61 | AR8: 31830.081 | AS8: 30117.691 | AT8: 1508757.4 | AU8: 130990.41 | AV8: 18327.451 | AW8: 0 | AX8: 50731.39 | AY8: 426152.3 | AZ8: 29775.226 | BA8: 353966.83 | BB8: 619785.01 | BC8: 37515.396 | BD8: 32985.152 | BE8: 1700229.2 | BF8: 147452.09 | BG8: 20119.166 | BH8: 0 | BI8: 53408.025 | BJ8: 700466.92 | BK8: 24649.053 | BL8: 361232.28 | BM8: 667437.82 | BN8: 32901.099 | BO8: 22017.355 | BP8: 2029683.8 | BQ8: 152292.97 | BR8: 21122.763 | BS8: 0 | BT8: 56720.687 | BU8: 606953.2 | BV8: 27187.651 | BW8: 405555.94 | BX8: 760735.89 | BY8: 33478.425 | BZ8: 20111.415 | CA8: 2084158.9 | CB8: 164464.53 | CC8: 23161.413 | CD8: 0 | CE8: 53872.083 | CF8: 576824.51 | CG8: 21951.576 | CH8: 403197.58 | CI8: 828294.49 | CJ8: 26161.273 | CK8: 15734.507 | CL8: 2113662 | CM8: 170103.41 | CN8: 23649.475 | CO8: 0 | CP8: 57841.306 | CQ8: 603109.17 | CR8: 23700.684 | CS8: 447572.77 | CT8: 864691.13 | CU8: 32755.089 | CV8: 22986.139 | CW8: 2246409.2 | CX8: 176562.56 | CY8: 23701.533 | CZ8: 0 | DA8: 57376.365 | DB8: 517545.24 | DC8: 16433.472 | DD8: 481737.09 | DE8: 922168.23 | DF8: 68293.857 | DG8: 18035.514 | DH8: 2281853.9 | DI8: 177048.07 | DJ8: 26827.522 | DK8: 0 | DL8: 59276.734 | DM8: 430625.76 | DN8: 11285.748 | DO8: 586369.6 | DP8: 1293360 | DQ8: 34127.162 | DR8: 17054.524 | DS8: 2635975.1 | DT8: 181863.64 | DU8: 27502.101 | DV8: 0 | DW8: 63435.65 | DX8: 601818 | DY8: 12234.308 | DZ8: 597579.15 | EA8: 1078028.8 | EB8: 53417.366 | EC8: 13795.156 | ED8: 2629674.2 | EE8: 187053.25 | EF8: 27368.584 | EG8: 0 | EH8: 67997.759 | EI8: 784583.52 | EJ8: 17670.149 | EK8: 792930.4 | EL8: 1221397.6 | EM8: 47170.356 | EN8: 20089.449 | EO8: 3166261 | EP8: 204884.68 | EQ8: 28488.182 | ER8: 0 | ES8: 85487.697 | ET8: 856763.91 | EU8: 17281.893 | EV8: 808180.62 | EW8: 1401898.8 | EX8: 100671.58 | EY8: 26182.274 | EZ8: 3529839.6 | FA8: 210825.48 | FB8: 29950.297 | FC8: 0 | FD8: 82273.587 | FE8: 937681.49 | FF8: 17270.679 | FG8: 923695.98 | FH8: 1478223.6 | FI8: 76751.102 | FJ8: 29406.29 | FK8: 3786078.5
A9: 701 | B9: General public services | C9: 22325.788 | D9: 3324.4035 | E9: 0 | F9: 5635.8696 | G9: 273807.33 | H9: 1.525 | I9: 128538.47 | J9: 1645.6852 | K9: 877.9915 | L9: 1142.6867 | M9: 437299.75 | N9: 23409.481 | O9: 3341.0431 | P9: 0 | Q9: 5304.3212 | R9: 332233.36 | S9: 0.5 | T9: 152859.45 | U9: 1753.0667 | V9: 1088.3442 | W9: 1018.3297 | X9: 521007.89 | Y9: 22909.913 | Z9: 3264.7002 | AA9: 0 | AB9: 5698.1029 | AC9: 331572.55 | AD9: 0 | AE9: 165170.76 | AF9: 2291.3974 | AG9: 1184.8953 | AH9: 767.11983 | AI9: 532859.45 | AJ9: 21882.841 | AK9: 3176.9529 | AL9: 0 | AM9: 6697.9399 | AN9: 366255.61 | AO9: 7.1015e-05 | AP9: 178126.09 | AQ9: 2523.5757 | AR9: 1219.8528 | AS9: 794.65517 | AT9: 580677.52 | AU9: 20526.312 | AV9: 3226.4854 | AW9: 0 | AX9: 7811.112 | AY9: 426152.3 | AZ9: 0.003113313 | BA9: 197822.19 | BB9: 3811.0355 | BC9: 1749.5451 | BD9: 885.78132 | BE9: 661984.76 | BF9: 22544.715 | BG9: 3389.5597 | BH9: 0 | BI9: 8579.7297 | BJ9: 700466.92 | BK9: 0 | BL9: 202977.71 | BM9: 6401.6095 | BN9: 2160.8172 | BO9: 1120.7611 | BP9: 947641.82 | BQ9: 22940.486 | BR9: 3385.4675 | BS9: 0 | BT9: 10580.259 | BU9: 606953.2 | BV9: 0 | BW9: 228088.34 | BX9: 7302.9769 | BY9: 2259.8386 | BZ9: 1074.0043 | CA9: 882584.58 | CB9: 25306.729 | CC9: 3677.845 | CD9: 0 | CE9: 8976.0648 | CF9: 576824.51 | CG9: 0 | CH9: 231403.54 | CI9: 7776.9677 | CJ9: 1812.2103 | CK9: 821.29725 | CL9: 856599.17 | CM9: 25942.737 | CN9: 3690.7074 | CO9: 0 | CP9: 10509.44 | CQ9: 603109.17 | CR9: 0 | CS9: 262353.35 | CT9: 9685.9476 | CU9: 4011.6442 | CV9: 860.71355 | CW9: 920163.71 | CX9: 28025.968 | CY9: 3880.4564 | CZ9: 0 | DA9: 10084.595 | DB9: 517545.24 | DC9: 0.35978581 | DD9: 290433.13 | DE9: 9041.8644 | DF9: 2938.2371 | DG9: 774.2664 | DH9: 862724.12 | DI9: 27692.2 | DJ9: 4632.6553 | DK9: 0 | DL9: 10232.067 | DM9: 430625.76 | DN9: 0.68173176 | DO9: 354356.5 | DP9: 16804.887 | DQ9: 4083.0407 | DR9: 542.12224 | DS9: 848969.92 | DT9: 28749.475 | DU9: 4713.5157 | DV9: 0 | DW9: 10387.675 | DX9: 601818 | DY9: 0 | DZ9: 364437.72 | EA9: 12033.014 | EB9: 2824.1585 | EC9: 472.81411 | ED9: 1025436.4 | EE9: 29495.562 | EF9: 4261.7977 | EG9: 0 | EH9: 12825.639 | EI9: 784583.52 | EJ9: 0 | EK9: 521106.53 | EL9: 5538.1568 | EM9: 7841.001 | EN9: 1574.6173 | EO9: 1367226.8 | EP9: 35215.902 | EQ9: 4216.835 | ER9: 0 | ES9: 25555.238 | ET9: 856763.91 | EU9: 0 | EV9: 489546.99 | EW9: 852.35527 | EX9: 39194.102 | EY9: 2055.0836 | EZ9: 1453400.4 | FA9: 28437.147 | FB9: 4629.2363 | FC9: 0 | FD9: 15101.437 | FE9: 937681.49 | FF9: 0.002441547 | FG9: 549607.41 | FH9: 1384.477 | FI9: 16025.659 | FJ9: 1529.238 | FK9: 1554396.1
A10: 7011 | B10: Executive and legislative organs, financial and fiscal affairs, external affairs | C10: 17629.861 | D10: 2630.6404 | E10: 0 | F10: 3982.6957 | G10: 0 | H10: 1.525 | I10: 482.42903 | J10: 1578.7361 | K10: 165.4579 | L10: 323.77358 | M10: 26795.118 | N10: 19577.002 | O10: 2773.463 | P10: 0 | Q10: 3931.6556 | R10: 0 | S10: 0.5 | T10: 552.96916 | U10: 1726.8365 | V10: 272.07315 | W10: 489.13049 | X10: 29323.63 | Y10: 18556.656 | Z10: 2686.4351 | AA10: 0 | AB10: 4017.156 | AC10: 0 | AD10: 0 | AE10: 555.68145 | AF10: 2230.9002 | AG10: 196.9569 | AH10: 302.22896 | AI10: 28546.015 | AJ10: 17572.653 | AK10: 2544.528 | AL10: 0 | AM10: 5305.0305 | AN10: 0 | AO10: 7.1015e-05 | AP10: 577.62951 | AQ10: 2493.6915 | AR10: 238.32351 | AS10: 471.3204 | AT10: 29203.177 | AU10: 15907.831 | AV10: 2569.6245 | AW10: 0 | AX10: 5949.8137 | AY10: 0 | AZ10: 0.003113313 | BA10: 446.99172 | BB10: 3704.7934 | BC10: 320.49543 | BD10: 558.44369 | BE10: 29457.997 | BF10: 17874.715 | BG10: 2702.6074 | BH10: 0 | BI10: 6950.4171 | BJ10: 0 | BK10: 0 | BL10: 424.63648 | BM10: 6370.0556 | BN10: 538.82897 | BO10: 625.14309 | BP10: 35486.403 | BQ10: 17802.042 | BR10: 2666.7555 | BS10: 0 | BT10: 8670.2476 | BU10: 0 | BV10: 0 | BW10: 1905.3278 | BX10: 7225.5965 | BY10: 322.75434 | BZ10: 552.07879 | CA10: 39144.802 | CB10: 19848.655 | CC10: 2864.366 | CD10: 0 | CE10: 7337.1986 | CF10: 0 | CG10: 0 | CH10: 772.20555 | CI10: 7737.6252 | CJ10: 134.59469 | CK10: 451.71155 | CL10: 39146.357 | CM10: 20032.231 | CN10: 2838.4135 | CO10: 0 | CP10: 8498.0733 | CQ10: 0 | CR10: 0 | CS10: 1345.0338 | CT10: 9551.8061 | CU10: 517.91289 | CV10: 469.89959 | CW10: 43253.37 | CX10: 22291.002 | CY10: 3048.2963 | CZ10: 0 | DA10: 8369.2632 | DB10: 0 | DC10: 0 | DD10: 1411.662 | DE10: 9004.7289 | DF10: 1022.8797 | DG10: 473.83611 | DH10: 45621.668 | DI10: 21941.846 | DJ10: 3647.99 | DK10: 0 | DL10: 8701.0451 | DM10: 0 | DN10: 0.000755574 | DO10: 881.4579 | DP10: 16689.226 | DQ10: 231.71954 | DR10: 105.0738 | DS10: 52198.359 | DT10: 23073.067 | DU10: 3702.6342 | DV10: 0 | DW10: 8968.8856 | DX10: 0 | DY10: 0 | DZ10: 2170.8371 | EA10: 11996.006 | EB10: 707.0399 | EC10: 106.40616 | ED10: 50724.876 | EE10: 22083.55 | EF10: 3073.3988 | EG10: 0 | EH10: 10412.151 | EI10: 0 | EJ10: 0 | EK10: 25233.918 | EL10: 5303.2609 | EM10: 193.92773 | EN10: 150.65974 | EO10: 66450.865 | EP10: 26376.219 | EQ10: 2876.0335 | ER10: 0 | ES10: 23161.804 | ET10: 0 | EU10: 0 | EV10: 3957.6394 | EW10: 806.85608 | EX10: 36076.937 | EY10: 614.36015 | EZ10: 93869.849 | FA10: 19968.603 | FB10: 3394.4002 | FC10: 0 | FD10: 11798.079 | FE10: 0 | FF10: 0.002441547 | FG10: 1376.4473 | FH10: 1179.5733 | FI10: 6997.001 | FJ10: 502.45568 | FK10: 45216.562
A11: 7012 | B11: Foreign economic aid | C11: 0 | D11: 0 | E11: 0 | F11: 2.659436 | G11: 0 | H11: 0 | I11: 164.08292 | J11: 0 | K11: 3.1673104 | L11: 0 | M11: 169.90967 | N11: 0 | O11: 0 | P11: 0 | Q11: 16.950268 | R11: 0 | S11: 0 | T11: 104.6865 | U11: 0 | V11: 0.5430244 | W11: 0 | X11: 122.17979 | Y11: 0 | Z11: 0 | AA11: 0 | AB11: 1.1019159 | AC11: 0 | AD11: 0 | AE11: 22.283869 | AF11: 0 | AG11: 0.20435 | AH11: 0 | AI11: 23.590135 | AJ11: 0 | AK11: 0 | AL11: 0 | AM11: 0.43227255 | AN11: 0 | AO11: 0 | AP11: 30.069966 | AQ11: 0 | AR11: 0 | AS11: 0 | AT11: 30.502239 | AU11: 0 | AV11: 0 | AW11: 0 | AX11: 0.02 | AY11: 0 | AZ11: 0 | BA11: 0 | BB11: 0 | BC11: 0 | BD11: 0 | BE11: 0.02 | BF11: 0 | BG11: 0 | BH11: 0 | BI11: 0 | BJ11: 0 | BK11: 0 | BL11: 0 | BM11: 0 | BN11: 0 | BO11: 0 | BP11: 0 | BQ11: 0 | BR11: 0 | BS11: 0 | BT11: 0 | BU11: 0 | BV11: 0 | BW11: 0 | BX11: 0 | BY11: 0 | BZ11: 0 | CA11: 0 | CB11: 0 | CC11: 0 | CD11: 0 | CE11: 0 | CF11: 0 | CG11: 0 | CH11: 0 | CI11: 0 | CJ11: 0 | CK11: 0 | CL11: 0 | CM11: 0 | CN11: 0 | CO11: 0 | CP11: 0 | CQ11: 0 | CR11: 0 | CS11: 0 | CT11: 0 | CU11: 0 | CV11: 0 | CW11: 0 | CX11: 0 | CY11: 0 | CZ11: 0 | DA11: 0 | DB11: 0 | DC11: 0 | DD11: 0 | DE11: 0 | DF11: 0 | DG11: 0 | DH11: 0 | DI11: 0 | DJ11: 0 | DK11: 0 | DL11: 0 | DM11: 0 | DN11: 0 | DO11: 0 | DP11: 0 | DQ11: 0 | DR11: 0 | DS11: 0 | DT11: 0 | DU11: 0 | DV11: 0 | DW11: 0 | DX11: 0 | DY11: 0 | DZ11: 0 | EA11: 0 | EB11: 0 | EC11: 0 | ED11: 0 | EE11: 0 | EF11: 0 | EG11: 0 | EH11: 0 | EI11: 0 | EJ11: 0 | EK11: 0 | EL11: 0 | EM11: 0 | EN11: 0 | EO11: 0 | EP11: 0 | EQ11: 0 | ER11: 0 | ES11: 0 | ET11: 0 | EU11: 0 | EV11: 0 | EW11: 0 | EX11: 0 | EY11: 0 | EZ11: 0 | FA11: 0 | FB11: 0 | FC11: 0 | FD11: 0 | FE11: 0 | FF11: 0 | FG11: 0 | FH11: 0 | FI11: 0 | FJ11: 0 | FK11: 0
A12: 7013 | B12: General services | C12: 1672.3646 | D12: 297.30328 | E12: 0 | F12: 816.83792 | G12: 0 | H12: 0 | I12: 10.737415 | J12: 5.209758 | K12: 33.801209 | L12: 192.68895 | M12: 3028.9431 | N12: 950.24313 | O12: 167.40535 | P12: 0 | Q12: 659.46591 | R12: 0 | S12: 0 | T12: 2.5736766 | U12: 4.7764015 | V12: 40.153846 | W12: 72.023895 | X12: 1896.6422 | Y12: 961.90653 | Z12: 157.78766 | AA12: 0 | AB12: 667.9849 | AC12: 0 | AD12: 0 | AE12: 3.0117257 | AF12: 2.7834911 | AG12: 38.957476 | AH12: 40.908096 | AI12: 1873.3399 | AJ12: 1068.2501 | AK12: 177.64078 | AL12: 0 | AM12: 631.09217 | AN12: 0 | AO12: 0 | AP12: 4.9242371 | AQ12: 2.2821119 | AR12: 38.28179 | AS12: 46.046656 | AT12: 1968.5178 | AU12: 1075.8833 | AV12: 177.29285 | AW12: 0 | AX12: 549.71333 | AY12: 0 | AZ12: 0 | BA12: 1.7753251 | BB12: 1.9642563 | BC12: 36.84466 | BD12: 26.175827 | BE12: 1869.6495 | BF12: 1117.9376 | BG12: 178.42362 | BH12: 0 | BI12: 555.39664 | BJ12: 0 | BK12: 0 | BL12: 1.7102694 | BM12: 2.9816982 | BN12: 17.086905 | BO12: 65.984564 | BP12: 1939.5213 | BQ12: 1111.933 | BR12: 174.31073 | BS12: 0 | BT12: 572.48196 | BU12: 0 | BV12: 0 | BW12: 1.0343204 | BX12: 4.5946324 | BY12: 17.412779 | BZ12: 38.070263 | CA12: 1919.8377 | CB12: 1330.9154 | CC12: 213.39724 | CD12: 0 | CE12: 594.46689 | CF12: 0 | CG12: 0 | CH12: 3.4373036 | CI12: 7.5713949 | CJ12: 33.529103 | CK12: 144.20427 | CL12: 2327.5216 | CM12: 1455.2423 | CN12: 221.86689 | CO12: 0 | CP12: 669.92079 | CQ12: 0 | CR12: 0 | CS12: 5.0962185 | CT12: 5.0379342 | CU12: 21.212921 | CV12: 83.714099 | CW12: 2462.0912 | CX12: 1124.7301 | CY12: 163.9976 | CZ12: 0 | DA12: 654.29477 | DB12: 0 | DC12: 0 | DD12: 3.7521686 | DE12: 5.0529781 | DF12: 10.227188 | DG12: 67.817803 | DH12: 2029.8726 | DI12: 1124.8459 | DJ12: 192.30662 | DK12: 0 | DL12: 430.11498 | DM12: 0 | DN12: 0 | DO12: 4.9150854 | DP12: 3.0609191 | DQ12: 10.365405 | DR12: 208.01613 | DS12: 1973.625 | DT12: 1124.9085 | DU12: 195.97564 | DV12: 0 | DW12: 436.18926 | DX12: 0 | DY12: 0 | DZ12: 25.496943 | EA12: 3.3967421 | EB12: 4.2190589 | EC12: 155.93994 | ED12: 1946.1261 | EE12: 2178.7587 | EF12: 375.21805 | EG12: 0 | EH12: 811.56368 | EI12: 0 | EJ12: 0 | EK12: 23.178269 | EL12: 3.0125686 | EM12: 7.0160823 | EN12: 102.48513 | EO12: 3501.2325 | EP12: 3367.5429 | EQ12: 524.136 | ER12: 0 | ES12: 1154.6397 | ET12: 0 | EU12: 0 | EV12: 54.66777 | EW12: 6.8339114 | EX12: 43.370241 | EY12: -63.798813 | EZ12: 5087.3917 | FA12: 2404.3514 | FB12: 360.60291 | FC12: 0 | FD12: 1424.0673 | FE12: 0 | FF12: 0 | FG12: 16.675817 | FH12: 7.2765789 | FI12: 7.9365903 | FJ12: 74.408943 | FK12: 4295.3195
A13: 7014 | B13: Basic research | C13: 307.32465 | D13: 15.451192 | E13: 0 | F13: 132.1333 | G13: 0 | H13: 0 | I13: 127.4347 | J13: 0.066800929 | K13: 457.50154 | L13: 131.48068 | M13: 1171.3929 | N13: 339.5243 | O13: 14.880473 | P13: 0 | Q13: 126.07127 | R13: 0 | S13: 0 | T13: 42.198511 | U13: 0.068389796 | V13: 452.73411 | W13: 133.54037 | X13: 1109.0174 | Y13: 508.17272 | Z13: 15.349414 | AA13: 0 | AB13: 121.43324 | AC13: 0 | AD13: 0 | AE13: 53.177832 | AF13: 0.074547533 | AG13: 588.34604 | AH13: 162.28795 | AI13: 1448.8417 | AJ13: 439.63751 | AK13: 17.208182 | AL13: 0 | AM13: 123.6465 | AN13: 0 | AO13: 0 | AP13: 71.111596 | AQ13: 1.8652283 | AR13: 573.89041 | AS13: 105.80079 | AT13: 1333.1602 | AU13: 353.89265 | AV13: 17.037608 | AW13: 0 | AX13: 339.67187 | AY13: 0 | AZ13: 0 | BA13: 65.496531 | BB13: 0.060752348 | BC13: 1007.7912 | BD13: 77.320968 | BE13: 1861.2716 | BF13: 375.82177 | BG13: 17.22606 | BH13: 0 | BI13: 306.95708 | BJ13: 0 | BK13: 0 | BL13: 54.062222 | BM13: 0.059362111 | BN13: 723.54894 | BO13: 138.03657 | BP13: 1615.712 | BQ13: 320.94097 | BR13: 16.400094 | BS13: 0 | BT13: 129.17186 | BU13: 0 | BV13: 0 | BW13: 56.229723 | BX13: 0.20656611 | BY13: 1102.1542 | BZ13: 32.686013 | CA13: 1657.7894 | CB13: 276.56968 | CC13: 16.053231 | CD13: 0 | CE13: 105.68127 | CF13: 0 | CG13: 0 | CH13: 20.51542 | CI13: 0.1861743 | CJ13: 906.32146 | CK13: 77.759477 | CL13: 1403.0867 | CM13: 240.09317 | CN13: 14.586364 | CO13: 0 | CP13: 112.57654 | CQ13: 0 | CR13: 0 | CS13: 25.16318 | CT13: 0.18365169 | CU13: 855.9523 | CV13: 50.97358 | CW13: 1299.5288 | CX13: 228.15438 | CY13: 13.173333 | CZ13: 0 | DA13: 113.74071 | DB13: 0 | DC13: 0.35978581 | DD13: 24.736684 | DE13: 0.17829372 | DF13: 967.62999 | DG13: 51.143065 | DH13: 1399.1162 | DI13: 146.91353 | DJ13: 14.281968 | DK13: 0 | DL13: 113.36114 | DM13: 0 | DN13: 0.68097619 | DO13: 18.247165 | DP13: 0.23419827 | DQ13: 838.46974 | DR13: 33.633038 | DS13: 1165.8217 | DT13: 110.53798 | DU13: 14.342624 | DV13: 0 | DW13: 143.36827 | DX13: 0 | DY13: 0 | DZ13: 18.133029 | EA13: 0.1366393 | EB13: 1126.1424 | EC13: 27.093087 | ED13: 1439.754 | EE13: 478.10434 | EF13: 13.714463 | EG13: 0 | EH13: 114.6928 | EI13: 0 | EJ13: 0 | EK13: 45.528124 | EL13: 0.11493078 | EM13: 1546.44 | EN13: 152.94678 | EO13: 2351.5415 | EP13: 638.20554 | EQ13: 13.376455 | ER13: 0 | ES13: 129.07331 | ET13: 0 | EU13: 0 | EV13: 49.626752 | EW13: 0.10882983 | EX13: 1900.7577 | EY13: 197.53832 | EZ13: 2928.6869 | FA13: 546.6569 | FB13: 13.927213 | FC13: 0 | FD13: 116.34027 | FE13: 0 | FF13: 0 | FG13: 34.202456 | FH13: 0.13988847 | FI13: 2768.2708 | FJ13: 104.58006 | FK13: 3584.1175
A14: 7015 | B14: R&D General public services | C14: 12.617344 | D14: 0.10221738 | E14: 0 | F14: 10.600612 | G14: 0 | H14: 0 | I14: 0.22644742 | J14: 0.013035633 | K14: 3.1046215 | L14: 3.0402002 | M14: 29.704478 | N14: 9.1833638 | O14: 0.077844355 | P14: 0 | Q14: 4.9381545 | R14: 0 | S14: 0 | T14: 0.25432675 | U14: 0.00018533566 | V14: 8.6601152 | W14: 0.60424636 | X14: 23.718236 | Y14: 15.410464 | Z14: 0.30816834 | AA14: 0 | AB14: 5.8357797 | AC14: 0 | AD14: 0 | AE14: 0.27409621 | AF14: 0.0033946016 | AG14: 3.1983051 | AH14: 2.793056 | AI14: 27.823264 | AJ14: 30.098168 | AK14: 9.1731677e-06 | AL14: 0 | AM14: 5.5673726 | AN14: 0 | AO14: 0 | AP14: 5.2823962 | AQ14: 0.034265908 | AR14: 1.3363473 | AS14: 3.6755767 | AT14: 45.994136 | AU14: 29.255084 | AV14: 1.812536e-05 | AW14: 0 | AX14: 6.2066393 | AY14: 0 | AZ14: 0 | BA14: 0.18951602 | BB14: 0.00061173582 | BC14: 1.478867 | BD14: 1.2252843 | BE14: 38.356021 | BF14: 42.371091 | BG14: 0 | BH14: 0 | BI14: 6.6250666 | BJ14: 0 | BK14: 0 | BL14: 0.081966942 | BM14: 2.6195616e-05 | BN14: 0.69779081 | BO14: 0.82398592 | BP14: 50.599927 | BQ14: 26.84568 | BR14: 4.3163104e-06 | BS14: 0 | BT14: 6.0660454 | BU14: 0 | BV14: 0 | BW14: 0.3660482 | BX14: 7.4799434e-05 | BY14: 0.086315513 | BZ14: 0.00296 | CA14: 33.367128 | CB14: 29.638125 | CC14: 8.9863079e-06 | CD14: 0 | CE14: 5.4504906 | CF14: 0 | CG14: 0 | CH14: 0.36221598 | CI14: 5.5714202e-05 | CJ14: 0.033189516 | CK14: 0.00998 | CL14: 35.494065 | CM14: 27.867213 | CN14: 0 | CO14: 0 | CP14: 1.5650819 | CQ14: 0 | CR14: 0 | CS14: 0.2519115 | CT14: 0.00027937183 | CU14: 0.76016741 | CV14: 1.87514 | CW14: 32.319793 | CX14: 24.604205 | CY14: 4.381572e-06 | CZ14: 0 | DA14: 0.76818869 | DB14: 0 | DC14: 0 | DD14: 0.16631238 | DE14: 3.4034505e-05 | DF14: 0.29558281 | DG14: 0 | DH14: 25.834328 | DI14: 21.505942 | DJ14: 2.3051311e-05 | DK14: 0 | DL14: 0.28952053 | DM14: 0 | DN14: 0 | DO14: 0.1106464 | DP14: 3.1688653e-05 | DQ14: 0.016868997 | DR14: 0 | DS14: 21.923033 | DT14: 22.420216 | DU14: 3.8234168e-05 | DV14: 0 | DW14: 0.31827787 | DX14: 0 | DY14: 0 | DZ14: 0 | EA14: 3.8793864e-05 | EB14: 0.021110616 | EC14: 0 | ED14: 22.759681 | EE14: 22.979741 | EF14: 4.4625324e-06 | EG14: 0 | EH14: 0.45286943 | EI14: 0 | EJ14: 0 | EK14: 0 | EL14: 6.4099444e-05 | EM14: 0.025723503 | EN14: 0 | EO14: 23.458403 | EP14: 30.9887 | EQ14: 1.7758838e-05 | ER14: 0 | ES14: 0.39529528 | ET14: 0 | EU14: 0 | EV14: 0.018184252 | EW14: 6.3920421e-05 | EX14: 0.024121595 | EY14: 0 | EZ14: 31.426383 | FA14: 33.902785 | FB14: 1.1331593e-05 | FC14: 0 | FD14: 0.34210753 | FE14: 0 | FF14: 0 | FG14: 0.00049698747 | FH14: 6.3841384e-05 | FI14: 2.0941878 | FJ14: 0 | FK14: 36.339652
A15: 7016 | B15: General public services not elsewhere classified | C15: 2703.6205 | D15: 380.90642 | E15: 0 | F15: 690.94266 | G15: 0 | H15: 0 | I15: 1.698613 | J15: 61.659553 | K15: 214.95892 | L15: 491.70325 | M15: 4545.4899 | N15: 2533.5286 | O15: 385.21641 | P15: 0 | Q15: 565.23999 | R15: 0 | S15: 0 | T15: 0.2 | U15: 21.385188 | V15: 314.18 | W15: 323.03066 | X15: 4142.7808 | Y15: 2867.7671 | Z15: 404.81991 | AA15: 0 | AB15: 884.59105 | AC15: 0 | AD15: 0 | AE15: 2.5552644 | AF15: 57.635858 | AG15: 357.23219 | AH15: 258.90176 | AI15: 4833.5032 | AJ15: 2772.2022 | AK15: 437.57588 | AL15: 0 | AM15: 632.17104 | AN15: 0 | AO15: 0 | AP15: 0 | AQ15: 25.702575 | AR15: 368.02078 | AS15: 167.81175 | AT15: 4403.4842 | AU15: 3159.4494 | AV15: 462.53046 | AW15: 0 | AX15: 965.68654 | AY15: 0 | AZ15: 0 | BA15: 1.9611123 | BB15: 104.21647 | BC15: 382.93492 | BD15: 222.61555 | BE15: 5299.3945 | BF15: 3133.8692 | BG15: 491.30261 | BH15: 0 | BI15: 760.3339 | BJ15: 0 | BK15: 0 | BL15: 2.1247068 | BM15: 28.512818 | BN15: 880.65463 | BO15: 290.77291 | BP15: 5587.5708 | BQ15: 3678.7245 | BR15: 528.00119 | BS15: 0 | BT15: 1202.292 | BU15: 0 | BV15: 0 | BW15: 1.0599477 | BX15: 72.579154 | BY15: 817.43102 | BZ15: 451.1663 | CA15: 6751.2541 | CB15: 3820.9507 | CC15: 584.02847 | CD15: 0 | CE15: 933.2675 | CF15: 0 | CG15: 0 | CH15: 0 | CI15: 31.58485 | CJ15: 737.73186 | CK15: 147.61197 | CL15: 6255.1753 | CM15: 4187.3034 | CN15: 615.84062 | CO15: 0 | CP15: 1227.3041 | CQ15: 0 | CR15: 0 | CS15: 5.8159594 | CT15: 128.91956 | CU15: 2615.8059 | CV15: 254.25114 | CW15: 9035.2407 | CX15: 4357.4769 | CY15: 654.98918 | CZ15: 0 | DA15: 946.52861 | DB15: 0 | DC15: 0 | DD15: 0.40307 | DE15: 31.904265 | DF15: 937.20458 | DG15: 181.46942 | DH15: 7109.9761 | DI15: 4457.0886 | DJ15: 778.0767 | DK15: 0 | DL15: 987.25579 | DM15: 0 | DN15: 0 | DO15: 4.2931058 | DP15: 112.36596 | DQ15: 3002.4691 | DR15: 195.39927 | DS15: 9536.9486 | DT15: 4418.5412 | DU15: 800.56329 | DV15: 0 | DW15: 838.914 | DX15: 0 | DY15: 0 | DZ15: 0.74827645 | EA15: 33.474444 | EB15: 986.73599 | EC15: 183.37493 | ED15: 7262.3522 | EE15: 4732.1697 | EF15: 799.46643 | EG15: 0 | EH15: 1486.7789 | EI15: 0 | EJ15: 0 | EK15: 1.7999845 | EL15: 231.76829 | EM15: 6093.5915 | EN15: 1168.5256 | EO15: 14514.1 | EP15: 4802.9455 | EQ15: 803.28907 | ER15: 0 | ES15: 1109.3266 | ET15: 0 | EU15: 0 | EV15: 0 | EW15: 38.556383 | EX15: 1173.0135 | EY15: 1306.9839 | EZ15: 9234.115 | FA15: 5483.6329 | FB15: 860.30605 | FC15: 0 | FD15: 1762.6075 | FE15: 0 | FF15: 0 | FG15: 3.6 | FH15: 197.48713 | FI15: 6250.3561 | FJ15: 847.79328 | FK15: 15405.783
A16: 7017 | B16: Public debt transactions5/ | C16: 0 | D16: 0 | E16: 0 | F16: 0 | G16: 273807.33 | H16: 0 | I16: 0 | J16: 0 | K16: 0 | L16: 0 | M16: 273807.33 | N16: 0 | O16: 0 | P16: 0 | Q16: 0 | R16: 332233.36 | S16: 0 | T16: 0 | U16: 0 | V16: 0 | W16: 0 | X16: 332233.36 | Y16: 0 | Z16: 0 | AA16: 0 | AB16: 0 | AC16: 331572.55 | AD16: 0 | AE16: 0 | AF16: 0 | AG16: 0 | AH16: 0 | AI16: 331572.55 | AJ16: 0 | AK16: 0 | AL16: 0 | AM16: 0 | AN16: 366255.61 | AO16: 0 | AP16: 0 | AQ16: 0 | AR16: 0 | AS16: 0 | AT16: 366255.61 | AU16: 0 | AV16: 0 | AW16: 0 | AX16: 0 | AY16: 426152.3 | AZ16: 0 | BA16: 0 | BB16: 0 | BC16: 0 | BD16: 0 | BE16: 426152.3 | BF16: 0 | BG16: 0 | BH16: 0 | BI16: 0 | BJ16: 700466.92 | BK16: 0 | BL16: 0 | BM16: 0 | BN16: 0 | BO16: 0 | BP16: 700466.92 | BQ16: 0 | BR16: 0 | BS16: 0 | BT16: 0 | BU16: 606953.2 | BV16: 0 | BW16: 0 | BX16: 0 | BY16: 0 | BZ16: 0 | CA16: 606953.2 | CB16: 0 | CC16: 0 | CD16: 0 | CE16: 0 | CF16: 576824.51 | CG16: 0 | CH16: 0 | CI16: 0 | CJ16: 0 | CK16: 0 | CL16: 576824.51 | CM16: 0 | CN16: 0 | CO16: 0 | CP16: 0 | CQ16: 603109.17 | CR16: 0 | CS16: 0 | CT16: 0 | CU16: 0 | CV16: 0 | CW16: 603109.17 | CX16: 0 | CY16: 0 | CZ16: 0 | DA16: 0 | DB16: 517545.24 | DC16: 0 | DD16: 0 | DE16: 0 | DF16: 0 | DG16: 0 | DH16: 517545.24 | DI16: 0 | DJ16: 0 | DK16: 0 | DL16: 0 | DM16: 430625.76 | DN16: 0 | DO16: 0 | DP16: 0 | DQ16: 0 | DR16: 0 | DS16: 430625.76 | DT16: 0 | DU16: 0 | DV16: 0 | DW16: 0 | DX16: 601818 | DY16: 0 | DZ16: 0 | EA16: 0 | EB16: 0 | EC16: 0 | ED16: 601818 | EE16: 0 | EF16: 0 | EG16: 0 | EH16: 0 | EI16: 784583.52 | EJ16: 0 | EK16: 0 | EL16: 0 | EM16: 0 | EN16: 0 | EO16: 784583.52 | EP16: 0 | EQ16: 0 | ER16: 0 | ES16: 0 | ET16: 856763.91 | EU16: 0 | EV16: 0 | EW16: 0 | EX16: 0 | EY16: 0 | EZ16: 856763.91 | FA16: 0 | FB16: 0 | FC16: 0 | FD16: 0 | FE16: 937681.49 | FF16: 0 | FG16: 0 | FH16: 0 | FI16: 0 | FJ16: 0 | FK16: 937681.49
A17: 7018 | B17: Transfers of general character between levels of government | C17: 0 | D17: 0 | E17: 0 | F17: 0 | G17: 0 | H17: 0 | I17: 127751.86 | J17: 0 | K17: 0 | L17: 0 | M17: 127751.86 | N17: 0 | O17: 0 | P17: 0 | Q17: 0 | R17: 0 | S17: 0 | T17: 152156.56 | U17: 0 | V17: 0 | W17: 0 | X17: 152156.56 | Y17: 0 | Z17: 0 | AA17: 0 | AB17: 0 | AC17: 0 | AD17: 0 | AE17: 164533.78 | AF17: 0 | AG17: 0 | AH17: 0 | AI17: 164533.78 | AJ17: 0 | AK17: 0 | AL17: 0 | AM17: 0 | AN17: 0 | AO17: 0 | AP17: 177437.07 | AQ17: 0 | AR17: 0 | AS17: 0 | AT17: 177437.07 | AU17: 0 | AV17: 0 | AW17: 0 | AX17: 0 | AY17: 0 | AZ17: 0 | BA17: 197305.77 | BB17: 0 | BC17: 0 | BD17: 0 | BE17: 197305.77 | BF17: 0 | BG17: 0 | BH17: 0 | BI17: 0 | BJ17: 0 | BK17: 0 | BL17: 202495.1 | BM17: 0 | BN17: 0 | BO17: 0 | BP17: 202495.1 | BQ17: 0 | BR17: 0 | BS17: 0 | BT17: 0 | BU17: 0 | BV17: 0 | BW17: 226124.32 | BX17: 0 | BY17: 0 | BZ17: 0 | CA17: 226124.32 | CB17: 0 | CC17: 0 | CD17: 0 | CE17: 0 | CF17: 0 | CG17: 0 | CH17: 230607.02 | CI17: 0 | CJ17: 0 | CK17: 0 | CL17: 230607.02 | CM17: 0 | CN17: 0 | CO17: 0 | CP17: 0 | CQ17: 0 | CR17: 0 | CS17: 260971.99 | CT17: 0 | CU17: 0 | CV17: 0 | CW17: 260971.99 | CX17: 0 | CY17: 0 | CZ17: 0 | DA17: 0 | DB17: 0 | DC17: 0 | DD17: 288992.41 | DE17: 0 | DF17: 0 | DG17: 0 | DH17: 288992.41 | DI17: 0 | DJ17: 0 | DK17: 0 | DL17: 0 | DM17: 0 | DN17: 0 | DO17: 353447.48 | DP17: 0 | DQ17: 0 | DR17: 0 | DS17: 353447.48 | DT17: 0 | DU17: 0 | DV17: 0 | DW17: 0 | DX17: 0 | DY17: 0 | DZ17: 362222.5 | EA17: 0 | EB17: 0 | EC17: 0 | ED17: 362222.5 | EE17: 0 | EF17: 0 | EG17: 0 | EH17: 0 | EI17: 0 | EJ17: 0 | EK17: 495802.11 | EL17: 0 | EM17: 0 | EN17: 0 | EO17: 495802.11 | EP17: 0 | EQ17: 0 | ER17: 0 | ES17: 0 | ET17: 0 | EU17: 0 | EV17: 485485.04 | EW17: 0 | EX17: 0 | EY17: 0 | EZ17: 485485.04 | FA17: 0 | FB17: 0 | FC17: 0 | FD17: 0 | FE17: 0 | FF17: 0 | FG17: 548176.49 | FH17: 0 | FI17: 0 | FJ17: 0 | FK17: 548176.49
A18: 702 | B18: Defense | C18: 16342.905 | D18: 293.18199 | E18: 0 | F18: 4474.9059 | G18: 0 | H18: 0 | I18: 1997.9599 | J18: 93.542515 | K18: 112.6464 | L18: 5864.2086 | M18: 29179.35 | N18: 17492.257 | O18: 306.03585 | P18: 0 | Q18: 4769.9728 | R18: 0 | S18: 0 | T18: 811.68441 | U18: 97.04901 | V18: 85.605585 | W18: 4755.023 | X18: 28317.628 | Y18: 17883.925 | Z18: 292.69475 | AA18: 0 | AB18: 5361.437 | AC18: 0 | AD18: 0.03298279 | AE18: 820.31926 | AF18: 542.56795 | AG18: 74.886547 | AH18: 6628.1743 | AI18: 31604.038 | AJ18: 19497.491 | AK18: 354.67558 | AL18: 0 | AM18: 6137.6855 | AN18: 0 | AO18: 0 | AP18: 1623.9992 | AQ18: 947.28305 | AR18: 108.03594 | AS18: 8608.3126 | AT18: 37277.482 | AU18: 21315.252 | AV18: 380.00074 | AW18: 0 | AX18: 6999.6945 | AY18: 0 | AZ18: 0 | BA18: 546.6564 | BB18: 651.63201 | BC18: 89.415689 | BD18: 8911.543 | BE18: 38894.195 | BF18: 24007.861 | BG18: 410.9624 | BH18: 0 | BI18: 6555.3021 | BJ18: 0 | BK18: 0 | BL18: 427.34344 | BM18: 68.220282 | BN18: 98.925617 | BO18: 6175.2957 | BP18: 37743.91 | BQ18: 24988.131 | BR18: 422.40957 | BS18: 0 | BT18: 6257.8885 | BU18: 0 | BV18: 0 | BW18: 444.98524 | BX18: 294.31673 | BY18: 58.511703 | BZ18: 6502.9074 | CA18: 38969.15 | CB18: 27185.307 | CC18: 448.05654 | CD18: 0 | CE18: 6911.2235 | CF18: 0 | CG18: 0 | CH18: 473.96686 | CI18: 303.75753 | CJ18: 55.361983 | CK18: 7046.7144 | CL18: 42424.388 | CM18: 28992.551 | CN18: 431.47014 | CO18: 0 | CP18: 6993.4609 | CQ18: 0 | CR18: 0 | CS18: 537.08164 | CT18: 378.87598 | CU18: 161.05247 | CV18: 7481.4523 | CW18: 44975.944 | CX18: 30668.565 | CY18: 425.21783 | CZ18: 0 | DA18: 7007.3003 | DB18: 0 | DC18: 0 | DD18: 387.42553 | DE18: 393.15393 | DF18: 177.5411 | DG18: 6693.4946 | DH18: 45752.698 | DI18: 34389.417 | DJ18: 420.25151 | DK18: 0 | DL18: 7072.381 | DM18: 0 | DN18: 0.00407993 | DO18: 612.32476 | DP18: 390.3935 | DQ18: 168.98521 | DR18: 6618.7597 | DS18: 49672.516 | DT18: 35022.543 | DU18: 409.36997 | DV18: 0 | DW18: 6894.2335 | DX18: 0 | DY18: 0.00716814 | DZ18: 393.27085 | EA18: 389.11872 | EB18: 167.98162 | EC18: 6000.5237 | ED18: 49277.048 | EE18: 35742.454 | EF18: 416.67658 | EG18: 0 | EH18: 7783.9363 | EI18: 0 | EJ18: 0 | EK18: 606.41191 | EL18: 378.05853 | EM18: 186.99826 | EN18: 6469.2247 | EO18: 51583.76 | EP18: 36204.671 | EQ18: 433.88166 | ER18: 0 | ES18: 7753.461 | ET18: 0 | EU18: 0 | EV18: 793.80894 | EW18: 361.03018 | EX18: 236.63475 | EY18: 6542.4749 | EZ18: 52325.963 | FA18: 36939.197 | FB18: 441.46977 | FC18: 0 | FD18: 8636.635 | FE18: 0 | FF18: 0 | FG18: 1762.2638 | FH18: 427.40279 | FI18: 262.12469 | FJ18: 7376.1757 | FK18: 55845.269
